 Dungeon Crawl Stone Soup version 0.31.0-11-ge490571c62 (webtiles) character file.

Game seed: 12396620613921230670

112 qw the Skirmisher (level 4, 0/25 HPs)
             Began as a Deep Elf Hunter on Feb 3, 2024.
             Slain by an orc warrior
             ... wielding a +0 battleaxe
              (15 damage)
             ... on level 6 of the Dungeon.
             The game lasted 00:09:13 (1855 turns).

qw the Skirmisher (Deep Elf Hunter)                 Turns: 1855, Time: 00:09:13

Health: 0/25       AC:  5    Str: 10    XL:     4   Next: 64%
Magic:  6/6        EV: 12    Int: 14    God:
Gold:   107        SH:  0    Dex: 18    Spells: 3/3 levels left

rFire   . . .        a - +0 shortbow
rCold   . . .        (shield currently unavailable)
rNeg    . . .        c - +0 leather armour
rPois   +            (no helmet)
rElec   .            h - +1 cloak
rCorr   .            (no gloves)
SInv    .            (no boots)
Will    .....        (no amulet)
Stlth   ++           d - ring of poison resistance
HPRegen 0.24/turn    (no ring)
MPRegen 0.10/turn

%: no passive effects
@: no status effects
A: no striking features
a: no special abilities


You were on level 6 of the Dungeon.
You visited 1 branch of the dungeon, and saw 4 of its levels.

You collected 107 gold pieces.


   Skills:
 - Level 1.5 Fighting
 + Level 8.1 Ranged Weapons
 - Level 2.4 Dodging
 - Level 1.2 Stealth


You had 3 spell levels left.
You didn't know any spells.
Your spell library was empty.

Inventory:

Hand Weapons
 a - a +0 shortbow (weapon)
Armour
 c - a +0 leather armour (worn)
 h - a +1 cloak (worn)
Jewellery
 d - a ring of poison resistance (left hand)
Wands
 g - a wand of flame (7) (quivered)
Scrolls
 e - a scroll of acquirement {unknown}
Potions
 b - a potion of haste {unknown}
 f - a potion of cancellation

Dungeon Overview and Level Annotations

Branches:
Dungeon (3/15)

Altars:
Ashenzari


Message History

The orc warrior closely misses you.
1850 ||| ZAPPING wand of flame (13) at 1,1 (orc warrior; open_door).
Aiming: Throw Flame
Press: ? - help, Q - select action, (/) - cycle Shift-Dir - straight line, f/p - orc warrior The puff of flame hits the orc warrior but does no damage.
The orc warrior is lightly wounded.
The orc warrior barely misses you. The orc barely misses you.
1851 ||| ZAPPING wand of flame (12) at 1,1 (orc warrior; open_door).
Aiming: Throw Flame
Press: ? - help, Q - select action, (/) - cycle Shift-Dir - straight line, f/p - orc warrior The puff of flame hits the orc warrior but does no damage.
The orc warrior is lightly wounded.
1852 ||| ZAPPING wand of flame (11) at 0,1 (orc warrior; floor).
Aiming: Throw Flame
Press: ? - help, Q - select action, (/) - cycle Shift-Dir - straight line, f/p - orc warrior The puff of flame hits the orc warrior but does no damage.
The orc warrior is lightly wounded.
The orc hits you but does no damage.
1853 ||| ZAPPING wand of flame (10) at 0,1 (orc warrior; floor).
Aiming: Throw Flame
Press: ? - help, Q - select action, (/) - cycle Shift-Dir - straight line, f/p - orc warrior The puff of flame hits the orc warrior but does no damage.
The orc warrior is lightly wounded.
The orc warrior hits you with a +0 battleaxe.
The orc barely misses you.
1854 ||| ZAPPING wand of flame (9) at 0,1 (orc warrior; floor).
Aiming: Throw Flame
Press: ? - help, Q - select action, (/) - cycle Shift-Dir - straight line, f/p - orc warrior The puff of flame hits the orc warrior.
The orc warrior is moderately wounded.
The orc hits you but does no damage. The orc warrior barely misses you.
1855 ||| ZAPPING wand of flame (8) at 0,1 (orc warrior; floor).
Aiming: Throw Flame
Press: ? - help, Q - select action, (/) - cycle Shift-Dir - straight line, f/p - orc warrior The puff of flame hits the orc warrior.
The orc warrior is heavily wounded.
The orc barely misses you.
The orc warrior hits you with a +0 battleaxe!
Ouch! That really hurt!
You die...

#.....#.# ..+
+##+##'.# ..#
#..#.# #.#
#+###+#..#.#
#.#
#.....#..#.#
#.+
+.._..'..+.#
#.#
#.....#..###
#.# .#+###'#..#
#@#o.#.....#..#
#oo# +##+##'##+
#.#.....#.....#
#.#.....#.....#
#.###+##+##'###
#...........#
#############


You could see an orc warrior and an orc.

Vanquished Creatures
  An iguana (D:3)
  3 adders
  A ribbon worm (D:2)
  8 ball pythons
  3 bats (D:2)
  7 endoplasms
  A giant cockroach (D:1)
  5 goblins
  4 hobgoblins
  2 jackals (D:1)
  5 quokkas
  4 frilled lizards
  8 kobolds
  5 rats
57 creatures vanquished.

Notes
Turn   | Place    | Note
-------+----------+-------------------------------------------
     0 | D:1      | qw the Deep Elf Hunter began the quest for the Orb.
     0 | D:1      | Reached XP level 1. HP: 12/12 MP: 3/3
     0 | D:1      | 0 ||| qw: Version: 0.3-a-155-g5e7d8dd
     0 | D:1      | 0 ||| qw: Game counter: 3553
     0 | D:1      | 0 ||| qw: Melee chars always use a shield: true
     0 | D:1      | 0 ||| qw: God list: Okawaru
     0 | D:1      | 0 ||| qw: Allow faded altars: false
     0 | D:1      | 0 ||| qw: Do Orc after clearing Dungeon:15 true
     0 | D:1      | 0 ||| qw: Do second Lair branch before Depths: true
     0 | D:1      | 0 ||| qw: Lair rune preference: random
     0 | D:1      | 0 ||| qw: Goals: Normal
     0 | D:1      | 0 ||| PLANNING D:1-11
   180 | D:1      | Reached XP level 2. HP: 15/16 MP: 4/4
   188 | D:1      | Reached skill level 6 in Ranged Weapons
   615 | D:1      | Reached XP level 3. HP: 14/20 MP: 5/5
   792 | D:1      | 792 ||| UPGRADING to ring of poison resistance.
   793 | D:1      | 793 ||| READING scroll labelled FOGEHO JE BAIXT.
   794 | D:1      | 794 ||| READING scroll labelled POSTILOTESO.
   794 | D:1      | 794 ||| IDENTIFYING orange potion
   795 | D:1      | 795 ||| DRINKING 2 sedimented puce potions.
   796 | D:1      | 796 ||| DRINKING cyan potion.
   797 | D:1      | 797 ||| DRINKING sedimented cyan potion.
   798 | D:1      | 798 ||| DRINKING inky potion.
   799 | D:1      | 799 ||| DROPPING scroll of butterflies.
   800 | D:1      | 800 ||| DROPPING potion of ambrosia.
   801 | D:1      | 801 ||| DROPPING potion of brilliance.
  1031 | D:2      | Reached skill level 7 in Ranged Weapons
  1472 | D:2      | 1472 ||| UPGRADING to +1 cloak.
  1477 | D:2      | 1477 ||| READING 3 scrolls of identify.
  1477 | D:2      | 1477 ||| IDENTIFYING murky puce potion
  1478 | D:2      | 1478 ||| READING 2 scrolls of identify.
  1478 | D:2      | 1478 ||| IDENTIFYING grey potion
  1479 | D:2      | 1479 ||| READING scroll of identify.
  1479 | D:2      | 1479 ||| IDENTIFYING white potion
  1480 | D:2      | 1480 ||| READING scroll labelled NURIUP HEBIRPH.
  1481 | D:2      | 1481 ||| DROPPING potion of berserk rage.
  1482 | D:2      | 1482 ||| DROPPING potion of invisibility.
  1488 | D:3      | 1488 ||| PLANNING SEWER
  1514 | D:3      | 1514 ||| FLEEEEING.
  1515 | D:3      | 1515 ||| FLEEEEING.
  1516 | D:3      | 1516 ||| FLEEEEING.
  1517 | D:3      | 1517 ||| FLEEEEING.
  1518 | D:3      | 1518 ||| FLEEEEING.
  1519 | D:3      | 1519 ||| FLEEEEING.
  1520 | D:3      | 1520 ||| FLEEEEING.
  1521 | D:3      | 1521 ||| FLEEEEING.
  1522 | D:3      | 1522 ||| FLEEEEING.
  1523 | D:3      | 1523 ||| FLEEEEING.
  1524 | D:3      | 1524 ||| FLEEEEING.
  1526 | D:3      | Reached XP level 4. HP: 24/25 MP: 6/6
  1803 | D:3      | You fall into a shaft and drop 3 floors!
  1814 | D:6      | Found a broken altar of Ashenzari.
  1818 | D:6      | Reached skill level 8 in Ranged Weapons
  1845 | D:6      | Noticed an orc warrior
  1846 | D:6      | 1846 ||| ZAPPING wand of flame (16) at 2,-1 (orc warrior;
                  | floor).
  1847 | D:6      | 1847 ||| ZAPPING wand of flame (15) at 1,0 (orc warrior;
                  | open_door).
  1847 | D:6      | 1847 ||| ZAPPING wand of flame (15) at 1,0 (orc warrior;
                  | open_door).
  1847 | D:6      | 1847 ||| ZAPPING wand of flame (15) at 1,0 (orc warrior;
                  | open_door).
  1847 | D:6      | 1847 ||| ZAPPING wand of flame (15) at 1,0 (orc warrior;
                  | open_door).
  1847 | D:6      | 1847 ||| ZAPPING wand of flame (15) at 1,0 (orc warrior;
                  | open_door).
  1847 | D:6      | 1847 ||| ZAPPING wand of flame (15) at 1,0 (orc warrior;
                  | open_door).
  1847 | D:6      | 1847 ||| ZAPPING wand of flame (15) at 1,0 (orc warrior;
                  | open_door).
  1847 | D:6      | 1847 ||| ZAPPING wand of flame (15) at 1,0 (orc warrior;
                  | open_door).
  1847 | D:6      | 1847 ||| ZAPPING wand of flame (15) at 1,0 (orc warrior;
                  | open_door).
  1847 | D:6      | 1847 ||| ZAPPING wand of flame (15) at 1,0 (orc warrior;
                  | open_door).
  1847 | D:6      | 1847 ||| ZAPPING wand of flame (15) at 1,0 (orc warrior;
                  | open_door).
  1847 | D:6      | 1847 ||| ZAPPING wand of flame (15) at 1,0 (orc warrior;
                  | open_door).
  1847 | D:6      | 1847 ||| ZAPPING wand of flame (15) at 1,0 (orc warrior;
                  | open_door).
  1847 | D:6      | 1847 ||| ZAPPING wand of flame (15) at 1,0 (orc warrior;
                  | open_door).
  1847 | D:6      | 1847 ||| ZAPPING wand of flame (15) at 1,0 (orc warrior;
                  | open_door).
  1847 | D:6      | 1847 ||| ZAPPING wand of flame (15) at 1,0 (orc warrior;
                  | open_door).
  1847 | D:6      | 1847 ||| ZAPPING wand of flame (15) at 1,0 (orc warrior;
                  | open_door).
  1847 | D:6      | 1847 ||| ZAPPING wand of flame (15) at 1,0 (orc warrior;
                  | open_door).
  1847 | D:6      | 1847 ||| ZAPPING wand of flame (15) at 1,0 (orc warrior;
                  | open_door).
  1847 | D:6      | 1847 ||| ZAPPING wand of flame (15) at 1,0 (orc warrior;
                  | open_door).
  1847 | D:6      | 1847 ||| ZAPPING wand of flame (15) at 1,0 (orc warrior;
                  | open_door).
  1847 | D:6      | 1847 ||| ZAPPING wand of flame (15) at 1,0 (orc warrior;
                  | open_door).
  1847 | D:6      | 1847 ||| ZAPPING wand of flame (15) at 1,0 (orc warrior;
                  | open_door).
  1847 | D:6      | 1847 ||| ZAPPING wand of flame (15) at 1,0 (orc warrior;
                  | open_door).
  1847 | D:6      | 1847 ||| ZAPPING wand of flame (15) at 1,0 (orc warrior;
                  | open_door).
  1847 | D:6      | 1847 ||| ZAPPING wand of flame (15) at 1,0 (orc warrior;
                  | open_door).
  1847 | D:6      | 1847 ||| ZAPPING wand of flame (15) at 1,0 (orc warrior;
                  | open_door).
  1847 | D:6      | 1847 ||| ZAPPING wand of flame (15) at 1,0 (orc warrior;
                  | open_door).
  1847 | D:6      | 1847 ||| ZAPPING wand of flame (15) at 1,0 (orc warrior;
                  | open_door).
  1847 | D:6      | 1847 ||| ZAPPING wand of flame (15) at 1,0 (orc warrior;
                  | open_door).
  1847 | D:6      | 1847 ||| ZAPPING wand of flame (15) at 1,0 (orc warrior;
                  | open_door).
  1847 | D:6      | 1847 ||| ZAPPING wand of flame (15) at 1,0 (orc warrior;
                  | open_door).
  1847 | D:6      | 1847 ||| ZAPPING wand of flame (15) at 1,0 (orc warrior;
                  | open_door).
  1847 | D:6      | 1847 ||| ZAPPING wand of flame (15) at 1,0 (orc warrior;
                  | open_door).
  1847 | D:6      | 1847 ||| ZAPPING wand of flame (15) at 1,0 (orc warrior;
                  | open_door).
  1847 | D:6      | 1847 ||| ZAPPING wand of flame (15) at 1,0 (orc warrior;
                  | open_door).
  1847 | D:6      | 1847 ||| ZAPPING wand of flame (15) at 1,0 (orc warrior;
                  | open_door).
  1847 | D:6      | 1847 ||| ZAPPING wand of flame (15) at 1,0 (orc warrior;
                  | open_door).
  1847 | D:6      | 1847 ||| ZAPPING wand of flame (15) at 1,0 (orc warrior;
                  | open_door).
  1847 | D:6      | 1847 ||| ZAPPING wand of flame (15) at 1,0 (orc warrior;
                  | open_door).
  1847 | D:6      | 1847 ||| ZAPPING wand of flame (15) at 1,0 (orc warrior;
                  | open_door).
  1847 | D:6      | 1847 ||| ZAPPING wand of flame (15) at 1,0 (orc warrior;
                  | open_door).
  1847 | D:6      | 1847 ||| ZAPPING wand of flame (15) at 1,0 (orc warrior;
                  | open_door).
  1847 | D:6      | 1847 ||| ZAPPING wand of flame (15) at 1,0 (orc warrior;
                  | open_door).
  1847 | D:6      | 1847 ||| ZAPPING wand of flame (15) at 1,0 (orc warrior;
                  | open_door).
  1847 | D:6      | 1847 ||| ZAPPING wand of flame (15) at 1,0 (orc warrior;
                  | open_door).
  1847 | D:6      | 1847 ||| ZAPPING wand of flame (15) at 1,0 (orc warrior;
                  | open_door).
  1847 | D:6      | 1847 ||| ZAPPING wand of flame (15) at 1,0 (orc warrior;
                  | open_door).
  1847 | D:6      | 1847 ||| ZAPPING wand of flame (15) at 1,0 (orc warrior;
                  | open_door).
  1847 | D:6      | 1847 ||| ZAPPING wand of flame (15) at 1,0 (orc warrior;
                  | open_door).
  1847 | D:6      | 1847 ||| ZAPPING wand of flame (15) at 1,0 (orc warrior;
                  | open_door).
  1847 | D:6      | 1847 ||| ZAPPING wand of flame (15) at 1,0 (orc warrior;
                  | open_door).
  1847 | D:6      | 1847 ||| ZAPPING wand of flame (15) at 1,0 (orc warrior;
                  | open_door).
  1847 | D:6      | 1847 ||| ZAPPING wand of flame (15) at 1,0 (orc warrior;
                  | open_door).
  1847 | D:6      | 1847 ||| ZAPPING wand of flame (15) at 1,0 (orc warrior;
                  | open_door).
  1847 | D:6      | 1847 ||| ZAPPING wand of flame (15) at 1,0 (orc warrior;
                  | open_door).
  1847 | D:6      | 1847 ||| ZAPPING wand of flame (15) at 1,0 (orc warrior;
                  | open_door).
  1847 | D:6      | 1847 ||| ZAPPING wand of flame (15) at 1,0 (orc warrior;
                  | open_door).
  1847 | D:6      | 1847 ||| ZAPPING wand of flame (15) at 1,0 (orc warrior;
                  | open_door).
  1847 | D:6      | 1847 ||| ZAPPING wand of flame (15) at 1,0 (orc warrior;
                  | open_door).
  1847 | D:6      | 1847 ||| ZAPPING wand of flame (15) at 1,0 (orc warrior;
                  | open_door).
  1847 | D:6      | 1847 ||| ZAPPING wand of flame (15) at 1,0 (orc warrior;
                  | open_door).
  1847 | D:6      | 1847 ||| ZAPPING wand of flame (15) at 1,0 (orc warrior;
                  | open_door).
  1847 | D:6      | 1847 ||| ZAPPING wand of flame (15) at 1,0 (orc warrior;
                  | open_door).
  1847 | D:6      | 1847 ||| ZAPPING wand of flame (15) at 1,0 (orc warrior;
                  | open_door).
  1847 | D:6      | 1847 ||| ZAPPING wand of flame (15) at 1,0 (orc warrior;
                  | open_door).
  1847 | D:6      | 1847 ||| ZAPPING wand of flame (15) at 1,0 (orc warrior;
                  | open_door).
  1847 | D:6      | 1847 ||| ZAPPING wand of flame (15) at 1,0 (orc warrior;
                  | open_door).
  1847 | D:6      | 1847 ||| ZAPPING wand of flame (15) at 1,0 (orc warrior;
                  | open_door).
  1847 | D:6      | 1847 ||| ZAPPING wand of flame (15) at 1,0 (orc warrior;
                  | open_door).
  1847 | D:6      | 1847 ||| ZAPPING wand of flame (15) at 1,0 (orc warrior;
                  | open_door).
  1847 | D:6      | 1847 ||| ZAPPING wand of flame (15) at 1,0 (orc warrior;
                  | open_door).
  1847 | D:6      | 1847 ||| ZAPPING wand of flame (15) at 1,0 (orc warrior;
                  | open_door).
  1847 | D:6      | 1847 ||| ZAPPING wand of flame (15) at 1,0 (orc warrior;
                  | open_door).
  1847 | D:6      | 1847 ||| ZAPPING wand of flame (15) at 1,0 (orc warrior;
                  | open_door).
  1847 | D:6      | 1847 ||| ZAPPING wand of flame (15) at 1,0 (orc warrior;
                  | open_door).
  1847 | D:6      | 1847 ||| ZAPPING wand of flame (15) at 1,0 (orc warrior;
                  | open_door).
  1847 | D:6      | 1847 ||| ZAPPING wand of flame (15) at 1,0 (orc warrior;
                  | open_door).
  1847 | D:6      | 1847 ||| ZAPPING wand of flame (15) at 1,0 (orc warrior;
                  | open_door).
  1847 | D:6      | 1847 ||| ZAPPING wand of flame (15) at 1,0 (orc warrior;
                  | open_door).
  1847 | D:6      | 1847 ||| ZAPPING wand of flame (15) at 1,0 (orc warrior;
                  | open_door).
  1847 | D:6      | 1847 ||| ZAPPING wand of flame (15) at 1,0 (orc warrior;
                  | open_door).
  1847 | D:6      | 1847 ||| ZAPPING wand of flame (15) at 1,0 (orc warrior;
                  | open_door).
  1847 | D:6      | 1847 ||| ZAPPING wand of flame (15) at 1,0 (orc warrior;
                  | open_door).
  1847 | D:6      | 1847 ||| ZAPPING wand of flame (15) at 1,0 (orc warrior;
                  | open_door).
  1847 | D:6      | 1847 ||| ZAPPING wand of flame (15) at 1,0 (orc warrior;
                  | open_door).
  1847 | D:6      | 1847 ||| ZAPPING wand of flame (15) at 1,0 (orc warrior;
                  | open_door).
  1847 | D:6      | 1847 ||| ZAPPING wand of flame (15) at 1,0 (orc warrior;
                  | open_door).
  1847 | D:6      | 1847 ||| ZAPPING wand of flame (15) at 1,0 (orc warrior;
                  | open_door).
  1847 | D:6      | 1847 ||| ZAPPING wand of flame (15) at 1,0 (orc warrior;
                  | open_door).
  1847 | D:6      | 1847 ||| ZAPPING wand of flame (15) at 1,0 (orc warrior;
                  | open_door).
  1847 | D:6      | 1847 ||| ZAPPING wand of flame (15) at 1,0 (orc warrior;
                  | open_door).
  1847 | D:6      | 1847 ||| ZAPPING wand of flame (15) at 1,0 (orc warrior;
                  | open_door).
  1847 | D:6      | 1847 ||| ZAPPING wand of flame (15) at 1,0 (orc warrior;
                  | open_door).
  1847 | D:6      | 1847 ||| ZAPPING wand of flame (15) at 1,0 (orc warrior;
                  | open_door).
  1847 | D:6      | 1847 ||| ZAPPING wand of flame (15) at 1,0 (orc warrior;
                  | open_door).
  1847 | D:6      | 1847 ||| ZAPPING wand of flame (15) at 1,0 (orc warrior;
                  | open_door).
  1847 | D:6      | 1847 ||| ZAPPING wand of flame (15) at 1,0 (orc warrior;
                  | open_door).
  1847 | D:6      | 1847 ||| ZAPPING wand of flame (15) at 1,0 (orc warrior;
                  | open_door).
  1847 | D:6      | 1847 ||| ZAPPING wand of flame (15) at 1,0 (orc warrior;
                  | open_door).
  1847 | D:6      | 1847 ||| ZAPPING wand of flame (15) at 1,0 (orc warrior;
                  | open_door).
  1847 | D:6      | 1847 ||| ZAPPING wand of flame (15) at 1,0 (orc warrior;
                  | open_door).
  1847 | D:6      | 1847 ||| ZAPPING wand of flame (15) at 1,0 (orc warrior;
                  | open_door).
  1847 | D:6      | 1847 ||| ZAPPING wand of flame (15) at 1,0 (orc warrior;
                  | open_door).
  1847 | D:6      | 1847 ||| ZAPPING wand of flame (15) at 1,0 (orc warrior;
                  | open_door).
  1847 | D:6      | 1847 ||| ZAPPING wand of flame (15) at 1,0 (orc warrior;
                  | open_door).
  1847 | D:6      | 1847 ||| ZAPPING wand of flame (15) at 1,0 (orc warrior;
                  | open_door).
  1847 | D:6      | 1847 ||| ZAPPING wand of flame (15) at 1,0 (orc warrior;
                  | open_door).
  1847 | D:6      | 1847 ||| ZAPPING wand of flame (15) at 1,0 (orc warrior;
                  | open_door).
  1847 | D:6      | 1847 ||| ZAPPING wand of flame (15) at 1,0 (orc warrior;
                  | open_door).
  1847 | D:6      | 1847 ||| ZAPPING wand of flame (15) at 1,0 (orc warrior;
                  | open_door).
  1847 | D:6      | 1847 ||| ZAPPING wand of flame (15) at 1,0 (orc warrior;
                  | open_door).
  1847 | D:6      | 1847 ||| ZAPPING wand of flame (15) at 1,0 (orc warrior;
                  | open_door).
  1847 | D:6      | 1847 ||| ZAPPING wand of flame (15) at 1,0 (orc warrior;
                  | open_door).
  1847 | D:6      | 1847 ||| ZAPPING wand of flame (15) at 1,0 (orc warrior;
                  | open_door).
  1847 | D:6      | 1847 ||| ZAPPING wand of flame (15) at 1,0 (orc warrior;
                  | open_door).
  1847 | D:6      | 1847 ||| ZAPPING wand of flame (15) at 1,0 (orc warrior;
                  | open_door).
  1847 | D:6      | 1847 ||| ZAPPING wand of flame (15) at 1,0 (orc warrior;
                  | open_door).
  1847 | D:6      | 1847 ||| ZAPPING wand of flame (15) at 1,0 (orc warrior;
                  | open_door).
  1847 | D:6      | 1847 ||| ZAPPING wand of flame (15) at 1,0 (orc warrior;
                  | open_door).
  1847 | D:6      | 1847 ||| ZAPPING wand of flame (15) at 1,0 (orc warrior;
                  | open_door).
  1847 | D:6      | 1847 ||| ZAPPING wand of flame (15) at 1,0 (orc warrior;
                  | open_door).
  1847 | D:6      | 1847 ||| ZAPPING wand of flame (15) at 1,0 (orc warrior;
                  | open_door).
  1847 | D:6      | 1847 ||| ZAPPING wand of flame (15) at 1,0 (orc warrior;
                  | open_door).
  1847 | D:6      | 1847 ||| ZAPPING wand of flame (15) at 1,0 (orc warrior;
                  | open_door).
  1847 | D:6      | 1847 ||| ZAPPING wand of flame (15) at 1,0 (orc warrior;
                  | open_door).
  1847 | D:6      | 1847 ||| ZAPPING wand of flame (15) at 1,0 (orc warrior;
                  | open_door).
  1847 | D:6      | 1847 ||| ZAPPING wand of flame (15) at 1,0 (orc warrior;
                  | open_door).
  1847 | D:6      | 1847 ||| ZAPPING wand of flame (15) at 1,0 (orc warrior;
                  | open_door).
  1847 | D:6      | 1847 ||| ZAPPING wand of flame (15) at 1,0 (orc warrior;
                  | open_door).
  1847 | D:6      | 1847 ||| ZAPPING wand of flame (15) at 1,0 (orc warrior;
                  | open_door).
  1847 | D:6      | 1847 ||| ZAPPING wand of flame (15) at 1,0 (orc warrior;
                  | open_door).
  1847 | D:6      | 1847 ||| ZAPPING wand of flame (15) at 1,0 (orc warrior;
                  | open_door).
  1847 | D:6      | 1847 ||| ZAPPING wand of flame (15) at 1,0 (orc warrior;
                  | open_door).
  1847 | D:6      | 1847 ||| ZAPPING wand of flame (15) at 1,0 (orc warrior;
                  | open_door).
  1847 | D:6      | 1847 ||| ZAPPING wand of flame (15) at 1,0 (orc warrior;
                  | open_door).
  1847 | D:6      | 1847 ||| ZAPPING wand of flame (15) at 1,0 (orc warrior;
                  | open_door).
  1847 | D:6      | 1847 ||| ZAPPING wand of flame (15) at 1,0 (orc warrior;
                  | open_door).
  1847 | D:6      | 1847 ||| ZAPPING wand of flame (15) at 1,0 (orc warrior;
                  | open_door).
  1847 | D:6      | 1847 ||| ZAPPING wand of flame (15) at 1,0 (orc warrior;
                  | open_door).
  1847 | D:6      | 1847 ||| ZAPPING wand of flame (15) at 1,0 (orc warrior;
                  | open_door).
  1847 | D:6      | 1847 ||| ZAPPING wand of flame (15) at 1,0 (orc warrior;
                  | open_door).
  1847 | D:6      | 1847 ||| ZAPPING wand of flame (15) at 1,0 (orc warrior;
                  | open_door).
  1847 | D:6      | 1847 ||| ZAPPING wand of flame (15) at 1,0 (orc warrior;
                  | open_door).
  1847 | D:6      | 1847 ||| ZAPPING wand of flame (15) at 1,0 (orc warrior;
                  | open_door).
  1847 | D:6      | 1847 ||| ZAPPING wand of flame (15) at 1,0 (orc warrior;
                  | open_door).
  1847 | D:6      | 1847 ||| ZAPPING wand of flame (15) at 1,0 (orc warrior;
                  | open_door).
  1847 | D:6      | 1847 ||| ZAPPING wand of flame (15) at 1,0 (orc warrior;
                  | open_door).
  1847 | D:6      | 1847 ||| ZAPPING wand of flame (15) at 1,0 (orc warrior;
                  | open_door).
  1847 | D:6      | 1847 ||| ZAPPING wand of flame (15) at 1,0 (orc warrior;
                  | open_door).
  1847 | D:6      | 1847 ||| ZAPPING wand of flame (15) at 1,0 (orc warrior;
                  | open_door).
  1847 | D:6      | 1847 ||| ZAPPING wand of flame (15) at 1,0 (orc warrior;
                  | open_door).
  1847 | D:6      | 1847 ||| ZAPPING wand of flame (15) at 1,0 (orc warrior;
                  | open_door).
  1847 | D:6      | 1847 ||| ZAPPING wand of flame (15) at 1,0 (orc warrior;
                  | open_door).
  1847 | D:6      | 1847 ||| ZAPPING wand of flame (15) at 1,0 (orc warrior;
                  | open_door).
  1847 | D:6      | 1847 ||| ZAPPING wand of flame (15) at 1,0 (orc warrior;
                  | open_door).
  1847 | D:6      | 1847 ||| ZAPPING wand of flame (15) at 1,0 (orc warrior;
                  | open_door).
  1847 | D:6      | 1847 ||| ZAPPING wand of flame (15) at 1,0 (orc warrior;
                  | open_door).
  1847 | D:6      | 1847 ||| ZAPPING wand of flame (15) at 1,0 (orc warrior;
                  | open_door).
  1847 | D:6      | 1847 ||| ZAPPING wand of flame (15) at 1,0 (orc warrior;
                  | open_door).
  1847 | D:6      | 1847 ||| ZAPPING wand of flame (15) at 1,0 (orc warrior;
                  | open_door).
  1847 | D:6      | 1847 ||| ZAPPING wand of flame (15) at 1,0 (orc warrior;
                  | open_door).
  1847 | D:6      | 1847 ||| ZAPPING wand of flame (15) at 1,0 (orc warrior;
                  | open_door).
  1847 | D:6      | 1847 ||| ZAPPING wand of flame (15) at 1,0 (orc warrior;
                  | open_door).
  1847 | D:6      | 1847 ||| ZAPPING wand of flame (15) at 1,0 (orc warrior;
                  | open_door).
  1847 | D:6      | 1847 ||| ZAPPING wand of flame (15) at 1,0 (orc warrior;
                  | open_door).
  1847 | D:6      | 1847 ||| ZAPPING wand of flame (15) at 1,0 (orc warrior;
                  | open_door).
  1847 | D:6      | 1847 ||| ZAPPING wand of flame (15) at 1,0 (orc warrior;
                  | open_door).
  1847 | D:6      | 1847 ||| ZAPPING wand of flame (15) at 1,0 (orc warrior;
                  | open_door).
  1847 | D:6      | 1847 ||| ZAPPING wand of flame (15) at 1,0 (orc warrior;
                  | open_door).
  1847 | D:6      | 1847 ||| ZAPPING wand of flame (15) at 1,0 (orc warrior;
                  | open_door).
  1847 | D:6      | 1847 ||| ZAPPING wand of flame (15) at 1,0 (orc warrior;
                  | open_door).
  1847 | D:6      | 1847 ||| ZAPPING wand of flame (15) at 1,0 (orc warrior;
                  | open_door).
  1847 | D:6      | 1847 ||| ZAPPING wand of flame (15) at 1,0 (orc warrior;
                  | open_door).
  1847 | D:6      | 1847 ||| ZAPPING wand of flame (15) at 1,0 (orc warrior;
                  | open_door).
  1847 | D:6      | 1847 ||| ZAPPING wand of flame (15) at 1,0 (orc warrior;
                  | open_door).
  1847 | D:6      | 1847 ||| ZAPPING wand of flame (15) at 1,0 (orc warrior;
                  | open_door).
  1847 | D:6      | 1847 ||| ZAPPING wand of flame (15) at 1,0 (orc warrior;
                  | open_door).
  1847 | D:6      | 1847 ||| ZAPPING wand of flame (15) at 1,0 (orc warrior;
                  | open_door).
  1847 | D:6      | 1847 ||| ZAPPING wand of flame (15) at 1,0 (orc warrior;
                  | open_door).
  1847 | D:6      | 1847 ||| ZAPPING wand of flame (15) at 1,0 (orc warrior;
                  | open_door).
  1847 | D:6      | 1847 ||| ZAPPING wand of flame (15) at 1,0 (orc warrior;
                  | open_door).
  1847 | D:6      | 1847 ||| ZAPPING wand of flame (15) at 1,0 (orc warrior;
                  | open_door).
  1847 | D:6      | 1847 ||| ZAPPING wand of flame (15) at 1,0 (orc warrior;
                  | open_door).
  1847 | D:6      | 1847 ||| ZAPPING wand of flame (15) at 1,0 (orc warrior;
                  | open_door).
  1847 | D:6      | 1847 ||| ZAPPING wand of flame (15) at 1,0 (orc warrior;
                  | open_door).
  1847 | D:6      | 1847 ||| ZAPPING wand of flame (15) at 1,0 (orc warrior;
                  | open_door).
  1847 | D:6      | 1847 ||| ZAPPING wand of flame (15) at 1,0 (orc warrior;
                  | open_door).
  1847 | D:6      | 1847 ||| ZAPPING wand of flame (15) at 1,0 (orc warrior;
                  | open_door).
  1847 | D:6      | 1847 ||| ZAPPING wand of flame (15) at 1,0 (orc warrior;
                  | open_door).
  1847 | D:6      | 1847 ||| ZAPPING wand of flame (15) at 1,0 (orc warrior;
                  | open_door).
  1847 | D:6      | 1847 ||| ZAPPING wand of flame (15) at 1,0 (orc warrior;
                  | open_door).
  1847 | D:6      | 1847 ||| ZAPPING wand of flame (15) at 1,0 (orc warrior;
                  | open_door).
  1847 | D:6      | 1847 ||| ZAPPING wand of flame (15) at 1,0 (orc warrior;
                  | open_door).
  1847 | D:6      | 1847 ||| ZAPPING wand of flame (15) at 1,0 (orc warrior;
                  | open_door).
  1847 | D:6      | 1847 ||| ZAPPING wand of flame (15) at 1,0 (orc warrior;
                  | open_door).
  1847 | D:6      | 1847 ||| ZAPPING wand of flame (15) at 1,0 (orc warrior;
                  | open_door).
  1847 | D:6      | 1847 ||| ZAPPING wand of flame (15) at 1,0 (orc warrior;
                  | open_door).
  1847 | D:6      | 1847 ||| ZAPPING wand of flame (15) at 1,0 (orc warrior;
                  | open_door).
  1847 | D:6      | 1847 ||| ZAPPING wand of flame (15) at 1,0 (orc warrior;
                  | open_door).
  1847 | D:6      | 1847 ||| ZAPPING wand of flame (15) at 1,0 (orc warrior;
                  | open_door).
  1847 | D:6      | 1847 ||| ZAPPING wand of flame (15) at 1,0 (orc warrior;
                  | open_door).
  1847 | D:6      | 1847 ||| ZAPPING wand of flame (15) at 1,0 (orc warrior;
                  | open_door).
  1847 | D:6      | 1847 ||| ZAPPING wand of flame (15) at 1,0 (orc warrior;
                  | open_door).
  1847 | D:6      | 1847 ||| ZAPPING wand of flame (15) at 1,0 (orc warrior;
                  | open_door).
  1847 | D:6      | 1847 ||| ZAPPING wand of flame (15) at 1,0 (orc warrior;
                  | open_door).
  1847 | D:6      | 1847 ||| ZAPPING wand of flame (15) at 1,0 (orc warrior;
                  | open_door).
  1847 | D:6      | 1847 ||| ZAPPING wand of flame (15) at 1,0 (orc warrior;
                  | open_door).
  1847 | D:6      | 1847 ||| ZAPPING wand of flame (15) at 1,0 (orc warrior;
                  | open_door).
  1847 | D:6      | 1847 ||| ZAPPING wand of flame (15) at 1,0 (orc warrior;
                  | open_door).
  1847 | D:6      | 1847 ||| ZAPPING wand of flame (15) at 1,0 (orc warrior;
                  | open_door).
  1847 | D:6      | 1847 ||| ZAPPING wand of flame (15) at 1,0 (orc warrior;
                  | open_door).
  1847 | D:6      | 1847 ||| ZAPPING wand of flame (15) at 1,0 (orc warrior;
                  | open_door).
  1847 | D:6      | 1847 ||| ZAPPING wand of flame (15) at 1,0 (orc warrior;
                  | open_door).
  1847 | D:6      | 1847 ||| ZAPPING wand of flame (15) at 1,0 (orc warrior;
                  | open_door).
  1847 | D:6      | 1847 ||| ZAPPING wand of flame (15) at 1,0 (orc warrior;
                  | open_door).
  1847 | D:6      | 1847 ||| ZAPPING wand of flame (15) at 1,0 (orc warrior;
                  | open_door).
  1847 | D:6      | 1847 ||| ZAPPING wand of flame (15) at 1,0 (orc warrior;
                  | open_door).
  1847 | D:6      | 1847 ||| ZAPPING wand of flame (15) at 1,0 (orc warrior;
                  | open_door).
  1847 | D:6      | 1847 ||| ZAPPING wand of flame (15) at 1,0 (orc warrior;
                  | open_door).
  1847 | D:6      | 1847 ||| ZAPPING wand of flame (15) at 1,0 (orc warrior;
                  | open_door).
  1847 | D:6      | 1847 ||| ZAPPING wand of flame (15) at 1,0 (orc warrior;
                  | open_door).
  1847 | D:6      | 1847 ||| ZAPPING wand of flame (15) at 1,0 (orc warrior;
                  | open_door).
  1847 | D:6      | 1847 ||| ZAPPING wand of flame (15) at 1,0 (orc warrior;
                  | open_door).
  1847 | D:6      | 1847 ||| ZAPPING wand of flame (15) at 1,0 (orc warrior;
                  | open_door).
  1847 | D:6      | 1847 ||| ZAPPING wand of flame (15) at 1,0 (orc warrior;
                  | open_door).
  1847 | D:6      | 1847 ||| ZAPPING wand of flame (15) at 1,0 (orc warrior;
                  | open_door).
  1847 | D:6      | 1847 ||| ZAPPING wand of flame (15) at 1,0 (orc warrior;
                  | open_door).
  1847 | D:6      | 1847 ||| ZAPPING wand of flame (15) at 1,0 (orc warrior;
                  | open_door).
  1847 | D:6      | 1847 ||| ZAPPING wand of flame (15) at 1,0 (orc warrior;
                  | open_door).
  1847 | D:6      | 1847 ||| ZAPPING wand of flame (15) at 1,0 (orc warrior;
                  | open_door).
  1847 | D:6      | 1847 ||| ZAPPING wand of flame (15) at 1,0 (orc warrior;
                  | open_door).
  1847 | D:6      | 1847 ||| ZAPPING wand of flame (15) at 1,0 (orc warrior;
                  | open_door).
  1847 | D:6      | 1847 ||| ZAPPING wand of flame (15) at 1,0 (orc warrior;
                  | open_door).
  1847 | D:6      | 1847 ||| ZAPPING wand of flame (15) at 1,0 (orc warrior;
                  | open_door).
  1847 | D:6      | 1847 ||| ZAPPING wand of flame (15) at 1,0 (orc warrior;
                  | open_door).
  1847 | D:6      | 1847 ||| ZAPPING wand of flame (15) at 1,0 (orc warrior;
                  | open_door).
  1847 | D:6      | 1847 ||| ZAPPING wand of flame (15) at 1,0 (orc warrior;
                  | open_door).
  1847 | D:6      | 1847 ||| ZAPPING wand of flame (15) at 1,0 (orc warrior;
                  | open_door).
  1847 | D:6      | 1847 ||| ZAPPING wand of flame (15) at 1,0 (orc warrior;
                  | open_door).
  1847 | D:6      | 1847 ||| ZAPPING wand of flame (15) at 1,0 (orc warrior;
                  | open_door).
  1847 | D:6      | 1847 ||| ZAPPING wand of flame (15) at 1,0 (orc warrior;
                  | open_door).
  1847 | D:6      | 1847 ||| ZAPPING wand of flame (15) at 1,0 (orc warrior;
                  | open_door).
  1847 | D:6      | 1847 ||| ZAPPING wand of flame (15) at 1,0 (orc warrior;
                  | open_door).
  1847 | D:6      | 1847 ||| ZAPPING wand of flame (15) at 1,0 (orc warrior;
                  | open_door).
  1847 | D:6      | 1847 ||| ZAPPING wand of flame (15) at 1,0 (orc warrior;
                  | open_door).
  1847 | D:6      | 1847 ||| ZAPPING wand of flame (15) at 1,0 (orc warrior;
                  | open_door).
  1847 | D:6      | 1847 ||| ZAPPING wand of flame (15) at 1,0 (orc warrior;
                  | open_door).
  1847 | D:6      | 1847 ||| ZAPPING wand of flame (15) at 1,0 (orc warrior;
                  | open_door).
  1847 | D:6      | 1847 ||| ZAPPING wand of flame (15) at 1,0 (orc warrior;
                  | open_door).
  1847 | D:6      | 1847 ||| ZAPPING wand of flame (15) at 1,0 (orc warrior;
                  | open_door).
  1847 | D:6      | 1847 ||| ZAPPING wand of flame (15) at 1,0 (orc warrior;
                  | open_door).
  1847 | D:6      | 1847 ||| ZAPPING wand of flame (15) at 1,0 (orc warrior;
                  | open_door).
  1847 | D:6      | 1847 ||| ZAPPING wand of flame (15) at 1,0 (orc warrior;
                  | open_door).
  1847 | D:6      | 1847 ||| ZAPPING wand of flame (15) at 1,0 (orc warrior;
                  | open_door).
  1847 | D:6      | 1847 ||| ZAPPING wand of flame (15) at 1,0 (orc warrior;
                  | open_door).
  1847 | D:6      | 1847 ||| ZAPPING wand of flame (15) at 1,0 (orc warrior;
                  | open_door).
  1847 | D:6      | 1847 ||| ZAPPING wand of flame (15) at 1,0 (orc warrior;
                  | open_door).
  1847 | D:6      | 1847 ||| ZAPPING wand of flame (15) at 1,0 (orc warrior;
                  | open_door).
  1847 | D:6      | 1847 ||| ZAPPING wand of flame (15) at 1,0 (orc warrior;
                  | open_door).
  1847 | D:6      | 1847 ||| ZAPPING wand of flame (15) at 1,0 (orc warrior;
                  | open_door).
  1847 | D:6      | 1847 ||| ZAPPING wand of flame (15) at 1,0 (orc warrior;
                  | open_door).
  1847 | D:6      | 1847 ||| ZAPPING wand of flame (15) at 1,0 (orc warrior;
                  | open_door).
  1847 | D:6      | 1847 ||| ZAPPING wand of flame (15) at 1,0 (orc warrior;
                  | open_door).
  1847 | D:6      | 1847 ||| ZAPPING wand of flame (15) at 1,0 (orc warrior;
                  | open_door).
  1847 | D:6      | 1847 ||| ZAPPING wand of flame (15) at 1,0 (orc warrior;
                  | open_door).
  1847 | D:6      | 1847 ||| ZAPPING wand of flame (15) at 1,0 (orc warrior;
                  | open_door).
  1847 | D:6      | 1847 ||| ZAPPING wand of flame (15) at 1,0 (orc warrior;
                  | open_door).
  1847 | D:6      | 1847 ||| ZAPPING wand of flame (15) at 1,0 (orc warrior;
                  | open_door).
  1847 | D:6      | 1847 ||| ZAPPING wand of flame (15) at 1,0 (orc warrior;
                  | open_door).
  1847 | D:6      | 1847 ||| ZAPPING wand of flame (15) at 1,0 (orc warrior;
                  | open_door).
  1847 | D:6      | 1847 ||| ZAPPING wand of flame (15) at 1,0 (orc warrior;
                  | open_door).
  1847 | D:6      | 1847 ||| ZAPPING wand of flame (15) at 1,0 (orc warrior;
                  | open_door).
  1847 | D:6      | 1847 ||| ZAPPING wand of flame (15) at 1,0 (orc warrior;
                  | open_door).
  1847 | D:6      | 1847 ||| ZAPPING wand of flame (15) at 1,0 (orc warrior;
                  | open_door).
  1847 | D:6      | 1847 ||| ZAPPING wand of flame (15) at 1,0 (orc warrior;
                  | open_door).
  1847 | D:6      | 1847 ||| ZAPPING wand of flame (15) at 1,0 (orc warrior;
                  | open_door).
  1847 | D:6      | 1847 ||| ZAPPING wand of flame (15) at 1,0 (orc warrior;
                  | open_door).
  1847 | D:6      | 1847 ||| ZAPPING wand of flame (15) at 1,0 (orc warrior;
                  | open_door).
  1847 | D:6      | 1847 ||| ZAPPING wand of flame (15) at 1,0 (orc warrior;
                  | open_door).
  1847 | D:6      | 1847 ||| ZAPPING wand of flame (15) at 1,0 (orc warrior;
                  | open_door).
  1847 | D:6      | 1847 ||| ZAPPING wand of flame (15) at 1,0 (orc warrior;
                  | open_door).
  1847 | D:6      | 1847 ||| ZAPPING wand of flame (15) at 1,0 (orc warrior;
                  | open_door).
  1847 | D:6      | 1847 ||| ZAPPING wand of flame (15) at 1,0 (orc warrior;
                  | open_door).
  1847 | D:6      | 1847 ||| ZAPPING wand of flame (15) at 1,0 (orc warrior;
                  | open_door).
  1847 | D:6      | 1847 ||| ZAPPING wand of flame (15) at 1,0 (orc warrior;
                  | open_door).
  1847 | D:6      | 1847 ||| ZAPPING wand of flame (15) at 1,0 (orc warrior;
                  | open_door).
  1847 | D:6      | 1847 ||| ZAPPING wand of flame (15) at 1,0 (orc warrior;
                  | open_door).
  1847 | D:6      | 1847 ||| ZAPPING wand of flame (15) at 1,0 (orc warrior;
                  | open_door).
  1847 | D:6      | 1847 ||| ZAPPING wand of flame (15) at 1,0 (orc warrior;
                  | open_door).
  1847 | D:6      | 1847 ||| ZAPPING wand of flame (15) at 1,0 (orc warrior;
                  | open_door).
  1847 | D:6      | 1847 ||| ZAPPING wand of flame (15) at 1,0 (orc warrior;
                  | open_door).
  1847 | D:6      | 1847 ||| ZAPPING wand of flame (15) at 1,0 (orc warrior;
                  | open_door).
  1847 | D:6      | 1847 ||| ZAPPING wand of flame (15) at 1,0 (orc warrior;
                  | open_door).
  1847 | D:6      | 1847 ||| ZAPPING wand of flame (15) at 1,0 (orc warrior;
                  | open_door).
  1847 | D:6      | 1847 ||| ZAPPING wand of flame (15) at 1,0 (orc warrior;
                  | open_door).
  1847 | D:6      | 1847 ||| ZAPPING wand of flame (15) at 1,0 (orc warrior;
                  | open_door).
  1847 | D:6      | 1847 ||| ZAPPING wand of flame (15) at 1,0 (orc warrior;
                  | open_door).
  1847 | D:6      | 1847 ||| ZAPPING wand of flame (15) at 1,0 (orc warrior;
                  | open_door).
  1847 | D:6      | 1847 ||| ZAPPING wand of flame (15) at 1,0 (orc warrior;
                  | open_door).
  1847 | D:6      | 1847 ||| ZAPPING wand of flame (15) at 1,0 (orc warrior;
                  | open_door).
  1847 | D:6      | 1847 ||| ZAPPING wand of flame (15) at 1,0 (orc warrior;
                  | open_door).
  1847 | D:6      | 1847 ||| ZAPPING wand of flame (15) at 1,0 (orc warrior;
                  | open_door).
  1847 | D:6      | 1847 ||| ZAPPING wand of flame (15) at 1,0 (orc warrior;
                  | open_door).
  1847 | D:6      | 1847 ||| ZAPPING wand of flame (15) at 1,0 (orc warrior;
                  | open_door).
  1847 | D:6      | 1847 ||| ZAPPING wand of flame (15) at 1,0 (orc warrior;
                  | open_door).
  1847 | D:6      | 1847 ||| ZAPPING wand of flame (15) at 1,0 (orc warrior;
                  | open_door).
  1847 | D:6      | 1847 ||| ZAPPING wand of flame (15) at 1,0 (orc warrior;
                  | open_door).
  1847 | D:6      | 1847 ||| ZAPPING wand of flame (15) at 1,0 (orc warrior;
                  | open_door).
  1847 | D:6      | 1847 ||| ZAPPING wand of flame (15) at 1,0 (orc warrior;
                  | open_door).
  1847 | D:6      | 1847 ||| ZAPPING wand of flame (15) at 1,0 (orc warrior;
                  | open_door).
  1847 | D:6      | 1847 ||| ZAPPING wand of flame (15) at 1,0 (orc warrior;
                  | open_door).
  1847 | D:6      | 1847 ||| ZAPPING wand of flame (15) at 1,0 (orc warrior;
                  | open_door).
  1847 | D:6      | 1847 ||| ZAPPING wand of flame (15) at 1,0 (orc warrior;
                  | open_door).
  1847 | D:6      | 1847 ||| ZAPPING wand of flame (15) at 1,0 (orc warrior;
                  | open_door).
  1847 | D:6      | 1847 ||| ZAPPING wand of flame (15) at 1,0 (orc warrior;
                  | open_door).
  1847 | D:6      | 1847 ||| ZAPPING wand of flame (15) at 1,0 (orc warrior;
                  | open_door).
  1847 | D:6      | 1847 ||| ZAPPING wand of flame (15) at 1,0 (orc warrior;
                  | open_door).
  1847 | D:6      | 1847 ||| ZAPPING wand of flame (15) at 1,0 (orc warrior;
                  | open_door).
  1847 | D:6      | 1847 ||| ZAPPING wand of flame (15) at 1,0 (orc warrior;
                  | open_door).
  1847 | D:6      | 1847 ||| ZAPPING wand of flame (15) at 1,0 (orc warrior;
                  | open_door).
  1847 | D:6      | 1847 ||| ZAPPING wand of flame (15) at 1,0 (orc warrior;
                  | open_door).
  1847 | D:6      | 1847 ||| ZAPPING wand of flame (15) at 1,0 (orc warrior;
                  | open_door).
  1847 | D:6      | 1847 ||| ZAPPING wand of flame (15) at 1,0 (orc warrior;
                  | open_door).
  1847 | D:6      | 1847 ||| ZAPPING wand of flame (15) at 1,0 (orc warrior;
                  | open_door).
  1847 | D:6      | 1847 ||| ZAPPING wand of flame (15) at 1,0 (orc warrior;
                  | open_door).
  1847 | D:6      | 1847 ||| ZAPPING wand of flame (15) at 1,0 (orc warrior;
                  | open_door).
  1847 | D:6      | 1847 ||| ZAPPING wand of flame (15) at 1,0 (orc warrior;
                  | open_door).
  1847 | D:6      | 1847 ||| ZAPPING wand of flame (15) at 1,0 (orc warrior;
                  | open_door).
  1847 | D:6      | 1847 ||| ZAPPING wand of flame (15) at 1,0 (orc warrior;
                  | open_door).
  1847 | D:6      | 1847 ||| ZAPPING wand of flame (15) at 1,0 (orc warrior;
                  | open_door).
  1847 | D:6      | 1847 ||| ZAPPING wand of flame (15) at 1,0 (orc warrior;
                  | open_door).
  1847 | D:6      | 1847 ||| ZAPPING wand of flame (15) at 1,0 (orc warrior;
                  | open_door).
  1847 | D:6      | 1847 ||| ZAPPING wand of flame (15) at 1,0 (orc warrior;
                  | open_door).
  1847 | D:6      | 1847 ||| ZAPPING wand of flame (15) at 1,0 (orc warrior;
                  | open_door).
  1847 | D:6      | 1847 ||| ZAPPING wand of flame (15) at 1,0 (orc warrior;
                  | open_door).
  1847 | D:6      | 1847 ||| ZAPPING wand of flame (15) at 1,0 (orc warrior;
                  | open_door).
  1847 | D:6      | 1847 ||| ZAPPING wand of flame (15) at 1,0 (orc warrior;
                  | open_door).
  1847 | D:6      | 1847 ||| ZAPPING wand of flame (15) at 1,0 (orc warrior;
                  | open_door).
  1847 | D:6      | 1847 ||| ZAPPING wand of flame (15) at 1,0 (orc warrior;
                  | open_door).
  1847 | D:6      | 1847 ||| ZAPPING wand of flame (15) at 1,0 (orc warrior;
                  | open_door).
  1847 | D:6      | 1847 ||| ZAPPING wand of flame (15) at 1,0 (orc warrior;
                  | open_door).
  1847 | D:6      | 1847 ||| ZAPPING wand of flame (15) at 1,0 (orc warrior;
                  | open_door).
  1847 | D:6      | 1847 ||| ZAPPING wand of flame (15) at 1,0 (orc warrior;
                  | open_door).
  1847 | D:6      | 1847 ||| ZAPPING wand of flame (15) at 1,0 (orc warrior;
                  | open_door).
  1847 | D:6      | 1847 ||| ZAPPING wand of flame (15) at 1,0 (orc warrior;
                  | open_door).
  1847 | D:6      | 1847 ||| ZAPPING wand of flame (15) at 1,0 (orc warrior;
                  | open_door).
  1847 | D:6      | 1847 ||| ZAPPING wand of flame (15) at 1,0 (orc warrior;
                  | open_door).
  1847 | D:6      | 1847 ||| ZAPPING wand of flame (15) at 1,0 (orc warrior;
                  | open_door).
  1847 | D:6      | 1847 ||| ZAPPING wand of flame (15) at 1,0 (orc warrior;
                  | open_door).
  1847 | D:6      | 1847 ||| ZAPPING wand of flame (15) at 1,0 (orc warrior;
                  | open_door).
  1847 | D:6      | 1847 ||| ZAPPING wand of flame (15) at 1,0 (orc warrior;
                  | open_door).
  1847 | D:6      | 1847 ||| ZAPPING wand of flame (15) at 1,0 (orc warrior;
                  | open_door).
  1847 | D:6      | 1847 ||| ZAPPING wand of flame (15) at 1,0 (orc warrior;
                  | open_door).
  1847 | D:6      | 1847 ||| ZAPPING wand of flame (15) at 1,0 (orc warrior;
                  | open_door).
  1847 | D:6      | 1847 ||| ZAPPING wand of flame (15) at 1,0 (orc warrior;
                  | open_door).
  1847 | D:6      | 1847 ||| ZAPPING wand of flame (15) at 1,0 (orc warrior;
                  | open_door).
  1847 | D:6      | 1847 ||| ZAPPING wand of flame (15) at 1,0 (orc warrior;
                  | open_door).
  1847 | D:6      | 1847 ||| ZAPPING wand of flame (15) at 1,0 (orc warrior;
                  | open_door).
  1847 | D:6      | 1847 ||| ZAPPING wand of flame (15) at 1,0 (orc warrior;
                  | open_door).
  1847 | D:6      | 1847 ||| ZAPPING wand of flame (15) at 1,0 (orc warrior;
                  | open_door).
  1847 | D:6      | 1847 ||| ZAPPING wand of flame (15) at 1,0 (orc warrior;
                  | open_door).
  1847 | D:6      | 1847 ||| ZAPPING wand of flame (15) at 1,0 (orc warrior;
                  | open_door).
  1847 | D:6      | 1847 ||| ZAPPING wand of flame (15) at 1,0 (orc warrior;
                  | open_door).
  1847 | D:6      | 1847 ||| ZAPPING wand of flame (15) at 1,0 (orc warrior;
                  | open_door).
  1847 | D:6      | 1847 ||| ZAPPING wand of flame (15) at 1,0 (orc warrior;
                  | open_door).
  1847 | D:6      | 1847 ||| ZAPPING wand of flame (15) at 1,0 (orc warrior;
                  | open_door).
  1847 | D:6      | 1847 ||| ZAPPING wand of flame (15) at 1,0 (orc warrior;
                  | open_door).
  1847 | D:6      | 1847 ||| ZAPPING wand of flame (15) at 1,0 (orc warrior;
                  | open_door).
  1847 | D:6      | 1847 ||| ZAPPING wand of flame (15) at 1,0 (orc warrior;
                  | open_door).
  1847 | D:6      | 1847 ||| ZAPPING wand of flame (15) at 1,0 (orc warrior;
                  | open_door).
  1847 | D:6      | 1847 ||| ZAPPING wand of flame (15) at 1,0 (orc warrior;
                  | open_door).
  1847 | D:6      | 1847 ||| ZAPPING wand of flame (15) at 1,0 (orc warrior;
                  | open_door).
  1847 | D:6      | 1847 ||| ZAPPING wand of flame (15) at 1,0 (orc warrior;
                  | open_door).
  1847 | D:6      | 1847 ||| ZAPPING wand of flame (15) at 1,0 (orc warrior;
                  | open_door).
  1847 | D:6      | 1847 ||| ZAPPING wand of flame (15) at 1,0 (orc warrior;
                  | open_door).
  1847 | D:6      | 1847 ||| ZAPPING wand of flame (15) at 1,0 (orc warrior;
                  | open_door).
  1847 | D:6      | 1847 ||| ZAPPING wand of flame (15) at 1,0 (orc warrior;
                  | open_door).
  1847 | D:6      | 1847 ||| ZAPPING wand of flame (15) at 1,0 (orc warrior;
                  | open_door).
  1847 | D:6      | 1847 ||| ZAPPING wand of flame (15) at 1,0 (orc warrior;
                  | open_door).
  1847 | D:6      | 1847 ||| ZAPPING wand of flame (15) at 1,0 (orc warrior;
                  | open_door).
  1847 | D:6      | 1847 ||| ZAPPING wand of flame (15) at 1,0 (orc warrior;
                  | open_door).
  1847 | D:6      | 1847 ||| ZAPPING wand of flame (15) at 1,0 (orc warrior;
                  | open_door).
  1847 | D:6      | 1847 ||| ZAPPING wand of flame (15) at 1,0 (orc warrior;
                  | open_door).
  1847 | D:6      | 1847 ||| ZAPPING wand of flame (15) at 1,0 (orc warrior;
                  | open_door).
  1847 | D:6      | 1847 ||| ZAPPING wand of flame (15) at 1,0 (orc warrior;
                  | open_door).
  1847 | D:6      | 1847 ||| ZAPPING wand of flame (15) at 1,0 (orc warrior;
                  | open_door).
  1847 | D:6      | 1847 ||| ZAPPING wand of flame (15) at 1,0 (orc warrior;
                  | open_door).
  1847 | D:6      | 1847 ||| ZAPPING wand of flame (15) at 1,0 (orc warrior;
                  | open_door).
  1847 | D:6      | 1847 ||| ZAPPING wand of flame (15) at 1,0 (orc warrior;
                  | open_door).
  1847 | D:6      | 1847 ||| ZAPPING wand of flame (15) at 1,0 (orc warrior;
                  | open_door).
  1847 | D:6      | 1847 ||| ZAPPING wand of flame (15) at 1,0 (orc warrior;
                  | open_door).
  1847 | D:6      | 1847 ||| ZAPPING wand of flame (15) at 1,0 (orc warrior;
                  | open_door).
  1847 | D:6      | 1847 ||| ZAPPING wand of flame (15) at 1,0 (orc warrior;
                  | open_door).
  1847 | D:6      | 1847 ||| ZAPPING wand of flame (15) at 1,0 (orc warrior;
                  | open_door).
  1847 | D:6      | 1847 ||| ZAPPING wand of flame (15) at 1,0 (orc warrior;
                  | open_door).
  1847 | D:6      | 1847 ||| ZAPPING wand of flame (15) at 1,0 (orc warrior;
                  | open_door).
  1847 | D:6      | 1847 ||| ZAPPING wand of flame (15) at 1,0 (orc warrior;
                  | open_door).
  1847 | D:6      | 1847 ||| ZAPPING wand of flame (15) at 1,0 (orc warrior;
                  | open_door).
  1847 | D:6      | 1847 ||| ZAPPING wand of flame (15) at 1,0 (orc warrior;
                  | open_door).
  1847 | D:6      | 1847 ||| ZAPPING wand of flame (15) at 1,0 (orc warrior;
                  | open_door).
  1847 | D:6      | 1847 ||| ZAPPING wand of flame (15) at 1,0 (orc warrior;
                  | open_door).
  1847 | D:6      | 1847 ||| ZAPPING wand of flame (15) at 1,0 (orc warrior;
                  | open_door).
  1847 | D:6      | 1847 ||| ZAPPING wand of flame (15) at 1,0 (orc warrior;
                  | open_door).
  1847 | D:6      | 1847 ||| ZAPPING wand of flame (15) at 1,0 (orc warrior;
                  | open_door).
  1847 | D:6      | 1847 ||| ZAPPING wand of flame (15) at 1,0 (orc warrior;
                  | open_door).
  1847 | D:6      | 1847 ||| ZAPPING wand of flame (15) at 1,0 (orc warrior;
                  | open_door).
  1847 | D:6      | 1847 ||| ZAPPING wand of flame (15) at 1,0 (orc warrior;
                  | open_door).
  1847 | D:6      | 1847 ||| ZAPPING wand of flame (15) at 1,0 (orc warrior;
                  | open_door).
  1847 | D:6      | 1847 ||| ZAPPING wand of flame (15) at 1,0 (orc warrior;
                  | open_door).
  1847 | D:6      | 1847 ||| ZAPPING wand of flame (15) at 1,0 (orc warrior;
                  | open_door).
  1847 | D:6      | 1847 ||| ZAPPING wand of flame (15) at 1,0 (orc warrior;
                  | open_door).
  1847 | D:6      | 1847 ||| ZAPPING wand of flame (15) at 1,0 (orc warrior;
                  | open_door).
  1847 | D:6      | 1847 ||| ZAPPING wand of flame (15) at 1,0 (orc warrior;
                  | open_door).
  1847 | D:6      | 1847 ||| ZAPPING wand of flame (15) at 1,0 (orc warrior;
                  | open_door).
  1847 | D:6      | 1847 ||| ZAPPING wand of flame (15) at 1,0 (orc warrior;
                  | open_door).
  1847 | D:6      | 1847 ||| ZAPPING wand of flame (15) at 1,0 (orc warrior;
                  | open_door).
  1847 | D:6      | 1847 ||| ZAPPING wand of flame (15) at 1,0 (orc warrior;
                  | open_door).
  1847 | D:6      | 1847 ||| ZAPPING wand of flame (15) at 1,0 (orc warrior;
                  | open_door).
  1847 | D:6      | 1847 ||| ZAPPING wand of flame (15) at 1,0 (orc warrior;
                  | open_door).
  1847 | D:6      | 1847 ||| ZAPPING wand of flame (15) at 1,0 (orc warrior;
                  | open_door).
  1847 | D:6      | 1847 ||| ZAPPING wand of flame (15) at 1,0 (orc warrior;
                  | open_door).
  1847 | D:6      | 1847 ||| ZAPPING wand of flame (15) at 1,0 (orc warrior;
                  | open_door).
  1847 | D:6      | 1847 ||| ZAPPING wand of flame (15) at 1,0 (orc warrior;
                  | open_door).
  1847 | D:6      | 1847 ||| ZAPPING wand of flame (15) at 1,0 (orc warrior;
                  | open_door).
  1847 | D:6      | 1847 ||| ZAPPING wand of flame (15) at 1,0 (orc warrior;
                  | open_door).
  1847 | D:6      | 1847 ||| ZAPPING wand of flame (15) at 1,0 (orc warrior;
                  | open_door).
  1847 | D:6      | 1847 ||| ZAPPING wand of flame (15) at 1,0 (orc warrior;
                  | open_door).
  1847 | D:6      | 1847 ||| ZAPPING wand of flame (15) at 1,0 (orc warrior;
                  | open_door).
  1847 | D:6      | 1847 ||| ZAPPING wand of flame (15) at 1,0 (orc warrior;
                  | open_door).
  1847 | D:6      | 1847 ||| ZAPPING wand of flame (15) at 1,0 (orc warrior;
                  | open_door).
  1847 | D:6      | 1847 ||| ZAPPING wand of flame (15) at 1,0 (orc warrior;
                  | open_door).
  1847 | D:6      | 1847 ||| ZAPPING wand of flame (15) at 1,0 (orc warrior;
                  | open_door).
  1847 | D:6      | 1847 ||| ZAPPING wand of flame (15) at 1,0 (orc warrior;
                  | open_door).
  1847 | D:6      | 1847 ||| ZAPPING wand of flame (15) at 1,0 (orc warrior;
                  | open_door).
  1847 | D:6      | 1847 ||| ZAPPING wand of flame (15) at 1,0 (orc warrior;
                  | open_door).
  1847 | D:6      | 1847 ||| ZAPPING wand of flame (15) at 1,0 (orc warrior;
                  | open_door).
  1847 | D:6      | 1847 ||| ZAPPING wand of flame (15) at 1,0 (orc warrior;
                  | open_door).
  1847 | D:6      | 1847 ||| ZAPPING wand of flame (15) at 1,0 (orc warrior;
                  | open_door).
  1847 | D:6      | 1847 ||| ZAPPING wand of flame (15) at 1,0 (orc warrior;
                  | open_door).
  1847 | D:6      | 1847 ||| ZAPPING wand of flame (15) at 1,0 (orc warrior;
                  | open_door).
  1847 | D:6      | 1847 ||| ZAPPING wand of flame (15) at 1,0 (orc warrior;
                  | open_door).
  1847 | D:6      | 1847 ||| ZAPPING wand of flame (15) at 1,0 (orc warrior;
                  | open_door).
  1847 | D:6      | 1847 ||| ZAPPING wand of flame (15) at 1,0 (orc warrior;
                  | open_door).
  1847 | D:6      | 1847 ||| ZAPPING wand of flame (15) at 1,0 (orc warrior;
                  | open_door).
  1847 | D:6      | 1847 ||| ZAPPING wand of flame (15) at 1,0 (orc warrior;
                  | open_door).
  1847 | D:6      | 1847 ||| ZAPPING wand of flame (15) at 1,0 (orc warrior;
                  | open_door).
  1847 | D:6      | 1847 ||| ZAPPING wand of flame (15) at 1,0 (orc warrior;
                  | open_door).
  1847 | D:6      | 1847 ||| ZAPPING wand of flame (15) at 1,0 (orc warrior;
                  | open_door).
  1847 | D:6      | 1847 ||| ZAPPING wand of flame (15) at 1,0 (orc warrior;
                  | open_door).
  1847 | D:6      | 1847 ||| ZAPPING wand of flame (15) at 1,0 (orc warrior;
                  | open_door).
  1847 | D:6      | 1847 ||| ZAPPING wand of flame (15) at 1,0 (orc warrior;
                  | open_door).
  1847 | D:6      | 1847 ||| ZAPPING wand of flame (15) at 1,0 (orc warrior;
                  | open_door).
  1847 | D:6      | 1847 ||| ZAPPING wand of flame (15) at 1,0 (orc warrior;
                  | open_door).
  1847 | D:6      | 1847 ||| ZAPPING wand of flame (15) at 1,0 (orc warrior;
                  | open_door).
  1847 | D:6      | 1847 ||| ZAPPING wand of flame (15) at 1,0 (orc warrior;
                  | open_door).
  1847 | D:6      | 1847 ||| ZAPPING wand of flame (15) at 1,0 (orc warrior;
                  | open_door).
  1847 | D:6      | 1847 ||| ZAPPING wand of flame (15) at 1,0 (orc warrior;
                  | open_door).
  1847 | D:6      | 1847 ||| ZAPPING wand of flame (15) at 1,0 (orc warrior;
                  | open_door).
  1847 | D:6      | 1847 ||| ZAPPING wand of flame (15) at 1,0 (orc warrior;
                  | open_door).
  1847 | D:6      | 1847 ||| ZAPPING wand of flame (15) at 1,0 (orc warrior;
                  | open_door).
  1847 | D:6      | 1847 ||| ZAPPING wand of flame (15) at 1,0 (orc warrior;
                  | open_door).
  1847 | D:6      | 1847 ||| ZAPPING wand of flame (15) at 1,0 (orc warrior;
                  | open_door).
  1847 | D:6      | 1847 ||| ZAPPING wand of flame (15) at 1,0 (orc warrior;
                  | open_door).
  1847 | D:6      | 1847 ||| ZAPPING wand of flame (15) at 1,0 (orc warrior;
                  | open_door).
  1847 | D:6      | 1847 ||| ZAPPING wand of flame (15) at 1,0 (orc warrior;
                  | open_door).
  1847 | D:6      | 1847 ||| ZAPPING wand of flame (15) at 1,0 (orc warrior;
                  | open_door).
  1847 | D:6      | 1847 ||| ZAPPING wand of flame (15) at 1,0 (orc warrior;
                  | open_door).
  1847 | D:6      | 1847 ||| ZAPPING wand of flame (15) at 1,0 (orc warrior;
                  | open_door).
  1847 | D:6      | 1847 ||| ZAPPING wand of flame (15) at 1,0 (orc warrior;
                  | open_door).
  1847 | D:6      | 1847 ||| ZAPPING wand of flame (15) at 1,0 (orc warrior;
                  | open_door).
  1847 | D:6      | 1847 ||| ZAPPING wand of flame (15) at 1,0 (orc warrior;
                  | open_door).
  1847 | D:6      | 1847 ||| ZAPPING wand of flame (15) at 1,0 (orc warrior;
                  | open_door).
  1847 | D:6      | 1847 ||| ZAPPING wand of flame (15) at 1,0 (orc warrior;
                  | open_door).
  1847 | D:6      | 1847 ||| ZAPPING wand of flame (15) at 1,0 (orc warrior;
                  | open_door).
  1847 | D:6      | 1847 ||| ZAPPING wand of flame (15) at 1,0 (orc warrior;
                  | open_door).
  1847 | D:6      | 1847 ||| ZAPPING wand of flame (15) at 1,0 (orc warrior;
                  | open_door).
  1847 | D:6      | 1847 ||| ZAPPING wand of flame (15) at 1,0 (orc warrior;
                  | open_door).
  1847 | D:6      | 1847 ||| ZAPPING wand of flame (15) at 1,0 (orc warrior;
                  | open_door).
  1847 | D:6      | 1847 ||| ZAPPING wand of flame (15) at 1,0 (orc warrior;
                  | open_door).
  1847 | D:6      | 1847 ||| ZAPPING wand of flame (15) at 1,0 (orc warrior;
                  | open_door).
  1847 | D:6      | 1847 ||| ZAPPING wand of flame (15) at 1,0 (orc warrior;
                  | open_door).
  1847 | D:6      | 1847 ||| ZAPPING wand of flame (15) at 1,0 (orc warrior;
                  | open_door).
  1847 | D:6      | 1847 ||| ZAPPING wand of flame (15) at 1,0 (orc warrior;
                  | open_door).
  1847 | D:6      | 1847 ||| ZAPPING wand of flame (15) at 1,0 (orc warrior;
                  | open_door).
  1847 | D:6      | 1847 ||| ZAPPING wand of flame (15) at 1,0 (orc warrior;
                  | open_door).
  1847 | D:6      | 1847 ||| ZAPPING wand of flame (15) at 1,0 (orc warrior;
                  | open_door).
  1847 | D:6      | 1847 ||| ZAPPING wand of flame (15) at 1,0 (orc warrior;
                  | open_door).
  1847 | D:6      | 1847 ||| ZAPPING wand of flame (15) at 1,0 (orc warrior;
                  | open_door).
  1847 | D:6      | 1847 ||| ZAPPING wand of flame (15) at 1,0 (orc warrior;
                  | open_door).
  1847 | D:6      | 1847 ||| ZAPPING wand of flame (15) at 1,0 (orc warrior;
                  | open_door).
  1847 | D:6      | 1847 ||| ZAPPING wand of flame (15) at 1,0 (orc warrior;
                  | open_door).
  1847 | D:6      | 1847 ||| ZAPPING wand of flame (15) at 1,0 (orc warrior;
                  | open_door).
  1847 | D:6      | 1847 ||| ZAPPING wand of flame (15) at 1,0 (orc warrior;
                  | open_door).
  1847 | D:6      | 1847 ||| ZAPPING wand of flame (15) at 1,0 (orc warrior;
                  | open_door).
  1847 | D:6      | 1847 ||| ZAPPING wand of flame (15) at 1,0 (orc warrior;
                  | open_door).
  1847 | D:6      | 1847 ||| ZAPPING wand of flame (15) at 1,0 (orc warrior;
                  | open_door).
  1847 | D:6      | 1847 ||| ZAPPING wand of flame (15) at 1,0 (orc warrior;
                  | open_door).
  1847 | D:6      | 1847 ||| ZAPPING wand of flame (15) at 1,0 (orc warrior;
                  | open_door).
  1847 | D:6      | 1847 ||| ZAPPING wand of flame (15) at 1,0 (orc warrior;
                  | open_door).
  1847 | D:6      | 1847 ||| ZAPPING wand of flame (15) at 1,0 (orc warrior;
                  | open_door).
  1847 | D:6      | 1847 ||| ZAPPING wand of flame (15) at 1,0 (orc warrior;
                  | open_door).
  1847 | D:6      | 1847 ||| ZAPPING wand of flame (15) at 1,0 (orc warrior;
                  | open_door).
  1847 | D:6      | 1847 ||| ZAPPING wand of flame (15) at 1,0 (orc warrior;
                  | open_door).
  1847 | D:6      | 1847 ||| ZAPPING wand of flame (15) at 1,0 (orc warrior;
                  | open_door).
  1847 | D:6      | 1847 ||| ZAPPING wand of flame (15) at 1,0 (orc warrior;
                  | open_door).
  1847 | D:6      | 1847 ||| ZAPPING wand of flame (15) at 1,0 (orc warrior;
                  | open_door).
  1847 | D:6      | 1847 ||| ZAPPING wand of flame (15) at 1,0 (orc warrior;
                  | open_door).
  1847 | D:6      | 1847 ||| ZAPPING wand of flame (15) at 1,0 (orc warrior;
                  | open_door).
  1847 | D:6      | 1847 ||| ZAPPING wand of flame (15) at 1,0 (orc warrior;
                  | open_door).
  1847 | D:6      | 1847 ||| ZAPPING wand of flame (15) at 1,0 (orc warrior;
                  | open_door).
  1847 | D:6      | 1847 ||| ZAPPING wand of flame (15) at 1,0 (orc warrior;
                  | open_door).
  1847 | D:6      | 1847 ||| ZAPPING wand of flame (15) at 1,0 (orc warrior;
                  | open_door).
  1847 | D:6      | 1847 ||| ZAPPING wand of flame (15) at 1,0 (orc warrior;
                  | open_door).
  1847 | D:6      | 1847 ||| ZAPPING wand of flame (15) at 1,0 (orc warrior;
                  | open_door).
  1847 | D:6      | 1847 ||| ZAPPING wand of flame (15) at 1,0 (orc warrior;
                  | open_door).
  1847 | D:6      | 1847 ||| ZAPPING wand of flame (15) at 1,0 (orc warrior;
                  | open_door).
  1847 | D:6      | 1847 ||| ZAPPING wand of flame (15) at 1,0 (orc warrior;
                  | open_door).
  1847 | D:6      | 1847 ||| ZAPPING wand of flame (15) at 1,0 (orc warrior;
                  | open_door).
  1847 | D:6      | 1847 ||| ZAPPING wand of flame (15) at 1,0 (orc warrior;
                  | open_door).
  1847 | D:6      | 1847 ||| ZAPPING wand of flame (15) at 1,0 (orc warrior;
                  | open_door).
  1847 | D:6      | 1847 ||| ZAPPING wand of flame (15) at 1,0 (orc warrior;
                  | open_door).
  1847 | D:6      | 1847 ||| ZAPPING wand of flame (15) at 1,0 (orc warrior;
                  | open_door).
  1847 | D:6      | 1847 ||| ZAPPING wand of flame (15) at 1,0 (orc warrior;
                  | open_door).
  1847 | D:6      | 1847 ||| ZAPPING wand of flame (15) at 1,0 (orc warrior;
                  | open_door).
  1847 | D:6      | 1847 ||| ZAPPING wand of flame (15) at 1,0 (orc warrior;
                  | open_door).
  1847 | D:6      | 1847 ||| ZAPPING wand of flame (15) at 1,0 (orc warrior;
                  | open_door).
  1847 | D:6      | 1847 ||| ZAPPING wand of flame (15) at 1,0 (orc warrior;
                  | open_door).
  1847 | D:6      | 1847 ||| ZAPPING wand of flame (15) at 1,0 (orc warrior;
                  | open_door).
  1847 | D:6      | 1847 ||| ZAPPING wand of flame (15) at 1,0 (orc warrior;
                  | open_door).
  1847 | D:6      | 1847 ||| ZAPPING wand of flame (15) at 1,0 (orc warrior;
                  | open_door).
  1847 | D:6      | 1847 ||| ZAPPING wand of flame (15) at 1,0 (orc warrior;
                  | open_door).
  1847 | D:6      | 1847 ||| ZAPPING wand of flame (15) at 1,0 (orc warrior;
                  | open_door).
  1847 | D:6      | 1847 ||| ZAPPING wand of flame (15) at 1,0 (orc warrior;
                  | open_door).
  1847 | D:6      | 1847 ||| ZAPPING wand of flame (15) at 1,0 (orc warrior;
                  | open_door).
  1847 | D:6      | 1847 ||| ZAPPING wand of flame (15) at 1,0 (orc warrior;
                  | open_door).
  1847 | D:6      | 1847 ||| ZAPPING wand of flame (15) at 1,0 (orc warrior;
                  | open_door).
  1847 | D:6      | 1847 ||| ZAPPING wand of flame (15) at 1,0 (orc warrior;
                  | open_door).
  1847 | D:6      | 1847 ||| ZAPPING wand of flame (15) at 1,0 (orc warrior;
                  | open_door).
  1847 | D:6      | 1847 ||| ZAPPING wand of flame (15) at 1,0 (orc warrior;
                  | open_door).
  1847 | D:6      | 1847 ||| ZAPPING wand of flame (15) at 1,0 (orc warrior;
                  | open_door).
  1847 | D:6      | 1847 ||| ZAPPING wand of flame (15) at 1,0 (orc warrior;
                  | open_door).
  1847 | D:6      | 1847 ||| ZAPPING wand of flame (15) at 1,0 (orc warrior;
                  | open_door).
  1847 | D:6      | 1847 ||| ZAPPING wand of flame (15) at 1,0 (orc warrior;
                  | open_door).
  1847 | D:6      | 1847 ||| ZAPPING wand of flame (15) at 1,0 (orc warrior;
                  | open_door).
  1847 | D:6      | 1847 ||| ZAPPING wand of flame (15) at 1,0 (orc warrior;
                  | open_door).
  1847 | D:6      | 1847 ||| ZAPPING wand of flame (15) at 1,0 (orc warrior;
                  | open_door).
  1847 | D:6      | 1847 ||| ZAPPING wand of flame (15) at 1,0 (orc warrior;
                  | open_door).
  1847 | D:6      | 1847 ||| ZAPPING wand of flame (15) at 1,0 (orc warrior;
                  | open_door).
  1847 | D:6      | 1847 ||| ZAPPING wand of flame (15) at 1,0 (orc warrior;
                  | open_door).
  1847 | D:6      | 1847 ||| ZAPPING wand of flame (15) at 1,0 (orc warrior;
                  | open_door).
  1847 | D:6      | 1847 ||| ZAPPING wand of flame (15) at 1,0 (orc warrior;
                  | open_door).
  1847 | D:6      | 1847 ||| ZAPPING wand of flame (15) at 1,0 (orc warrior;
                  | open_door).
  1847 | D:6      | 1847 ||| ZAPPING wand of flame (15) at 1,0 (orc warrior;
                  | open_door).
  1847 | D:6      | 1847 ||| ZAPPING wand of flame (15) at 1,0 (orc warrior;
                  | open_door).
  1847 | D:6      | 1847 ||| ZAPPING wand of flame (15) at 1,0 (orc warrior;
                  | open_door).
  1847 | D:6      | 1847 ||| ZAPPING wand of flame (15) at 1,0 (orc warrior;
                  | open_door).
  1847 | D:6      | 1847 ||| ZAPPING wand of flame (15) at 1,0 (orc warrior;
                  | open_door).
  1847 | D:6      | 1847 ||| ZAPPING wand of flame (15) at 1,0 (orc warrior;
                  | open_door).
  1847 | D:6      | 1847 ||| ZAPPING wand of flame (15) at 1,0 (orc warrior;
                  | open_door).
  1847 | D:6      | 1847 ||| ZAPPING wand of flame (15) at 1,0 (orc warrior;
                  | open_door).
  1847 | D:6      | 1847 ||| ZAPPING wand of flame (15) at 1,0 (orc warrior;
                  | open_door).
  1847 | D:6      | 1847 ||| ZAPPING wand of flame (15) at 1,0 (orc warrior;
                  | open_door).
  1847 | D:6      | 1847 ||| ZAPPING wand of flame (15) at 1,0 (orc warrior;
                  | open_door).
  1847 | D:6      | 1847 ||| ZAPPING wand of flame (15) at 1,0 (orc warrior;
                  | open_door).
  1847 | D:6      | 1847 ||| ZAPPING wand of flame (15) at 1,0 (orc warrior;
                  | open_door).
  1847 | D:6      | 1847 ||| ZAPPING wand of flame (15) at 1,0 (orc warrior;
                  | open_door).
  1847 | D:6      | 1847 ||| ZAPPING wand of flame (15) at 1,0 (orc warrior;
                  | open_door).
  1847 | D:6      | 1847 ||| ZAPPING wand of flame (15) at 1,0 (orc warrior;
                  | open_door).
  1847 | D:6      | 1847 ||| ZAPPING wand of flame (15) at 1,0 (orc warrior;
                  | open_door).
  1847 | D:6      | 1847 ||| ZAPPING wand of flame (15) at 1,0 (orc warrior;
                  | open_door).
  1847 | D:6      | 1847 ||| ZAPPING wand of flame (15) at 1,0 (orc warrior;
                  | open_door).
  1847 | D:6      | 1847 ||| ZAPPING wand of flame (15) at 1,0 (orc warrior;
                  | open_door).
  1847 | D:6      | 1847 ||| ZAPPING wand of flame (15) at 1,0 (orc warrior;
                  | open_door).
  1847 | D:6      | 1847 ||| ZAPPING wand of flame (15) at 1,0 (orc warrior;
                  | open_door).
  1847 | D:6      | 1847 ||| ZAPPING wand of flame (15) at 1,0 (orc warrior;
                  | open_door).
  1847 | D:6      | 1847 ||| ZAPPING wand of flame (15) at 1,0 (orc warrior;
                  | open_door).
  1847 | D:6      | 1847 ||| ZAPPING wand of flame (15) at 1,0 (orc warrior;
                  | open_door).
  1847 | D:6      | 1847 ||| ZAPPING wand of flame (15) at 1,0 (orc warrior;
                  | open_door).
  1847 | D:6      | 1847 ||| ZAPPING wand of flame (15) at 1,0 (orc warrior;
                  | open_door).
  1847 | D:6      | 1847 ||| ZAPPING wand of flame (15) at 1,0 (orc warrior;
                  | open_door).
  1847 | D:6      | 1847 ||| ZAPPING wand of flame (15) at 1,0 (orc warrior;
                  | open_door).
  1847 | D:6      | 1847 ||| ZAPPING wand of flame (15) at 1,0 (orc warrior;
                  | open_door).
  1847 | D:6      | 1847 ||| ZAPPING wand of flame (15) at 1,0 (orc warrior;
                  | open_door).
  1847 | D:6      | 1847 ||| ZAPPING wand of flame (15) at 1,0 (orc warrior;
                  | open_door).
  1847 | D:6      | 1847 ||| ZAPPING wand of flame (15) at 1,0 (orc warrior;
                  | open_door).
  1847 | D:6      | 1847 ||| ZAPPING wand of flame (15) at 1,0 (orc warrior;
                  | open_door).
  1847 | D:6      | 1847 ||| ZAPPING wand of flame (15) at 1,0 (orc warrior;
                  | open_door).
  1847 | D:6      | 1847 ||| ZAPPING wand of flame (15) at 1,0 (orc warrior;
                  | open_door).
  1847 | D:6      | 1847 ||| ZAPPING wand of flame (15) at 1,0 (orc warrior;
                  | open_door).
  1847 | D:6      | 1847 ||| ZAPPING wand of flame (15) at 1,0 (orc warrior;
                  | open_door).
  1847 | D:6      | 1847 ||| ZAPPING wand of flame (15) at 1,0 (orc warrior;
                  | open_door).
  1847 | D:6      | 1847 ||| ZAPPING wand of flame (15) at 1,0 (orc warrior;
                  | open_door).
  1847 | D:6      | 1847 ||| ZAPPING wand of flame (15) at 1,0 (orc warrior;
                  | open_door).
  1847 | D:6      | 1847 ||| ZAPPING wand of flame (15) at 1,0 (orc warrior;
                  | open_door).
  1847 | D:6      | 1847 ||| ZAPPING wand of flame (15) at 1,0 (orc warrior;
                  | open_door).
  1847 | D:6      | 1847 ||| ZAPPING wand of flame (15) at 1,0 (orc warrior;
                  | open_door).
  1847 | D:6      | 1847 ||| ZAPPING wand of flame (15) at 1,0 (orc warrior;
                  | open_door).
  1847 | D:6      | 1847 ||| ZAPPING wand of flame (15) at 1,0 (orc warrior;
                  | open_door).
  1847 | D:6      | 1847 ||| ZAPPING wand of flame (15) at 1,0 (orc warrior;
                  | open_door).
  1847 | D:6      | 1847 ||| ZAPPING wand of flame (15) at 1,0 (orc warrior;
                  | open_door).
  1847 | D:6      | 1847 ||| ZAPPING wand of flame (15) at 1,0 (orc warrior;
                  | open_door).
  1847 | D:6      | 1847 ||| ZAPPING wand of flame (15) at 1,0 (orc warrior;
                  | open_door).
  1847 | D:6      | 1847 ||| ZAPPING wand of flame (15) at 1,0 (orc warrior;
                  | open_door).
  1847 | D:6      | 1847 ||| ZAPPING wand of flame (15) at 1,0 (orc warrior;
                  | open_door).
  1847 | D:6      | 1847 ||| ZAPPING wand of flame (15) at 1,0 (orc warrior;
                  | open_door).
  1847 | D:6      | 1847 ||| ZAPPING wand of flame (15) at 1,0 (orc warrior;
                  | open_door).
  1847 | D:6      | 1847 ||| ZAPPING wand of flame (15) at 1,0 (orc warrior;
                  | open_door).
  1847 | D:6      | 1847 ||| ZAPPING wand of flame (15) at 1,0 (orc warrior;
                  | open_door).
  1847 | D:6      | 1847 ||| ZAPPING wand of flame (15) at 1,0 (orc warrior;
                  | open_door).
  1847 | D:6      | 1847 ||| ZAPPING wand of flame (15) at 1,0 (orc warrior;
                  | open_door).
  1847 | D:6      | 1847 ||| ZAPPING wand of flame (15) at 1,0 (orc warrior;
                  | open_door).
  1847 | D:6      | 1847 ||| ZAPPING wand of flame (15) at 1,0 (orc warrior;
                  | open_door).
  1847 | D:6      | 1847 ||| ZAPPING wand of flame (15) at 1,0 (orc warrior;
                  | open_door).
  1847 | D:6      | 1847 ||| ZAPPING wand of flame (15) at 1,0 (orc warrior;
                  | open_door).
  1847 | D:6      | 1847 ||| ZAPPING wand of flame (15) at 1,0 (orc warrior;
                  | open_door).
  1847 | D:6      | 1847 ||| ZAPPING wand of flame (15) at 1,0 (orc warrior;
                  | open_door).
  1847 | D:6      | 1847 ||| ZAPPING wand of flame (15) at 1,0 (orc warrior;
                  | open_door).
  1847 | D:6      | 1847 ||| ZAPPING wand of flame (15) at 1,0 (orc warrior;
                  | open_door).
  1847 | D:6      | 1847 ||| ZAPPING wand of flame (15) at 1,0 (orc warrior;
                  | open_door).
  1847 | D:6      | 1847 ||| ZAPPING wand of flame (15) at 1,0 (orc warrior;
                  | open_door).
  1847 | D:6      | 1847 ||| ZAPPING wand of flame (15) at 1,0 (orc warrior;
                  | open_door).
  1847 | D:6      | 1847 ||| ZAPPING wand of flame (15) at 1,0 (orc warrior;
                  | open_door).
  1847 | D:6      | 1847 ||| ZAPPING wand of flame (15) at 1,0 (orc warrior;
                  | open_door).
  1847 | D:6      | 1847 ||| ZAPPING wand of flame (15) at 1,0 (orc warrior;
                  | open_door).
  1847 | D:6      | 1847 ||| ZAPPING wand of flame (15) at 1,0 (orc warrior;
                  | open_door).
  1847 | D:6      | 1847 ||| ZAPPING wand of flame (15) at 1,0 (orc warrior;
                  | open_door).
  1847 | D:6      | 1847 ||| ZAPPING wand of flame (15) at 1,0 (orc warrior;
                  | open_door).
  1847 | D:6      | 1847 ||| ZAPPING wand of flame (15) at 1,0 (orc warrior;
                  | open_door).
  1847 | D:6      | 1847 ||| ZAPPING wand of flame (15) at 1,0 (orc warrior;
                  | open_door).
  1847 | D:6      | 1847 ||| ZAPPING wand of flame (15) at 1,0 (orc warrior;
                  | open_door).
  1847 | D:6      | 1847 ||| ZAPPING wand of flame (15) at 1,0 (orc warrior;
                  | open_door).
  1847 | D:6      | 1847 ||| ZAPPING wand of flame (15) at 1,0 (orc warrior;
                  | open_door).
  1847 | D:6      | 1847 ||| ZAPPING wand of flame (15) at 1,0 (orc warrior;
                  | open_door).
  1847 | D:6      | 1847 ||| ZAPPING wand of flame (15) at 1,0 (orc warrior;
                  | open_door).
  1847 | D:6      | 1847 ||| ZAPPING wand of flame (15) at 1,0 (orc warrior;
                  | open_door).
  1847 | D:6      | 1847 ||| ZAPPING wand of flame (15) at 1,0 (orc warrior;
                  | open_door).
  1847 | D:6      | 1847 ||| ZAPPING wand of flame (15) at 1,0 (orc warrior;
                  | open_door).
  1847 | D:6      | 1847 ||| ZAPPING wand of flame (15) at 1,0 (orc warrior;
                  | open_door).
  1847 | D:6      | 1847 ||| ZAPPING wand of flame (15) at 1,0 (orc warrior;
                  | open_door).
  1847 | D:6      | 1847 ||| ZAPPING wand of flame (15) at 1,0 (orc warrior;
                  | open_door).
  1847 | D:6      | 1847 ||| ZAPPING wand of flame (15) at 1,0 (orc warrior;
                  | open_door).
  1847 | D:6      | 1847 ||| ZAPPING wand of flame (15) at 1,0 (orc warrior;
                  | open_door).
  1847 | D:6      | 1847 ||| ZAPPING wand of flame (15) at 1,0 (orc warrior;
                  | open_door).
  1847 | D:6      | 1847 ||| ZAPPING wand of flame (15) at 1,0 (orc warrior;
                  | open_door).
  1847 | D:6      | 1847 ||| ZAPPING wand of flame (15) at 1,0 (orc warrior;
                  | open_door).
  1847 | D:6      | 1847 ||| ZAPPING wand of flame (15) at 1,0 (orc warrior;
                  | open_door).
  1847 | D:6      | 1847 ||| ZAPPING wand of flame (15) at 1,0 (orc warrior;
                  | open_door).
  1847 | D:6      | 1847 ||| ZAPPING wand of flame (15) at 1,0 (orc warrior;
                  | open_door).
  1847 | D:6      | 1847 ||| ZAPPING wand of flame (15) at 1,0 (orc warrior;
                  | open_door).
  1847 | D:6      | 1847 ||| ZAPPING wand of flame (15) at 1,0 (orc warrior;
                  | open_door).
  1847 | D:6      | 1847 ||| ZAPPING wand of flame (15) at 1,0 (orc warrior;
                  | open_door).
  1847 | D:6      | 1847 ||| ZAPPING wand of flame (15) at 1,0 (orc warrior;
                  | open_door).
  1847 | D:6      | 1847 ||| ZAPPING wand of flame (15) at 1,0 (orc warrior;
                  | open_door).
  1847 | D:6      | 1847 ||| ZAPPING wand of flame (15) at 1,0 (orc warrior;
                  | open_door).
  1847 | D:6      | 1847 ||| ZAPPING wand of flame (15) at 1,0 (orc warrior;
                  | open_door).
  1847 | D:6      | 1847 ||| ZAPPING wand of flame (15) at 1,0 (orc warrior;
                  | open_door).
  1847 | D:6      | 1847 ||| ZAPPING wand of flame (15) at 1,0 (orc warrior;
                  | open_door).
  1847 | D:6      | 1847 ||| ZAPPING wand of flame (15) at 1,0 (orc warrior;
                  | open_door).
  1847 | D:6      | 1847 ||| ZAPPING wand of flame (15) at 1,0 (orc warrior;
                  | open_door).
  1847 | D:6      | 1847 ||| ZAPPING wand of flame (15) at 1,0 (orc warrior;
                  | open_door).
  1847 | D:6      | 1847 ||| ZAPPING wand of flame (15) at 1,0 (orc warrior;
                  | open_door).
  1847 | D:6      | 1847 ||| ZAPPING wand of flame (15) at 1,0 (orc warrior;
                  | open_door).
  1847 | D:6      | 1847 ||| ZAPPING wand of flame (15) at 1,0 (orc warrior;
                  | open_door).
  1847 | D:6      | 1847 ||| ZAPPING wand of flame (15) at 1,0 (orc warrior;
                  | open_door).
  1847 | D:6      | 1847 ||| ZAPPING wand of flame (15) at 1,0 (orc warrior;
                  | open_door).
  1847 | D:6      | 1847 ||| ZAPPING wand of flame (15) at 1,0 (orc warrior;
                  | open_door).
  1847 | D:6      | 1847 ||| ZAPPING wand of flame (15) at 1,0 (orc warrior;
                  | open_door).
  1847 | D:6      | 1847 ||| ZAPPING wand of flame (15) at 1,0 (orc warrior;
                  | open_door).
  1847 | D:6      | 1847 ||| ZAPPING wand of flame (15) at 1,0 (orc warrior;
                  | open_door).
  1847 | D:6      | 1847 ||| ZAPPING wand of flame (15) at 1,0 (orc warrior;
                  | open_door).
  1847 | D:6      | 1847 ||| ZAPPING wand of flame (15) at 1,0 (orc warrior;
                  | open_door).
  1847 | D:6      | 1847 ||| ZAPPING wand of flame (15) at 1,0 (orc warrior;
                  | open_door).
  1847 | D:6      | 1847 ||| ZAPPING wand of flame (15) at 1,0 (orc warrior;
                  | open_door).
  1847 | D:6      | 1847 ||| ZAPPING wand of flame (15) at 1,0 (orc warrior;
                  | open_door).
  1847 | D:6      | 1847 ||| ZAPPING wand of flame (15) at 1,0 (orc warrior;
                  | open_door).
  1847 | D:6      | 1847 ||| ZAPPING wand of flame (15) at 1,0 (orc warrior;
                  | open_door).
  1847 | D:6      | 1847 ||| ZAPPING wand of flame (15) at 1,0 (orc warrior;
                  | open_door).
  1847 | D:6      | 1847 ||| ZAPPING wand of flame (15) at 1,0 (orc warrior;
                  | open_door).
  1847 | D:6      | 1847 ||| ZAPPING wand of flame (15) at 1,0 (orc warrior;
                  | open_door).
  1847 | D:6      | 1847 ||| ZAPPING wand of flame (15) at 1,0 (orc warrior;
                  | open_door).
  1847 | D:6      | 1847 ||| ZAPPING wand of flame (15) at 1,0 (orc warrior;
                  | open_door).
  1847 | D:6      | 1847 ||| ZAPPING wand of flame (15) at 1,0 (orc warrior;
                  | open_door).
  1847 | D:6      | 1847 ||| ZAPPING wand of flame (15) at 1,0 (orc warrior;
                  | open_door).
  1847 | D:6      | 1847 ||| ZAPPING wand of flame (15) at 1,0 (orc warrior;
                  | open_door).
  1847 | D:6      | 1847 ||| ZAPPING wand of flame (15) at 1,0 (orc warrior;
                  | open_door).
  1847 | D:6      | 1847 ||| ZAPPING wand of flame (15) at 1,0 (orc warrior;
                  | open_door).
  1847 | D:6      | 1847 ||| ZAPPING wand of flame (15) at 1,0 (orc warrior;
                  | open_door).
  1847 | D:6      | 1847 ||| ZAPPING wand of flame (15) at 1,0 (orc warrior;
                  | open_door).
  1847 | D:6      | 1847 ||| ZAPPING wand of flame (15) at 1,0 (orc warrior;
                  | open_door).
  1847 | D:6      | 1847 ||| ZAPPING wand of flame (15) at 1,0 (orc warrior;
                  | open_door).
  1847 | D:6      | 1847 ||| ZAPPING wand of flame (15) at 1,0 (orc warrior;
                  | open_door).
  1847 | D:6      | 1847 ||| ZAPPING wand of flame (15) at 1,0 (orc warrior;
                  | open_door).
  1847 | D:6      | 1847 ||| ZAPPING wand of flame (15) at 1,0 (orc warrior;
                  | open_door).
  1847 | D:6      | 1847 ||| ZAPPING wand of flame (15) at 1,0 (orc warrior;
                  | open_door).
  1847 | D:6      | 1847 ||| ZAPPING wand of flame (15) at 1,0 (orc warrior;
                  | open_door).
  1847 | D:6      | 1847 ||| ZAPPING wand of flame (15) at 1,0 (orc warrior;
                  | open_door).
  1847 | D:6      | 1847 ||| ZAPPING wand of flame (15) at 1,0 (orc warrior;
                  | open_door).
  1847 | D:6      | 1847 ||| ZAPPING wand of flame (15) at 1,0 (orc warrior;
                  | open_door).
  1847 | D:6      | 1847 ||| ZAPPING wand of flame (15) at 1,0 (orc warrior;
                  | open_door).
  1847 | D:6      | 1847 ||| ZAPPING wand of flame (15) at 1,0 (orc warrior;
                  | open_door).
  1847 | D:6      | 1847 ||| ZAPPING wand of flame (15) at 1,0 (orc warrior;
                  | open_door).
  1847 | D:6      | 1847 ||| ZAPPING wand of flame (15) at 1,0 (orc warrior;
                  | open_door).
  1847 | D:6      | 1847 ||| ZAPPING wand of flame (15) at 1,0 (orc warrior;
                  | open_door).
  1847 | D:6      | 1847 ||| ZAPPING wand of flame (15) at 1,0 (orc warrior;
                  | open_door).
  1847 | D:6      | 1847 ||| ZAPPING wand of flame (15) at 1,0 (orc warrior;
                  | open_door).
  1847 | D:6      | 1847 ||| ZAPPING wand of flame (15) at 1,0 (orc warrior;
                  | open_door).
  1847 | D:6      | 1847 ||| ZAPPING wand of flame (15) at 1,0 (orc warrior;
                  | open_door).
  1847 | D:6      | 1847 ||| ZAPPING wand of flame (15) at 1,0 (orc warrior;
                  | open_door).
  1847 | D:6      | 1847 ||| ZAPPING wand of flame (15) at 1,0 (orc warrior;
                  | open_door).
  1847 | D:6      | 1847 ||| ZAPPING wand of flame (15) at 1,0 (orc warrior;
                  | open_door).
  1847 | D:6      | 1847 ||| ZAPPING wand of flame (15) at 1,0 (orc warrior;
                  | open_door).
  1847 | D:6      | 1847 ||| ZAPPING wand of flame (15) at 1,0 (orc warrior;
                  | open_door).
  1847 | D:6      | 1847 ||| ZAPPING wand of flame (15) at 1,0 (orc warrior;
                  | open_door).
  1847 | D:6      | 1847 ||| ZAPPING wand of flame (15) at 1,0 (orc warrior;
                  | open_door).
  1847 | D:6      | 1847 ||| ZAPPING wand of flame (15) at 1,0 (orc warrior;
                  | open_door).
  1847 | D:6      | 1847 ||| ZAPPING wand of flame (15) at 1,0 (orc warrior;
                  | open_door).
  1847 | D:6      | 1847 ||| ZAPPING wand of flame (15) at 1,0 (orc warrior;
                  | open_door).
  1847 | D:6      | 1847 ||| ZAPPING wand of flame (15) at 1,0 (orc warrior;
                  | open_door).
  1847 | D:6      | 1847 ||| ZAPPING wand of flame (15) at 1,0 (orc warrior;
                  | open_door).
  1847 | D:6      | 1847 ||| ZAPPING wand of flame (15) at 1,0 (orc warrior;
                  | open_door).
  1847 | D:6      | 1847 ||| ZAPPING wand of flame (15) at 1,0 (orc warrior;
                  | open_door).
  1847 | D:6      | 1847 ||| ZAPPING wand of flame (15) at 1,0 (orc warrior;
                  | open_door).
  1847 | D:6      | 1847 ||| ZAPPING wand of flame (15) at 1,0 (orc warrior;
                  | open_door).
  1847 | D:6      | 1847 ||| ZAPPING wand of flame (15) at 1,0 (orc warrior;
                  | open_door).
  1847 | D:6      | 1847 ||| ZAPPING wand of flame (15) at 1,0 (orc warrior;
                  | open_door).
  1847 | D:6      | 1847 ||| ZAPPING wand of flame (15) at 1,0 (orc warrior;
                  | open_door).
  1847 | D:6      | 1847 ||| ZAPPING wand of flame (15) at 1,0 (orc warrior;
                  | open_door).
  1847 | D:6      | 1847 ||| ZAPPING wand of flame (15) at 1,0 (orc warrior;
                  | open_door).
  1847 | D:6      | 1847 ||| ZAPPING wand of flame (15) at 1,0 (orc warrior;
                  | open_door).
  1847 | D:6      | 1847 ||| ZAPPING wand of flame (15) at 1,0 (orc warrior;
                  | open_door).
  1847 | D:6      | 1847 ||| ZAPPING wand of flame (15) at 1,0 (orc warrior;
                  | open_door).
  1847 | D:6      | 1847 ||| ZAPPING wand of flame (15) at 1,0 (orc warrior;
                  | open_door).
  1847 | D:6      | 1847 ||| ZAPPING wand of flame (15) at 1,0 (orc warrior;
                  | open_door).
  1847 | D:6      | 1847 ||| ZAPPING wand of flame (15) at 1,0 (orc warrior;
                  | open_door).
  1847 | D:6      | 1847 ||| ZAPPING wand of flame (15) at 1,0 (orc warrior;
                  | open_door).
  1847 | D:6      | 1847 ||| ZAPPING wand of flame (15) at 1,0 (orc warrior;
                  | open_door).
  1847 | D:6      | 1847 ||| ZAPPING wand of flame (15) at 1,0 (orc warrior;
                  | open_door).
  1847 | D:6      | 1847 ||| ZAPPING wand of flame (15) at 1,0 (orc warrior;
                  | open_door).
  1847 | D:6      | 1847 ||| ZAPPING wand of flame (15) at 1,0 (orc warrior;
                  | open_door).
  1847 | D:6      | 1847 ||| ZAPPING wand of flame (15) at 1,0 (orc warrior;
                  | open_door).
  1847 | D:6      | 1847 ||| ZAPPING wand of flame (15) at 1,0 (orc warrior;
                  | open_door).
  1847 | D:6      | 1847 ||| ZAPPING wand of flame (15) at 1,0 (orc warrior;
                  | open_door).
  1847 | D:6      | 1847 ||| ZAPPING wand of flame (15) at 1,0 (orc warrior;
                  | open_door).
  1847 | D:6      | 1847 ||| ZAPPING wand of flame (15) at 1,0 (orc warrior;
                  | open_door).
  1847 | D:6      | 1847 ||| ZAPPING wand of flame (15) at 1,0 (orc warrior;
                  | open_door).
  1847 | D:6      | 1847 ||| ZAPPING wand of flame (15) at 1,0 (orc warrior;
                  | open_door).
  1847 | D:6      | 1847 ||| ZAPPING wand of flame (15) at 1,0 (orc warrior;
                  | open_door).
  1847 | D:6      | 1847 ||| ZAPPING wand of flame (15) at 1,0 (orc warrior;
                  | open_door).
  1847 | D:6      | 1847 ||| ZAPPING wand of flame (15) at 1,0 (orc warrior;
                  | open_door).
  1847 | D:6      | 1847 ||| ZAPPING wand of flame (15) at 1,0 (orc warrior;
                  | open_door).
  1847 | D:6      | 1847 ||| ZAPPING wand of flame (15) at 1,0 (orc warrior;
                  | open_door).
  1847 | D:6      | 1847 ||| ZAPPING wand of flame (15) at 1,0 (orc warrior;
                  | open_door).
  1847 | D:6      | 1847 ||| ZAPPING wand of flame (15) at 1,0 (orc warrior;
                  | open_door).
  1847 | D:6      | 1847 ||| ZAPPING wand of flame (15) at 1,0 (orc warrior;
                  | open_door).
  1847 | D:6      | 1847 ||| ZAPPING wand of flame (15) at 1,0 (orc warrior;
                  | open_door).
  1847 | D:6      | 1847 ||| ZAPPING wand of flame (15) at 1,0 (orc warrior;
                  | open_door).
  1847 | D:6      | 1847 ||| ZAPPING wand of flame (15) at 1,0 (orc warrior;
                  | open_door).
  1847 | D:6      | 1847 ||| ZAPPING wand of flame (15) at 1,0 (orc warrior;
                  | open_door).
  1847 | D:6      | 1847 ||| ZAPPING wand of flame (15) at 1,0 (orc warrior;
                  | open_door).
  1847 | D:6      | 1847 ||| ZAPPING wand of flame (15) at 1,0 (orc warrior;
                  | open_door).
  1847 | D:6      | 1847 ||| ZAPPING wand of flame (15) at 1,0 (orc warrior;
                  | open_door).
  1847 | D:6      | 1847 ||| ZAPPING wand of flame (15) at 1,0 (orc warrior;
                  | open_door).
  1847 | D:6      | 1847 ||| ZAPPING wand of flame (15) at 1,0 (orc warrior;
                  | open_door).
  1847 | D:6      | 1847 ||| ZAPPING wand of flame (15) at 1,0 (orc warrior;
                  | open_door).
  1847 | D:6      | 1847 ||| ZAPPING wand of flame (15) at 1,0 (orc warrior;
                  | open_door).
  1847 | D:6      | 1847 ||| ZAPPING wand of flame (15) at 1,0 (orc warrior;
                  | open_door).
  1847 | D:6      | 1847 ||| ZAPPING wand of flame (15) at 1,0 (orc warrior;
                  | open_door).
  1847 | D:6      | 1847 ||| ZAPPING wand of flame (15) at 1,0 (orc warrior;
                  | open_door).
  1847 | D:6      | 1847 ||| ZAPPING wand of flame (15) at 1,0 (orc warrior;
                  | open_door).
  1847 | D:6      | 1847 ||| ZAPPING wand of flame (15) at 1,0 (orc warrior;
                  | open_door).
  1847 | D:6      | 1847 ||| ZAPPING wand of flame (15) at 1,0 (orc warrior;
                  | open_door).
  1847 | D:6      | 1847 ||| ZAPPING wand of flame (15) at 1,0 (orc warrior;
                  | open_door).
  1847 | D:6      | 1847 ||| ZAPPING wand of flame (15) at 1,0 (orc warrior;
                  | open_door).
  1847 | D:6      | 1847 ||| ZAPPING wand of flame (15) at 1,0 (orc warrior;
                  | open_door).
  1847 | D:6      | 1847 ||| ZAPPING wand of flame (15) at 1,0 (orc warrior;
                  | open_door).
  1847 | D:6      | 1847 ||| ZAPPING wand of flame (15) at 1,0 (orc warrior;
                  | open_door).
  1847 | D:6      | 1847 ||| ZAPPING wand of flame (15) at 1,0 (orc warrior;
                  | open_door).
  1847 | D:6      | 1847 ||| ZAPPING wand of flame (15) at 1,0 (orc warrior;
                  | open_door).
  1847 | D:6      | 1847 ||| ZAPPING wand of flame (15) at 1,0 (orc warrior;
                  | open_door).
  1847 | D:6      | 1847 ||| ZAPPING wand of flame (15) at 1,0 (orc warrior;
                  | open_door).
  1847 | D:6      | 1847 ||| ZAPPING wand of flame (15) at 1,0 (orc warrior;
                  | open_door).
  1847 | D:6      | 1847 ||| ZAPPING wand of flame (15) at 1,0 (orc warrior;
                  | open_door).
  1847 | D:6      | 1847 ||| ZAPPING wand of flame (15) at 1,0 (orc warrior;
                  | open_door).
  1847 | D:6      | 1847 ||| ZAPPING wand of flame (15) at 1,0 (orc warrior;
                  | open_door).
  1847 | D:6      | 1847 ||| ZAPPING wand of flame (15) at 1,0 (orc warrior;
                  | open_door).
  1847 | D:6      | 1847 ||| ZAPPING wand of flame (15) at 1,0 (orc warrior;
                  | open_door).
  1847 | D:6      | 1847 ||| ZAPPING wand of flame (15) at 1,0 (orc warrior;
                  | open_door).
  1847 | D:6      | 1847 ||| ZAPPING wand of flame (15) at 1,0 (orc warrior;
                  | open_door).
  1847 | D:6      | 1847 ||| ZAPPING wand of flame (15) at 1,0 (orc warrior;
                  | open_door).
  1847 | D:6      | 1847 ||| ZAPPING wand of flame (15) at 1,0 (orc warrior;
                  | open_door).
  1847 | D:6      | 1847 ||| ZAPPING wand of flame (15) at 1,0 (orc warrior;
                  | open_door).
  1847 | D:6      | 1847 ||| ZAPPING wand of flame (15) at 1,0 (orc warrior;
                  | open_door).
  1847 | D:6      | 1847 ||| ZAPPING wand of flame (15) at 1,0 (orc warrior;
                  | open_door).
  1847 | D:6      | 1847 ||| ZAPPING wand of flame (15) at 1,0 (orc warrior;
                  | open_door).
  1847 | D:6      | 1847 ||| ZAPPING wand of flame (15) at 1,0 (orc warrior;
                  | open_door).
  1847 | D:6      | 1847 ||| ZAPPING wand of flame (15) at 1,0 (orc warrior;
                  | open_door).
  1847 | D:6      | 1847 ||| ZAPPING wand of flame (15) at 1,0 (orc warrior;
                  | open_door).
  1847 | D:6      | 1847 ||| ZAPPING wand of flame (15) at 1,0 (orc warrior;
                  | open_door).
  1847 | D:6      | 1847 ||| ZAPPING wand of flame (15) at 1,0 (orc warrior;
                  | open_door).
  1847 | D:6      | 1847 ||| ZAPPING wand of flame (15) at 1,0 (orc warrior;
                  | open_door).
  1847 | D:6      | 1847 ||| ZAPPING wand of flame (15) at 1,0 (orc warrior;
                  | open_door).
  1847 | D:6      | 1847 ||| ZAPPING wand of flame (15) at 1,0 (orc warrior;
                  | open_door).
  1847 | D:6      | 1847 ||| ZAPPING wand of flame (15) at 1,0 (orc warrior;
                  | open_door).
  1847 | D:6      | 1847 ||| ZAPPING wand of flame (15) at 1,0 (orc warrior;
                  | open_door).
  1847 | D:6      | 1847 ||| ZAPPING wand of flame (15) at 1,0 (orc warrior;
                  | open_door).
  1847 | D:6      | 1847 ||| ZAPPING wand of flame (15) at 1,0 (orc warrior;
                  | open_door).
  1847 | D:6      | 1847 ||| ZAPPING wand of flame (15) at 1,0 (orc warrior;
                  | open_door).
  1847 | D:6      | 1847 ||| ZAPPING wand of flame (15) at 1,0 (orc warrior;
                  | open_door).
  1847 | D:6      | 1847 ||| ZAPPING wand of flame (15) at 1,0 (orc warrior;
                  | open_door).
  1847 | D:6      | 1847 ||| ZAPPING wand of flame (15) at 1,0 (orc warrior;
                  | open_door).
  1847 | D:6      | 1847 ||| ZAPPING wand of flame (15) at 1,0 (orc warrior;
                  | open_door).
  1847 | D:6      | 1847 ||| ZAPPING wand of flame (15) at 1,0 (orc warrior;
                  | open_door).
  1847 | D:6      | 1847 ||| ZAPPING wand of flame (15) at 1,0 (orc warrior;
                  | open_door).
  1847 | D:6      | 1847 ||| ZAPPING wand of flame (15) at 1,0 (orc warrior;
                  | open_door).
  1847 | D:6      | 1847 ||| ZAPPING wand of flame (15) at 1,0 (orc warrior;
                  | open_door).
  1847 | D:6      | 1847 ||| ZAPPING wand of flame (15) at 1,0 (orc warrior;
                  | open_door).
  1847 | D:6      | 1847 ||| ZAPPING wand of flame (15) at 1,0 (orc warrior;
                  | open_door).
  1847 | D:6      | 1847 ||| ZAPPING wand of flame (15) at 1,0 (orc warrior;
                  | open_door).
  1847 | D:6      | 1847 ||| ZAPPING wand of flame (15) at 1,0 (orc warrior;
                  | open_door).
  1847 | D:6      | 1847 ||| ZAPPING wand of flame (15) at 1,0 (orc warrior;
                  | open_door).
  1847 | D:6      | 1847 ||| ZAPPING wand of flame (15) at 1,0 (orc warrior;
                  | open_door).
  1847 | D:6      | 1847 ||| ZAPPING wand of flame (15) at 1,0 (orc warrior;
                  | open_door).
  1847 | D:6      | 1847 ||| ZAPPING wand of flame (15) at 1,0 (orc warrior;
                  | open_door).
  1847 | D:6      | 1847 ||| ZAPPING wand of flame (15) at 1,0 (orc warrior;
                  | open_door).
  1847 | D:6      | 1847 ||| ZAPPING wand of flame (15) at 1,0 (orc warrior;
                  | open_door).
  1847 | D:6      | 1847 ||| ZAPPING wand of flame (15) at 1,0 (orc warrior;
                  | open_door).
  1847 | D:6      | 1847 ||| ZAPPING wand of flame (15) at 1,0 (orc warrior;
                  | open_door).
  1847 | D:6      | 1847 ||| ZAPPING wand of flame (15) at 1,0 (orc warrior;
                  | open_door).
  1847 | D:6      | 1847 ||| ZAPPING wand of flame (15) at 1,0 (orc warrior;
                  | open_door).
  1847 | D:6      | 1847 ||| ZAPPING wand of flame (15) at 1,0 (orc warrior;
                  | open_door).
  1847 | D:6      | 1847 ||| ZAPPING wand of flame (15) at 1,0 (orc warrior;
                  | open_door).
  1847 | D:6      | 1847 ||| ZAPPING wand of flame (15) at 1,0 (orc warrior;
                  | open_door).
  1847 | D:6      | 1847 ||| ZAPPING wand of flame (15) at 1,0 (orc warrior;
                  | open_door).
  1847 | D:6      | 1847 ||| ZAPPING wand of flame (15) at 1,0 (orc warrior;
                  | open_door).
  1847 | D:6      | 1847 ||| ZAPPING wand of flame (15) at 1,0 (orc warrior;
                  | open_door).
  1847 | D:6      | 1847 ||| ZAPPING wand of flame (15) at 1,0 (orc warrior;
                  | open_door).
  1847 | D:6      | 1847 ||| ZAPPING wand of flame (15) at 1,0 (orc warrior;
                  | open_door).
  1847 | D:6      | 1847 ||| ZAPPING wand of flame (15) at 1,0 (orc warrior;
                  | open_door).
  1847 | D:6      | 1847 ||| ZAPPING wand of flame (15) at 1,0 (orc warrior;
                  | open_door).
  1847 | D:6      | 1847 ||| ZAPPING wand of flame (15) at 1,0 (orc warrior;
                  | open_door).
  1847 | D:6      | 1847 ||| ZAPPING wand of flame (15) at 1,0 (orc warrior;
                  | open_door).
  1847 | D:6      | 1847 ||| ZAPPING wand of flame (15) at 1,0 (orc warrior;
                  | open_door).
  1847 | D:6      | 1847 ||| ZAPPING wand of flame (15) at 1,0 (orc warrior;
                  | open_door).
  1847 | D:6      | 1847 ||| ZAPPING wand of flame (15) at 1,0 (orc warrior;
                  | open_door).
  1847 | D:6      | 1847 ||| ZAPPING wand of flame (15) at 1,0 (orc warrior;
                  | open_door).
  1847 | D:6      | 1847 ||| ZAPPING wand of flame (15) at 1,0 (orc warrior;
                  | open_door).
  1847 | D:6      | 1847 ||| ZAPPING wand of flame (15) at 1,0 (orc warrior;
                  | open_door).
  1847 | D:6      | 1847 ||| ZAPPING wand of flame (15) at 1,0 (orc warrior;
                  | open_door).
  1847 | D:6      | 1847 ||| ZAPPING wand of flame (15) at 1,0 (orc warrior;
                  | open_door).
  1847 | D:6      | 1847 ||| ZAPPING wand of flame (15) at 1,0 (orc warrior;
                  | open_door).
  1847 | D:6      | 1847 ||| ZAPPING wand of flame (15) at 1,0 (orc warrior;
                  | open_door).
  1847 | D:6      | 1847 ||| ZAPPING wand of flame (15) at 1,0 (orc warrior;
                  | open_door).
  1847 | D:6      | 1847 ||| ZAPPING wand of flame (15) at 1,0 (orc warrior;
                  | open_door).
  1847 | D:6      | 1847 ||| ZAPPING wand of flame (15) at 1,0 (orc warrior;
                  | open_door).
  1847 | D:6      | 1847 ||| ZAPPING wand of flame (15) at 1,0 (orc warrior;
                  | open_door).
  1847 | D:6      | 1847 ||| ZAPPING wand of flame (15) at 1,0 (orc warrior;
                  | open_door).
  1847 | D:6      | 1847 ||| ZAPPING wand of flame (15) at 1,0 (orc warrior;
                  | open_door).
  1847 | D:6      | 1847 ||| ZAPPING wand of flame (15) at 1,0 (orc warrior;
                  | open_door).
  1847 | D:6      | 1847 ||| ZAPPING wand of flame (15) at 1,0 (orc warrior;
                  | open_door).
  1847 | D:6      | 1847 ||| ZAPPING wand of flame (15) at 1,0 (orc warrior;
                  | open_door).
  1847 | D:6      | 1847 ||| ZAPPING wand of flame (15) at 1,0 (orc warrior;
                  | open_door).
  1847 | D:6      | 1847 ||| ZAPPING wand of flame (15) at 1,0 (orc warrior;
                  | open_door).
  1847 | D:6      | 1847 ||| ZAPPING wand of flame (15) at 1,0 (orc warrior;
                  | open_door).
  1847 | D:6      | 1847 ||| ZAPPING wand of flame (15) at 1,0 (orc warrior;
                  | open_door).
  1847 | D:6      | 1847 ||| ZAPPING wand of flame (15) at 1,0 (orc warrior;
                  | open_door).
  1847 | D:6      | 1847 ||| ZAPPING wand of flame (15) at 1,0 (orc warrior;
                  | open_door).
  1847 | D:6      | 1847 ||| ZAPPING wand of flame (15) at 1,0 (orc warrior;
                  | open_door).
  1847 | D:6      | 1847 ||| ZAPPING wand of flame (15) at 1,0 (orc warrior;
                  | open_door).
  1847 | D:6      | 1847 ||| ZAPPING wand of flame (15) at 1,0 (orc warrior;
                  | open_door).
  1847 | D:6      | 1847 ||| ZAPPING wand of flame (15) at 1,0 (orc warrior;
                  | open_door).
  1847 | D:6      | 1847 ||| ZAPPING wand of flame (15) at 1,0 (orc warrior;
                  | open_door).
  1847 | D:6      | 1847 ||| ZAPPING wand of flame (15) at 1,0 (orc warrior;
                  | open_door).
  1847 | D:6      | 1847 ||| ZAPPING wand of flame (15) at 1,0 (orc warrior;
                  | open_door).
  1847 | D:6      | 1847 ||| ZAPPING wand of flame (15) at 1,0 (orc warrior;
                  | open_door).
  1847 | D:6      | 1847 ||| ZAPPING wand of flame (15) at 1,0 (orc warrior;
                  | open_door).
  1847 | D:6      | 1847 ||| ZAPPING wand of flame (15) at 1,0 (orc warrior;
                  | open_door).
  1847 | D:6      | 1847 ||| ZAPPING wand of flame (15) at 1,0 (orc warrior;
                  | open_door).
  1847 | D:6      | 1847 ||| ZAPPING wand of flame (15) at 1,0 (orc warrior;
                  | open_door).
  1847 | D:6      | 1847 ||| ZAPPING wand of flame (15) at 1,0 (orc warrior;
                  | open_door).
  1847 | D:6      | 1847 ||| ZAPPING wand of flame (15) at 1,0 (orc warrior;
                  | open_door).
  1847 | D:6      | 1847 ||| ZAPPING wand of flame (15) at 1,0 (orc warrior;
                  | open_door).
  1847 | D:6      | 1847 ||| ZAPPING wand of flame (15) at 1,0 (orc warrior;
                  | open_door).
  1847 | D:6      | 1847 ||| ZAPPING wand of flame (15) at 1,0 (orc warrior;
                  | open_door).
  1847 | D:6      | 1847 ||| ZAPPING wand of flame (15) at 1,0 (orc warrior;
                  | open_door).
  1847 | D:6      | 1847 ||| ZAPPING wand of flame (15) at 1,0 (orc warrior;
                  | open_door).
  1847 | D:6      | 1847 ||| ZAPPING wand of flame (15) at 1,0 (orc warrior;
                  | open_door).
  1847 | D:6      | 1847 ||| ZAPPING wand of flame (15) at 1,0 (orc warrior;
                  | open_door).
  1847 | D:6      | 1847 ||| ZAPPING wand of flame (15) at 1,0 (orc warrior;
                  | open_door).
  1847 | D:6      | 1847 ||| ZAPPING wand of flame (15) at 1,0 (orc warrior;
                  | open_door).
  1847 | D:6      | 1847 ||| ZAPPING wand of flame (15) at 1,0 (orc warrior;
                  | open_door).
  1847 | D:6      | 1847 ||| ZAPPING wand of flame (15) at 1,0 (orc warrior;
                  | open_door).
  1847 | D:6      | 1847 ||| ZAPPING wand of flame (15) at 1,0 (orc warrior;
                  | open_door).
  1847 | D:6      | 1847 ||| ZAPPING wand of flame (15) at 1,0 (orc warrior;
                  | open_door).
  1847 | D:6      | 1847 ||| ZAPPING wand of flame (15) at 1,0 (orc warrior;
                  | open_door).
  1847 | D:6      | 1847 ||| ZAPPING wand of flame (15) at 1,0 (orc warrior;
                  | open_door).
  1847 | D:6      | 1847 ||| ZAPPING wand of flame (15) at 1,0 (orc warrior;
                  | open_door).
  1847 | D:6      | 1847 ||| ZAPPING wand of flame (15) at 1,0 (orc warrior;
                  | open_door).
  1847 | D:6      | 1847 ||| ZAPPING wand of flame (15) at 1,0 (orc warrior;
                  | open_door).
  1847 | D:6      | 1847 ||| ZAPPING wand of flame (15) at 1,0 (orc warrior;
                  | open_door).
  1847 | D:6      | 1847 ||| ZAPPING wand of flame (15) at 1,0 (orc warrior;
                  | open_door).
  1847 | D:6      | 1847 ||| ZAPPING wand of flame (15) at 1,0 (orc warrior;
                  | open_door).
  1847 | D:6      | 1847 ||| ZAPPING wand of flame (15) at 1,0 (orc warrior;
                  | open_door).
  1847 | D:6      | 1847 ||| ZAPPING wand of flame (15) at 1,0 (orc warrior;
                  | open_door).
  1847 | D:6      | 1847 ||| ZAPPING wand of flame (15) at 1,0 (orc warrior;
                  | open_door).
  1847 | D:6      | 1847 ||| ZAPPING wand of flame (15) at 1,0 (orc warrior;
                  | open_door).
  1847 | D:6      | 1847 ||| ZAPPING wand of flame (15) at 1,0 (orc warrior;
                  | open_door).
  1847 | D:6      | 1847 ||| ZAPPING wand of flame (15) at 1,0 (orc warrior;
                  | open_door).
  1847 | D:6      | 1847 ||| ZAPPING wand of flame (15) at 1,0 (orc warrior;
                  | open_door).
  1847 | D:6      | 1847 ||| ZAPPING wand of flame (15) at 1,0 (orc warrior;
                  | open_door).
  1847 | D:6      | 1847 ||| ZAPPING wand of flame (15) at 1,0 (orc warrior;
                  | open_door).
  1847 | D:6      | 1847 ||| ZAPPING wand of flame (15) at 1,0 (orc warrior;
                  | open_door).
  1847 | D:6      | 1847 ||| ZAPPING wand of flame (15) at 1,0 (orc warrior;
                  | open_door).
  1847 | D:6      | 1847 ||| ZAPPING wand of flame (15) at 1,0 (orc warrior;
                  | open_door).
  1847 | D:6      | 1847 ||| ZAPPING wand of flame (15) at 1,0 (orc warrior;
                  | open_door).
  1847 | D:6      | 1847 ||| ZAPPING wand of flame (15) at 1,0 (orc warrior;
                  | open_door).
  1847 | D:6      | 1847 ||| ZAPPING wand of flame (15) at 1,0 (orc warrior;
                  | open_door).
  1847 | D:6      | 1847 ||| ZAPPING wand of flame (15) at 1,0 (orc warrior;
                  | open_door).
  1847 | D:6      | 1847 ||| ZAPPING wand of flame (15) at 1,0 (orc warrior;
                  | open_door).
  1847 | D:6      | 1847 ||| ZAPPING wand of flame (15) at 1,0 (orc warrior;
                  | open_door).
  1847 | D:6      | 1847 ||| ZAPPING wand of flame (15) at 1,0 (orc warrior;
                  | open_door).
  1847 | D:6      | 1847 ||| ZAPPING wand of flame (15) at 1,0 (orc warrior;
                  | open_door).
  1847 | D:6      | 1847 ||| ZAPPING wand of flame (15) at 1,0 (orc warrior;
                  | open_door).
  1847 | D:6      | 1847 ||| ZAPPING wand of flame (15) at 1,0 (orc warrior;
                  | open_door).
  1847 | D:6      | 1847 ||| ZAPPING wand of flame (15) at 1,0 (orc warrior;
                  | open_door).
  1847 | D:6      | 1847 ||| ZAPPING wand of flame (15) at 1,0 (orc warrior;
                  | open_door).
  1847 | D:6      | 1847 ||| ZAPPING wand of flame (15) at 1,0 (orc warrior;
                  | open_door).
  1847 | D:6      | 1847 ||| ZAPPING wand of flame (15) at 1,0 (orc warrior;
                  | open_door).
  1847 | D:6      | 1847 ||| ZAPPING wand of flame (15) at 1,0 (orc warrior;
                  | open_door).
  1847 | D:6      | 1847 ||| ZAPPING wand of flame (15) at 1,0 (orc warrior;
                  | open_door).
  1847 | D:6      | 1847 ||| ZAPPING wand of flame (15) at 1,0 (orc warrior;
                  | open_door).
  1847 | D:6      | 1847 ||| ZAPPING wand of flame (15) at 1,0 (orc warrior;
                  | open_door).
  1847 | D:6      | 1847 ||| ZAPPING wand of flame (15) at 1,0 (orc warrior;
                  | open_door).
  1847 | D:6      | 1847 ||| ZAPPING wand of flame (15) at 1,0 (orc warrior;
                  | open_door).
  1847 | D:6      | 1847 ||| ZAPPING wand of flame (15) at 1,0 (orc warrior;
                  | open_door).
  1847 | D:6      | 1847 ||| ZAPPING wand of flame (15) at 1,0 (orc warrior;
                  | open_door).
  1847 | D:6      | 1847 ||| ZAPPING wand of flame (15) at 1,0 (orc warrior;
                  | open_door).
  1847 | D:6      | 1847 ||| ZAPPING wand of flame (15) at 1,0 (orc warrior;
                  | open_door).
  1847 | D:6      | 1847 ||| ZAPPING wand of flame (15) at 1,0 (orc warrior;
                  | open_door).
  1847 | D:6      | 1847 ||| ZAPPING wand of flame (15) at 1,0 (orc warrior;
                  | open_door).
  1847 | D:6      | 1847 ||| ZAPPING wand of flame (15) at 1,0 (orc warrior;
                  | open_door).
  1847 | D:6      | 1847 ||| ZAPPING wand of flame (15) at 1,0 (orc warrior;
                  | open_door).
  1847 | D:6      | 1847 ||| ZAPPING wand of flame (15) at 1,0 (orc warrior;
                  | open_door).
  1847 | D:6      | 1847 ||| ZAPPING wand of flame (15) at 1,0 (orc warrior;
                  | open_door).
  1847 | D:6      | 1847 ||| ZAPPING wand of flame (15) at 1,0 (orc warrior;
                  | open_door).
  1847 | D:6      | 1847 ||| ZAPPING wand of flame (15) at 1,0 (orc warrior;
                  | open_door).
  1847 | D:6      | 1847 ||| ZAPPING wand of flame (15) at 1,0 (orc warrior;
                  | open_door).
  1847 | D:6      | 1847 ||| ZAPPING wand of flame (15) at 1,0 (orc warrior;
                  | open_door).
  1847 | D:6      | 1847 ||| ZAPPING wand of flame (15) at 1,0 (orc warrior;
                  | open_door).
  1847 | D:6      | 1847 ||| ZAPPING wand of flame (15) at 1,0 (orc warrior;
                  | open_door).
  1847 | D:6      | 1847 ||| ZAPPING wand of flame (15) at 1,0 (orc warrior;
                  | open_door).
  1847 | D:6      | 1847 ||| ZAPPING wand of flame (15) at 1,0 (orc warrior;
                  | open_door).
  1847 | D:6      | 1847 ||| ZAPPING wand of flame (15) at 1,0 (orc warrior;
                  | open_door).
  1847 | D:6      | 1847 ||| ZAPPING wand of flame (15) at 1,0 (orc warrior;
                  | open_door).
  1847 | D:6      | 1847 ||| ZAPPING wand of flame (15) at 1,0 (orc warrior;
                  | open_door).
  1847 | D:6      | 1847 ||| ZAPPING wand of flame (15) at 1,0 (orc warrior;
                  | open_door).
  1847 | D:6      | 1847 ||| ZAPPING wand of flame (15) at 1,0 (orc warrior;
                  | open_door).
  1847 | D:6      | 1847 ||| ZAPPING wand of flame (15) at 1,0 (orc warrior;
                  | open_door).
  1847 | D:6      | 1847 ||| ZAPPING wand of flame (15) at 1,0 (orc warrior;
                  | open_door).
  1847 | D:6      | 1847 ||| ZAPPING wand of flame (15) at 1,0 (orc warrior;
                  | open_door).
  1847 | D:6      | 1847 ||| ZAPPING wand of flame (15) at 1,0 (orc warrior;
                  | open_door).
  1847 | D:6      | 1847 ||| ZAPPING wand of flame (15) at 1,0 (orc warrior;
                  | open_door).
  1847 | D:6      | 1847 ||| ZAPPING wand of flame (15) at 1,0 (orc warrior;
                  | open_door).
  1847 | D:6      | 1847 ||| ZAPPING wand of flame (15) at 1,0 (orc warrior;
                  | open_door).
  1847 | D:6      | 1847 ||| ZAPPING wand of flame (15) at 1,0 (orc warrior;
                  | open_door).
  1847 | D:6      | 1847 ||| ZAPPING wand of flame (15) at 1,0 (orc warrior;
                  | open_door).
  1847 | D:6      | 1847 ||| ZAPPING wand of flame (15) at 1,0 (orc warrior;
                  | open_door).
  1847 | D:6      | 1847 ||| ZAPPING wand of flame (15) at 1,0 (orc warrior;
                  | open_door).
  1847 | D:6      | 1847 ||| ZAPPING wand of flame (15) at 1,0 (orc warrior;
                  | open_door).
  1847 | D:6      | 1847 ||| ZAPPING wand of flame (15) at 1,0 (orc warrior;
                  | open_door).
  1847 | D:6      | 1847 ||| ZAPPING wand of flame (15) at 1,0 (orc warrior;
                  | open_door).
  1847 | D:6      | 1847 ||| ZAPPING wand of flame (15) at 1,0 (orc warrior;
                  | open_door).
  1847 | D:6      | 1847 ||| ZAPPING wand of flame (15) at 1,0 (orc warrior;
                  | open_door).
  1847 | D:6      | 1847 ||| ZAPPING wand of flame (15) at 1,0 (orc warrior;
                  | open_door).
  1847 | D:6      | 1847 ||| ZAPPING wand of flame (15) at 1,0 (orc warrior;
                  | open_door).
  1847 | D:6      | 1847 ||| ZAPPING wand of flame (15) at 1,0 (orc warrior;
                  | open_door).
  1847 | D:6      | 1847 ||| ZAPPING wand of flame (15) at 1,0 (orc warrior;
                  | open_door).
  1847 | D:6      | 1847 ||| ZAPPING wand of flame (15) at 1,0 (orc warrior;
                  | open_door).
  1847 | D:6      | 1847 ||| ZAPPING wand of flame (15) at 1,0 (orc warrior;
                  | open_door).
  1847 | D:6      | 1847 ||| ZAPPING wand of flame (15) at 1,0 (orc warrior;
                  | open_door).
  1847 | D:6      | 1847 ||| ZAPPING wand of flame (15) at 1,0 (orc warrior;
                  | open_door).
  1847 | D:6      | 1847 ||| ZAPPING wand of flame (15) at 1,0 (orc warrior;
                  | open_door).
  1847 | D:6      | 1847 ||| ZAPPING wand of flame (15) at 1,0 (orc warrior;
                  | open_door).
  1847 | D:6      | 1847 ||| ZAPPING wand of flame (15) at 1,0 (orc warrior;
                  | open_door).
  1847 | D:6      | 1847 ||| ZAPPING wand of flame (15) at 1,0 (orc warrior;
                  | open_door).
  1847 | D:6      | 1847 ||| ZAPPING wand of flame (15) at 1,0 (orc warrior;
                  | open_door).
  1847 | D:6      | 1847 ||| ZAPPING wand of flame (15) at 1,0 (orc warrior;
                  | open_door).
  1847 | D:6      | 1847 ||| ZAPPING wand of flame (15) at 1,0 (orc warrior;
                  | open_door).
  1847 | D:6      | 1847 ||| ZAPPING wand of flame (15) at 1,0 (orc warrior;
                  | open_door).
  1847 | D:6      | 1847 ||| ZAPPING wand of flame (15) at 1,0 (orc warrior;
                  | open_door).
  1847 | D:6      | 1847 ||| ZAPPING wand of flame (15) at 1,0 (orc warrior;
                  | open_door).
  1847 | D:6      | 1847 ||| ZAPPING wand of flame (15) at 1,0 (orc warrior;
                  | open_door).
  1847 | D:6      | 1847 ||| ZAPPING wand of flame (15) at 1,0 (orc warrior;
                  | open_door).
  1847 | D:6      | 1847 ||| ZAPPING wand of flame (15) at 1,0 (orc warrior;
                  | open_door).
  1847 | D:6      | 1847 ||| ZAPPING wand of flame (15) at 1,0 (orc warrior;
                  | open_door).
  1847 | D:6      | 1847 ||| ZAPPING wand of flame (15) at 1,0 (orc warrior;
                  | open_door).
  1847 | D:6      | 1847 ||| ZAPPING wand of flame (15) at 1,0 (orc warrior;
                  | open_door).
  1847 | D:6      | 1847 ||| ZAPPING wand of flame (15) at 1,0 (orc warrior;
                  | open_door).
  1847 | D:6      | 1847 ||| ZAPPING wand of flame (15) at 1,0 (orc warrior;
                  | open_door).
  1847 | D:6      | 1847 ||| ZAPPING wand of flame (15) at 1,0 (orc warrior;
                  | open_door).
  1847 | D:6      | 1847 ||| qw: Version: 0.3-a-155-g5e7d8dd
  1847 | D:6      | 1847 ||| qw: Game counter: 3553
  1847 | D:6      | 1847 ||| qw: Melee chars always use a shield: true
  1847 | D:6      | 1847 ||| qw: God list: Okawaru
  1847 | D:6      | 1847 ||| qw: Allow faded altars: false
  1847 | D:6      | 1847 ||| qw: Do Orc after clearing Dungeon:15 true
  1847 | D:6      | 1847 ||| qw: Do second Lair branch before Depths: true
  1847 | D:6      | 1847 ||| qw: Lair rune preference: random
  1847 | D:6      | 1847 ||| qw: Goals: Normal
  1847 | D:6      | 1847 ||| PLANNING SEWER
  1847 | D:6      | 1847 ||| ZAPPING wand of flame (15) at 1,0 (orc warrior;
                  | open_door).
  1847 | D:6      | 1847 ||| ZAPPING wand of flame (15) at 1,0 (orc warrior;
                  | open_door).
  1847 | D:6      | 1847 ||| ZAPPING wand of flame (15) at 1,0 (orc warrior;
                  | open_door).
  1847 | D:6      | 1847 ||| ZAPPING wand of flame (15) at 1,0 (orc warrior;
                  | open_door).
  1847 | D:6      | 1847 ||| ZAPPING wand of flame (15) at 1,0 (orc warrior;
                  | open_door).
  1847 | D:6      | 1847 ||| ZAPPING wand of flame (15) at 1,0 (orc warrior;
                  | open_door).
  1847 | D:6      | 1847 ||| ZAPPING wand of flame (15) at 1,0 (orc warrior;
                  | open_door).
  1847 | D:6      | 1847 ||| ZAPPING wand of flame (15) at 1,0 (orc warrior;
                  | open_door).
  1847 | D:6      | 1847 ||| ZAPPING wand of flame (15) at 1,0 (orc warrior;
                  | open_door).
  1847 | D:6      | 1847 ||| ZAPPING wand of flame (15) at 1,0 (orc warrior;
                  | open_door).
  1847 | D:6      | 1847 ||| ZAPPING wand of flame (15) at 1,0 (orc warrior;
                  | open_door).
  1847 | D:6      | 1847 ||| ZAPPING wand of flame (15) at 1,0 (orc warrior;
                  | open_door).
  1847 | D:6      | 1847 ||| ZAPPING wand of flame (15) at 1,0 (orc warrior;
                  | open_door).
  1847 | D:6      | 1847 ||| ZAPPING wand of flame (15) at 1,0 (orc warrior;
                  | open_door).
  1847 | D:6      | 1847 ||| ZAPPING wand of flame (15) at 1,0 (orc warrior;
                  | open_door).
  1847 | D:6      | 1847 ||| ZAPPING wand of flame (15) at 1,0 (orc warrior;
                  | open_door).
  1847 | D:6      | 1847 ||| ZAPPING wand of flame (15) at 1,0 (orc warrior;
                  | open_door).
  1847 | D:6      | 1847 ||| ZAPPING wand of flame (15) at 1,0 (orc warrior;
                  | open_door).
  1847 | D:6      | 1847 ||| ZAPPING wand of flame (15) at 1,0 (orc warrior;
                  | open_door).
  1847 | D:6      | 1847 ||| ZAPPING wand of flame (15) at 1,0 (orc warrior;
                  | open_door).
  1847 | D:6      | 1847 ||| ZAPPING wand of flame (15) at 1,0 (orc warrior;
                  | open_door).
  1847 | D:6      | 1847 ||| ZAPPING wand of flame (15) at 1,0 (orc warrior;
                  | open_door).
  1847 | D:6      | 1847 ||| ZAPPING wand of flame (15) at 1,0 (orc warrior;
                  | open_door).
  1847 | D:6      | 1847 ||| ZAPPING wand of flame (15) at 1,0 (orc warrior;
                  | open_door).
  1847 | D:6      | 1847 ||| ZAPPING wand of flame (15) at 1,0 (orc warrior;
                  | open_door).
  1847 | D:6      | 1847 ||| ZAPPING wand of flame (15) at 1,0 (orc warrior;
                  | open_door).
  1847 | D:6      | 1847 ||| ZAPPING wand of flame (15) at 1,0 (orc warrior;
                  | open_door).
  1847 | D:6      | 1847 ||| ZAPPING wand of flame (15) at 1,0 (orc warrior;
                  | open_door).
  1847 | D:6      | 1847 ||| ZAPPING wand of flame (15) at 1,0 (orc warrior;
                  | open_door).
  1847 | D:6      | 1847 ||| ZAPPING wand of flame (15) at 1,0 (orc warrior;
                  | open_door).
  1847 | D:6      | 1847 ||| ZAPPING wand of flame (15) at 1,0 (orc warrior;
                  | open_door).
  1847 | D:6      | 1847 ||| ZAPPING wand of flame (15) at 1,0 (orc warrior;
                  | open_door).
  1847 | D:6      | 1847 ||| ZAPPING wand of flame (15) at 1,0 (orc warrior;
                  | open_door).
  1847 | D:6      | 1847 ||| ZAPPING wand of flame (15) at 1,0 (orc warrior;
                  | open_door).
  1847 | D:6      | 1847 ||| ZAPPING wand of flame (15) at 1,0 (orc warrior;
                  | open_door).
  1847 | D:6      | 1847 ||| ZAPPING wand of flame (15) at 1,0 (orc warrior;
                  | open_door).
  1847 | D:6      | 1847 ||| ZAPPING wand of flame (15) at 1,0 (orc warrior;
                  | open_door).
  1847 | D:6      | 1847 ||| ZAPPING wand of flame (15) at 1,0 (orc warrior;
                  | open_door).
  1847 | D:6      | 1847 ||| ZAPPING wand of flame (15) at 1,0 (orc warrior;
                  | open_door).
  1847 | D:6      | 1847 ||| ZAPPING wand of flame (15) at 1,0 (orc warrior;
                  | open_door).
  1847 | D:6      | 1847 ||| ZAPPING wand of flame (15) at 1,0 (orc warrior;
                  | open_door).
  1847 | D:6      | 1847 ||| ZAPPING wand of flame (15) at 1,0 (orc warrior;
                  | open_door).
  1847 | D:6      | 1847 ||| ZAPPING wand of flame (15) at 1,0 (orc warrior;
                  | open_door).
  1847 | D:6      | 1847 ||| ZAPPING wand of flame (15) at 1,0 (orc warrior;
                  | open_door).
  1847 | D:6      | 1847 ||| ZAPPING wand of flame (15) at 1,0 (orc warrior;
                  | open_door).
  1847 | D:6      | 1847 ||| ZAPPING wand of flame (15) at 1,0 (orc warrior;
                  | open_door).
  1847 | D:6      | 1847 ||| ZAPPING wand of flame (15) at 1,0 (orc warrior;
                  | open_door).
  1847 | D:6      | 1847 ||| ZAPPING wand of flame (15) at 1,0 (orc warrior;
                  | open_door).
  1847 | D:6      | 1847 ||| ZAPPING wand of flame (15) at 1,0 (orc warrior;
                  | open_door).
  1847 | D:6      | 1847 ||| ZAPPING wand of flame (15) at 1,0 (orc warrior;
                  | open_door).
  1847 | D:6      | 1847 ||| ZAPPING wand of flame (15) at 1,0 (orc warrior;
                  | open_door).
  1847 | D:6      | 1847 ||| ZAPPING wand of flame (15) at 1,0 (orc warrior;
                  | open_door).
  1847 | D:6      | 1847 ||| ZAPPING wand of flame (15) at 1,0 (orc warrior;
                  | open_door).
  1847 | D:6      | 1847 ||| ZAPPING wand of flame (15) at 1,0 (orc warrior;
                  | open_door).
  1847 | D:6      | 1847 ||| ZAPPING wand of flame (15) at 1,0 (orc warrior;
                  | open_door).
  1847 | D:6      | 1847 ||| ZAPPING wand of flame (15) at 1,0 (orc warrior;
                  | open_door).
  1847 | D:6      | 1847 ||| ZAPPING wand of flame (15) at 1,0 (orc warrior;
                  | open_door).
  1847 | D:6      | 1847 ||| ZAPPING wand of flame (15) at 1,0 (orc warrior;
                  | open_door).
  1847 | D:6      | 1847 ||| ZAPPING wand of flame (15) at 1,0 (orc warrior;
                  | open_door).
  1847 | D:6      | 1847 ||| ZAPPING wand of flame (15) at 1,0 (orc warrior;
                  | open_door).
  1847 | D:6      | 1847 ||| ZAPPING wand of flame (15) at 1,0 (orc warrior;
                  | open_door).
  1847 | D:6      | 1847 ||| ZAPPING wand of flame (15) at 1,0 (orc warrior;
                  | open_door).
  1847 | D:6      | 1847 ||| ZAPPING wand of flame (15) at 1,0 (orc warrior;
                  | open_door).
  1847 | D:6      | 1847 ||| ZAPPING wand of flame (15) at 1,0 (orc warrior;
                  | open_door).
  1847 | D:6      | 1847 ||| ZAPPING wand of flame (15) at 1,0 (orc warrior;
                  | open_door).
  1847 | D:6      | 1847 ||| ZAPPING wand of flame (15) at 1,0 (orc warrior;
                  | open_door).
  1847 | D:6      | 1847 ||| ZAPPING wand of flame (15) at 1,0 (orc warrior;
                  | open_door).
  1847 | D:6      | 1847 ||| ZAPPING wand of flame (15) at 1,0 (orc warrior;
                  | open_door).
  1847 | D:6      | 1847 ||| ZAPPING wand of flame (15) at 1,0 (orc warrior;
                  | open_door).
  1847 | D:6      | 1847 ||| ZAPPING wand of flame (15) at 1,0 (orc warrior;
                  | open_door).
  1847 | D:6      | 1847 ||| ZAPPING wand of flame (15) at 1,0 (orc warrior;
                  | open_door).
  1847 | D:6      | 1847 ||| ZAPPING wand of flame (15) at 1,0 (orc warrior;
                  | open_door).
  1847 | D:6      | 1847 ||| ZAPPING wand of flame (15) at 1,0 (orc warrior;
                  | open_door).
  1847 | D:6      | 1847 ||| ZAPPING wand of flame (15) at 1,0 (orc warrior;
                  | open_door).
  1847 | D:6      | 1847 ||| ZAPPING wand of flame (15) at 1,0 (orc warrior;
                  | open_door).
  1847 | D:6      | 1847 ||| ZAPPING wand of flame (15) at 1,0 (orc warrior;
                  | open_door).
  1847 | D:6      | 1847 ||| ZAPPING wand of flame (15) at 1,0 (orc warrior;
                  | open_door).
  1847 | D:6      | 1847 ||| ZAPPING wand of flame (15) at 1,0 (orc warrior;
                  | open_door).
  1847 | D:6      | 1847 ||| ZAPPING wand of flame (15) at 1,0 (orc warrior;
                  | open_door).
  1847 | D:6      | 1847 ||| ZAPPING wand of flame (15) at 1,0 (orc warrior;
                  | open_door).
  1847 | D:6      | 1847 ||| ZAPPING wand of flame (15) at 1,0 (orc warrior;
                  | open_door).
  1847 | D:6      | 1847 ||| ZAPPING wand of flame (15) at 1,0 (orc warrior;
                  | open_door).
  1847 | D:6      | 1847 ||| ZAPPING wand of flame (15) at 1,0 (orc warrior;
                  | open_door).
  1847 | D:6      | 1847 ||| ZAPPING wand of flame (15) at 1,0 (orc warrior;
                  | open_door).
  1847 | D:6      | 1847 ||| ZAPPING wand of flame (15) at 1,0 (orc warrior;
                  | open_door).
  1847 | D:6      | 1847 ||| ZAPPING wand of flame (15) at 1,0 (orc warrior;
                  | open_door).
  1847 | D:6      | 1847 ||| ZAPPING wand of flame (15) at 1,0 (orc warrior;
                  | open_door).
  1847 | D:6      | 1847 ||| ZAPPING wand of flame (15) at 1,0 (orc warrior;
                  | open_door).
  1847 | D:6      | 1847 ||| ZAPPING wand of flame (15) at 1,0 (orc warrior;
                  | open_door).
  1847 | D:6      | 1847 ||| ZAPPING wand of flame (15) at 1,0 (orc warrior;
                  | open_door).
  1847 | D:6      | 1847 ||| ZAPPING wand of flame (15) at 1,0 (orc warrior;
                  | open_door).
  1847 | D:6      | 1847 ||| ZAPPING wand of flame (15) at 1,0 (orc warrior;
                  | open_door).
  1847 | D:6      | 1847 ||| ZAPPING wand of flame (15) at 1,0 (orc warrior;
                  | open_door).
  1847 | D:6      | 1847 ||| ZAPPING wand of flame (15) at 1,0 (orc warrior;
                  | open_door).
  1847 | D:6      | 1847 ||| ZAPPING wand of flame (15) at 1,0 (orc warrior;
                  | open_door).
  1847 | D:6      | 1847 ||| ZAPPING wand of flame (15) at 1,0 (orc warrior;
                  | open_door).
  1847 | D:6      | 1847 ||| ZAPPING wand of flame (15) at 1,0 (orc warrior;
                  | open_door).
  1847 | D:6      | 1847 ||| ZAPPING wand of flame (15) at 1,0 (orc warrior;
                  | open_door).
  1847 | D:6      | 1847 ||| ZAPPING wand of flame (15) at 1,0 (orc warrior;
                  | open_door).
  1847 | D:6      | 1847 ||| ZAPPING wand of flame (15) at 1,0 (orc warrior;
                  | open_door).
  1847 | D:6      | 1847 ||| ZAPPING wand of flame (15) at 1,0 (orc warrior;
                  | open_door).
  1847 | D:6      | 1847 ||| ZAPPING wand of flame (15) at 1,0 (orc warrior;
                  | open_door).
  1847 | D:6      | 1847 ||| ZAPPING wand of flame (15) at 1,0 (orc warrior;
                  | open_door).
  1847 | D:6      | 1847 ||| ZAPPING wand of flame (15) at 1,0 (orc warrior;
                  | open_door).
  1847 | D:6      | 1847 ||| ZAPPING wand of flame (15) at 1,0 (orc warrior;
                  | open_door).
  1847 | D:6      | 1847 ||| ZAPPING wand of flame (15) at 1,0 (orc warrior;
                  | open_door).
  1847 | D:6      | 1847 ||| ZAPPING wand of flame (15) at 1,0 (orc warrior;
                  | open_door).
  1847 | D:6      | 1847 ||| ZAPPING wand of flame (15) at 1,0 (orc warrior;
                  | open_door).
  1847 | D:6      | 1847 ||| ZAPPING wand of flame (15) at 1,0 (orc warrior;
                  | open_door).
  1847 | D:6      | 1847 ||| ZAPPING wand of flame (15) at 1,0 (orc warrior;
                  | open_door).
  1847 | D:6      | 1847 ||| ZAPPING wand of flame (15) at 1,0 (orc warrior;
                  | open_door).
  1847 | D:6      | 1847 ||| ZAPPING wand of flame (15) at 1,0 (orc warrior;
                  | open_door).
  1847 | D:6      | 1847 ||| ZAPPING wand of flame (15) at 1,0 (orc warrior;
                  | open_door).
  1847 | D:6      | 1847 ||| ZAPPING wand of flame (15) at 1,0 (orc warrior;
                  | open_door).
  1847 | D:6      | 1847 ||| ZAPPING wand of flame (15) at 1,0 (orc warrior;
                  | open_door).
  1847 | D:6      | 1847 ||| ZAPPING wand of flame (15) at 1,0 (orc warrior;
                  | open_door).
  1847 | D:6      | 1847 ||| ZAPPING wand of flame (15) at 1,0 (orc warrior;
                  | open_door).
  1847 | D:6      | 1847 ||| ZAPPING wand of flame (15) at 1,0 (orc warrior;
                  | open_door).
  1847 | D:6      | 1847 ||| ZAPPING wand of flame (15) at 1,0 (orc warrior;
                  | open_door).
  1847 | D:6      | 1847 ||| ZAPPING wand of flame (15) at 1,0 (orc warrior;
                  | open_door).
  1847 | D:6      | 1847 ||| ZAPPING wand of flame (15) at 1,0 (orc warrior;
                  | open_door).
  1847 | D:6      | 1847 ||| ZAPPING wand of flame (15) at 1,0 (orc warrior;
                  | open_door).
  1847 | D:6      | 1847 ||| ZAPPING wand of flame (15) at 1,0 (orc warrior;
                  | open_door).
  1847 | D:6      | 1847 ||| ZAPPING wand of flame (15) at 1,0 (orc warrior;
                  | open_door).
  1847 | D:6      | 1847 ||| ZAPPING wand of flame (15) at 1,0 (orc warrior;
                  | open_door).
  1847 | D:6      | 1847 ||| ZAPPING wand of flame (15) at 1,0 (orc warrior;
                  | open_door).
  1847 | D:6      | 1847 ||| ZAPPING wand of flame (15) at 1,0 (orc warrior;
                  | open_door).
  1847 | D:6      | 1847 ||| ZAPPING wand of flame (15) at 1,0 (orc warrior;
                  | open_door).
  1847 | D:6      | 1847 ||| ZAPPING wand of flame (15) at 1,0 (orc warrior;
                  | open_door).
  1847 | D:6      | 1847 ||| ZAPPING wand of flame (15) at 1,0 (orc warrior;
                  | open_door).
  1847 | D:6      | 1847 ||| ZAPPING wand of flame (15) at 1,0 (orc warrior;
                  | open_door).
  1847 | D:6      | 1847 ||| ZAPPING wand of flame (15) at 1,0 (orc warrior;
                  | open_door).
  1847 | D:6      | 1847 ||| ZAPPING wand of flame (15) at 1,0 (orc warrior;
                  | open_door).
  1847 | D:6      | 1847 ||| ZAPPING wand of flame (15) at 1,0 (orc warrior;
                  | open_door).
  1847 | D:6      | 1847 ||| ZAPPING wand of flame (15) at 1,0 (orc warrior;
                  | open_door).
  1847 | D:6      | 1847 ||| ZAPPING wand of flame (15) at 1,0 (orc warrior;
                  | open_door).
  1847 | D:6      | 1847 ||| ZAPPING wand of flame (15) at 1,0 (orc warrior;
                  | open_door).
  1847 | D:6      | 1847 ||| ZAPPING wand of flame (15) at 1,0 (orc warrior;
                  | open_door).
  1847 | D:6      | 1847 ||| ZAPPING wand of flame (15) at 1,0 (orc warrior;
                  | open_door).
  1847 | D:6      | 1847 ||| ZAPPING wand of flame (15) at 1,0 (orc warrior;
                  | open_door).
  1847 | D:6      | 1847 ||| ZAPPING wand of flame (15) at 1,0 (orc warrior;
                  | open_door).
  1847 | D:6      | 1847 ||| ZAPPING wand of flame (15) at 1,0 (orc warrior;
                  | open_door).
  1847 | D:6      | 1847 ||| ZAPPING wand of flame (15) at 1,0 (orc warrior;
                  | open_door).
  1847 | D:6      | 1847 ||| ZAPPING wand of flame (15) at 1,0 (orc warrior;
                  | open_door).
  1847 | D:6      | 1847 ||| ZAPPING wand of flame (15) at 1,0 (orc warrior;
                  | open_door).
  1847 | D:6      | 1847 ||| ZAPPING wand of flame (15) at 1,0 (orc warrior;
                  | open_door).
  1847 | D:6      | 1847 ||| ZAPPING wand of flame (15) at 1,0 (orc warrior;
                  | open_door).
  1847 | D:6      | 1847 ||| ZAPPING wand of flame (15) at 1,0 (orc warrior;
                  | open_door).
  1847 | D:6      | 1847 ||| ZAPPING wand of flame (15) at 1,0 (orc warrior;
                  | open_door).
  1847 | D:6      | 1847 ||| ZAPPING wand of flame (15) at 1,0 (orc warrior;
                  | open_door).
  1847 | D:6      | 1847 ||| ZAPPING wand of flame (15) at 1,0 (orc warrior;
                  | open_door).
  1847 | D:6      | 1847 ||| ZAPPING wand of flame (15) at 1,0 (orc warrior;
                  | open_door).
  1847 | D:6      | 1847 ||| ZAPPING wand of flame (15) at 1,0 (orc warrior;
                  | open_door).
  1847 | D:6      | 1847 ||| ZAPPING wand of flame (15) at 1,0 (orc warrior;
                  | open_door).
  1847 | D:6      | 1847 ||| ZAPPING wand of flame (15) at 1,0 (orc warrior;
                  | open_door).
  1847 | D:6      | 1847 ||| ZAPPING wand of flame (15) at 1,0 (orc warrior;
                  | open_door).
  1847 | D:6      | 1847 ||| ZAPPING wand of flame (15) at 1,0 (orc warrior;
                  | open_door).
  1847 | D:6      | 1847 ||| ZAPPING wand of flame (15) at 1,0 (orc warrior;
                  | open_door).
  1847 | D:6      | 1847 ||| ZAPPING wand of flame (15) at 1,0 (orc warrior;
                  | open_door).
  1847 | D:6      | 1847 ||| ZAPPING wand of flame (15) at 1,0 (orc warrior;
                  | open_door).
  1847 | D:6      | 1847 ||| ZAPPING wand of flame (15) at 1,0 (orc warrior;
                  | open_door).
  1847 | D:6      | 1847 ||| ZAPPING wand of flame (15) at 1,0 (orc warrior;
                  | open_door).
  1847 | D:6      | 1847 ||| ZAPPING wand of flame (15) at 1,0 (orc warrior;
                  | open_door).
  1847 | D:6      | 1847 ||| ZAPPING wand of flame (15) at 1,0 (orc warrior;
                  | open_door).
  1847 | D:6      | 1847 ||| ZAPPING wand of flame (15) at 1,0 (orc warrior;
                  | open_door).
  1847 | D:6      | 1847 ||| ZAPPING wand of flame (15) at 1,0 (orc warrior;
                  | open_door).
  1847 | D:6      | 1847 ||| ZAPPING wand of flame (15) at 1,0 (orc warrior;
                  | open_door).
  1847 | D:6      | 1847 ||| ZAPPING wand of flame (15) at 1,0 (orc warrior;
                  | open_door).
  1847 | D:6      | 1847 ||| ZAPPING wand of flame (15) at 1,0 (orc warrior;
                  | open_door).
  1847 | D:6      | 1847 ||| ZAPPING wand of flame (15) at 1,0 (orc warrior;
                  | open_door).
  1847 | D:6      | 1847 ||| ZAPPING wand of flame (15) at 1,0 (orc warrior;
                  | open_door).
  1847 | D:6      | 1847 ||| ZAPPING wand of flame (15) at 1,0 (orc warrior;
                  | open_door).
  1847 | D:6      | 1847 ||| ZAPPING wand of flame (15) at 1,0 (orc warrior;
                  | open_door).
  1847 | D:6      | 1847 ||| ZAPPING wand of flame (15) at 1,0 (orc warrior;
                  | open_door).
  1847 | D:6      | 1847 ||| ZAPPING wand of flame (15) at 1,0 (orc warrior;
                  | open_door).
  1847 | D:6      | 1847 ||| ZAPPING wand of flame (15) at 1,0 (orc warrior;
                  | open_door).
  1847 | D:6      | 1847 ||| ZAPPING wand of flame (15) at 1,0 (orc warrior;
                  | open_door).
  1847 | D:6      | 1847 ||| ZAPPING wand of flame (15) at 1,0 (orc warrior;
                  | open_door).
  1847 | D:6      | 1847 ||| ZAPPING wand of flame (15) at 1,0 (orc warrior;
                  | open_door).
  1847 | D:6      | 1847 ||| ZAPPING wand of flame (15) at 1,0 (orc warrior;
                  | open_door).
  1847 | D:6      | 1847 ||| ZAPPING wand of flame (15) at 1,0 (orc warrior;
                  | open_door).
  1847 | D:6      | 1847 ||| ZAPPING wand of flame (15) at 1,0 (orc warrior;
                  | open_door).
  1847 | D:6      | 1847 ||| ZAPPING wand of flame (15) at 1,0 (orc warrior;
                  | open_door).
  1847 | D:6      | 1847 ||| ZAPPING wand of flame (15) at 1,0 (orc warrior;
                  | open_door).
  1847 | D:6      | 1847 ||| ZAPPING wand of flame (15) at 1,0 (orc warrior;
                  | open_door).
  1847 | D:6      | 1847 ||| ZAPPING wand of flame (15) at 1,0 (orc warrior;
                  | open_door).
  1847 | D:6      | 1847 ||| ZAPPING wand of flame (15) at 1,0 (orc warrior;
                  | open_door).
  1847 | D:6      | 1847 ||| ZAPPING wand of flame (15) at 1,0 (orc warrior;
                  | open_door).
  1847 | D:6      | 1847 ||| ZAPPING wand of flame (15) at 1,0 (orc warrior;
                  | open_door).
  1847 | D:6      | 1847 ||| ZAPPING wand of flame (15) at 1,0 (orc warrior;
                  | open_door).
  1847 | D:6      | 1847 ||| ZAPPING wand of flame (15) at 1,0 (orc warrior;
                  | open_door).
  1847 | D:6      | 1847 ||| ZAPPING wand of flame (15) at 1,0 (orc warrior;
                  | open_door).
  1847 | D:6      | 1847 ||| ZAPPING wand of flame (15) at 1,0 (orc warrior;
                  | open_door).
  1847 | D:6      | 1847 ||| ZAPPING wand of flame (15) at 1,0 (orc warrior;
                  | open_door).
  1847 | D:6      | 1847 ||| ZAPPING wand of flame (15) at 1,0 (orc warrior;
                  | open_door).
  1847 | D:6      | 1847 ||| ZAPPING wand of flame (15) at 1,0 (orc warrior;
                  | open_door).
  1847 | D:6      | 1847 ||| ZAPPING wand of flame (15) at 1,0 (orc warrior;
                  | open_door).
  1847 | D:6      | 1847 ||| ZAPPING wand of flame (15) at 1,0 (orc warrior;
                  | open_door).
  1847 | D:6      | 1847 ||| ZAPPING wand of flame (15) at 1,0 (orc warrior;
                  | open_door).
  1847 | D:6      | 1847 ||| ZAPPING wand of flame (15) at 1,0 (orc warrior;
                  | open_door).
  1847 | D:6      | 1847 ||| ZAPPING wand of flame (15) at 1,0 (orc warrior;
                  | open_door).
  1847 | D:6      | 1847 ||| ZAPPING wand of flame (15) at 1,0 (orc warrior;
                  | open_door).
  1847 | D:6      | 1847 ||| ZAPPING wand of flame (15) at 1,0 (orc warrior;
                  | open_door).
  1847 | D:6      | 1847 ||| ZAPPING wand of flame (15) at 1,0 (orc warrior;
                  | open_door).
  1847 | D:6      | 1847 ||| ZAPPING wand of flame (15) at 1,0 (orc warrior;
                  | open_door).
  1847 | D:6      | 1847 ||| ZAPPING wand of flame (15) at 1,0 (orc warrior;
                  | open_door).
  1847 | D:6      | 1847 ||| ZAPPING wand of flame (15) at 1,0 (orc warrior;
                  | open_door).
  1847 | D:6      | 1847 ||| ZAPPING wand of flame (15) at 1,0 (orc warrior;
                  | open_door).
  1847 | D:6      | 1847 ||| ZAPPING wand of flame (15) at 1,0 (orc warrior;
                  | open_door).
  1847 | D:6      | 1847 ||| ZAPPING wand of flame (15) at 1,0 (orc warrior;
                  | open_door).
  1847 | D:6      | 1847 ||| ZAPPING wand of flame (15) at 1,0 (orc warrior;
                  | open_door).
  1847 | D:6      | 1847 ||| ZAPPING wand of flame (15) at 1,0 (orc warrior;
                  | open_door).
  1847 | D:6      | 1847 ||| ZAPPING wand of flame (15) at 1,0 (orc warrior;
                  | open_door).
  1847 | D:6      | 1847 ||| ZAPPING wand of flame (15) at 1,0 (orc warrior;
                  | open_door).
  1847 | D:6      | 1847 ||| ZAPPING wand of flame (15) at 1,0 (orc warrior;
                  | open_door).
  1847 | D:6      | 1847 ||| ZAPPING wand of flame (15) at 1,0 (orc warrior;
                  | open_door).
  1847 | D:6      | 1847 ||| ZAPPING wand of flame (15) at 1,0 (orc warrior;
                  | open_door).
  1847 | D:6      | 1847 ||| ZAPPING wand of flame (15) at 1,0 (orc warrior;
                  | open_door).
  1847 | D:6      | 1847 ||| ZAPPING wand of flame (15) at 1,0 (orc warrior;
                  | open_door).
  1847 | D:6      | 1847 ||| ZAPPING wand of flame (15) at 1,0 (orc warrior;
                  | open_door).
  1847 | D:6      | 1847 ||| ZAPPING wand of flame (15) at 1,0 (orc warrior;
                  | open_door).
  1847 | D:6      | 1847 ||| ZAPPING wand of flame (15) at 1,0 (orc warrior;
                  | open_door).
  1847 | D:6      | 1847 ||| ZAPPING wand of flame (15) at 1,0 (orc warrior;
                  | open_door).
  1847 | D:6      | 1847 ||| ZAPPING wand of flame (15) at 1,0 (orc warrior;
                  | open_door).
  1847 | D:6      | 1847 ||| ZAPPING wand of flame (15) at 1,0 (orc warrior;
                  | open_door).
  1847 | D:6      | 1847 ||| ZAPPING wand of flame (15) at 1,0 (orc warrior;
                  | open_door).
  1847 | D:6      | 1847 ||| ZAPPING wand of flame (15) at 1,0 (orc warrior;
                  | open_door).
  1847 | D:6      | 1847 ||| ZAPPING wand of flame (15) at 1,0 (orc warrior;
                  | open_door).
  1847 | D:6      | 1847 ||| ZAPPING wand of flame (15) at 1,0 (orc warrior;
                  | open_door).
  1847 | D:6      | 1847 ||| ZAPPING wand of flame (15) at 1,0 (orc warrior;
                  | open_door).
  1847 | D:6      | 1847 ||| ZAPPING wand of flame (15) at 1,0 (orc warrior;
                  | open_door).
  1847 | D:6      | 1847 ||| ZAPPING wand of flame (15) at 1,0 (orc warrior;
                  | open_door).
  1847 | D:6      | 1847 ||| ZAPPING wand of flame (15) at 1,0 (orc warrior;
                  | open_door).
  1847 | D:6      | 1847 ||| ZAPPING wand of flame (15) at 1,0 (orc warrior;
                  | open_door).
  1847 | D:6      | 1847 ||| ZAPPING wand of flame (15) at 1,0 (orc warrior;
                  | open_door).
  1847 | D:6      | 1847 ||| ZAPPING wand of flame (15) at 1,0 (orc warrior;
                  | open_door).
  1847 | D:6      | 1847 ||| ZAPPING wand of flame (15) at 1,0 (orc warrior;
                  | open_door).
  1847 | D:6      | 1847 ||| ZAPPING wand of flame (15) at 1,0 (orc warrior;
                  | open_door).
  1847 | D:6      | 1847 ||| ZAPPING wand of flame (15) at 1,0 (orc warrior;
                  | open_door).
  1847 | D:6      | 1847 ||| ZAPPING wand of flame (15) at 1,0 (orc warrior;
                  | open_door).
  1847 | D:6      | 1847 ||| ZAPPING wand of flame (15) at 1,0 (orc warrior;
                  | open_door).
  1847 | D:6      | 1847 ||| ZAPPING wand of flame (15) at 1,0 (orc warrior;
                  | open_door).
  1847 | D:6      | 1847 ||| ZAPPING wand of flame (15) at 1,0 (orc warrior;
                  | open_door).
  1847 | D:6      | 1847 ||| ZAPPING wand of flame (15) at 1,0 (orc warrior;
                  | open_door).
  1847 | D:6      | 1847 ||| ZAPPING wand of flame (15) at 1,0 (orc warrior;
                  | open_door).
  1847 | D:6      | 1847 ||| ZAPPING wand of flame (15) at 1,0 (orc warrior;
                  | open_door).
  1847 | D:6      | 1847 ||| ZAPPING wand of flame (15) at 1,0 (orc warrior;
                  | open_door).
  1847 | D:6      | 1847 ||| ZAPPING wand of flame (15) at 1,0 (orc warrior;
                  | open_door).
  1847 | D:6      | 1847 ||| ZAPPING wand of flame (15) at 1,0 (orc warrior;
                  | open_door).
  1847 | D:6      | 1847 ||| ZAPPING wand of flame (15) at 1,0 (orc warrior;
                  | open_door).
  1847 | D:6      | 1847 ||| ZAPPING wand of flame (15) at 1,0 (orc warrior;
                  | open_door).
  1847 | D:6      | 1847 ||| ZAPPING wand of flame (15) at 1,0 (orc warrior;
                  | open_door).
  1847 | D:6      | 1847 ||| ZAPPING wand of flame (15) at 1,0 (orc warrior;
                  | open_door).
  1847 | D:6      | 1847 ||| ZAPPING wand of flame (15) at 1,0 (orc warrior;
                  | open_door).
  1847 | D:6      | 1847 ||| ZAPPING wand of flame (15) at 1,0 (orc warrior;
                  | open_door).
  1847 | D:6      | 1847 ||| ZAPPING wand of flame (15) at 1,0 (orc warrior;
                  | open_door).
  1847 | D:6      | 1847 ||| ZAPPING wand of flame (15) at 1,0 (orc warrior;
                  | open_door).
  1847 | D:6      | 1847 ||| ZAPPING wand of flame (15) at 1,0 (orc warrior;
                  | open_door).
  1847 | D:6      | 1847 ||| ZAPPING wand of flame (15) at 1,0 (orc warrior;
                  | open_door).
  1847 | D:6      | 1847 ||| ZAPPING wand of flame (15) at 1,0 (orc warrior;
                  | open_door).
  1847 | D:6      | 1847 ||| ZAPPING wand of flame (15) at 1,0 (orc warrior;
                  | open_door).
  1847 | D:6      | 1847 ||| ZAPPING wand of flame (15) at 1,0 (orc warrior;
                  | open_door).
  1847 | D:6      | 1847 ||| ZAPPING wand of flame (15) at 1,0 (orc warrior;
                  | open_door).
  1847 | D:6      | 1847 ||| ZAPPING wand of flame (15) at 1,0 (orc warrior;
                  | open_door).
  1847 | D:6      | 1847 ||| ZAPPING wand of flame (15) at 1,0 (orc warrior;
                  | open_door).
  1847 | D:6      | 1847 ||| ZAPPING wand of flame (15) at 1,0 (orc warrior;
                  | open_door).
  1847 | D:6      | 1847 ||| ZAPPING wand of flame (15) at 1,0 (orc warrior;
                  | open_door).
  1847 | D:6      | 1847 ||| ZAPPING wand of flame (15) at 1,0 (orc warrior;
                  | open_door).
  1847 | D:6      | 1847 ||| ZAPPING wand of flame (15) at 1,0 (orc warrior;
                  | open_door).
  1847 | D:6      | 1847 ||| ZAPPING wand of flame (15) at 1,0 (orc warrior;
                  | open_door).
  1847 | D:6      | 1847 ||| ZAPPING wand of flame (15) at 1,0 (orc warrior;
                  | open_door).
  1847 | D:6      | 1847 ||| ZAPPING wand of flame (15) at 1,0 (orc warrior;
                  | open_door).
  1847 | D:6      | 1847 ||| ZAPPING wand of flame (15) at 1,0 (orc warrior;
                  | open_door).
  1847 | D:6      | 1847 ||| ZAPPING wand of flame (15) at 1,0 (orc warrior;
                  | open_door).
  1847 | D:6      | 1847 ||| ZAPPING wand of flame (15) at 1,0 (orc warrior;
                  | open_door).
  1847 | D:6      | 1847 ||| ZAPPING wand of flame (15) at 1,0 (orc warrior;
                  | open_door).
  1847 | D:6      | 1847 ||| ZAPPING wand of flame (15) at 1,0 (orc warrior;
                  | open_door).
  1847 | D:6      | 1847 ||| ZAPPING wand of flame (15) at 1,0 (orc warrior;
                  | open_door).
  1847 | D:6      | 1847 ||| ZAPPING wand of flame (15) at 1,0 (orc warrior;
                  | open_door).
  1847 | D:6      | 1847 ||| ZAPPING wand of flame (15) at 1,0 (orc warrior;
                  | open_door).
  1847 | D:6      | 1847 ||| ZAPPING wand of flame (15) at 1,0 (orc warrior;
                  | open_door).
  1847 | D:6      | 1847 ||| ZAPPING wand of flame (15) at 1,0 (orc warrior;
                  | open_door).
  1847 | D:6      | 1847 ||| ZAPPING wand of flame (15) at 1,0 (orc warrior;
                  | open_door).
  1847 | D:6      | 1847 ||| ZAPPING wand of flame (15) at 1,0 (orc warrior;
                  | open_door).
  1847 | D:6      | 1847 ||| ZAPPING wand of flame (15) at 1,0 (orc warrior;
                  | open_door).
  1847 | D:6      | 1847 ||| ZAPPING wand of flame (15) at 1,0 (orc warrior;
                  | open_door).
  1847 | D:6      | 1847 ||| ZAPPING wand of flame (15) at 1,0 (orc warrior;
                  | open_door).
  1847 | D:6      | 1847 ||| ZAPPING wand of flame (15) at 1,0 (orc warrior;
                  | open_door).
  1847 | D:6      | 1847 ||| ZAPPING wand of flame (15) at 1,0 (orc warrior;
                  | open_door).
  1847 | D:6      | 1847 ||| ZAPPING wand of flame (15) at 1,0 (orc warrior;
                  | open_door).
  1847 | D:6      | 1847 ||| ZAPPING wand of flame (15) at 1,0 (orc warrior;
                  | open_door).
  1847 | D:6      | 1847 ||| ZAPPING wand of flame (15) at 1,0 (orc warrior;
                  | open_door).
  1847 | D:6      | 1847 ||| ZAPPING wand of flame (15) at 1,0 (orc warrior;
                  | open_door).
  1847 | D:6      | 1847 ||| ZAPPING wand of flame (15) at 1,0 (orc warrior;
                  | open_door).
  1847 | D:6      | 1847 ||| ZAPPING wand of flame (15) at 1,0 (orc warrior;
                  | open_door).
  1847 | D:6      | 1847 ||| ZAPPING wand of flame (15) at 1,0 (orc warrior;
                  | open_door).
  1847 | D:6      | 1847 ||| ZAPPING wand of flame (15) at 1,0 (orc warrior;
                  | open_door).
  1847 | D:6      | 1847 ||| ZAPPING wand of flame (15) at 1,0 (orc warrior;
                  | open_door).
  1847 | D:6      | 1847 ||| ZAPPING wand of flame (15) at 1,0 (orc warrior;
                  | open_door).
  1847 | D:6      | 1847 ||| ZAPPING wand of flame (15) at 1,0 (orc warrior;
                  | open_door).
  1847 | D:6      | 1847 ||| ZAPPING wand of flame (15) at 1,0 (orc warrior;
                  | open_door).
  1847 | D:6      | 1847 ||| ZAPPING wand of flame (15) at 1,0 (orc warrior;
                  | open_door).
  1847 | D:6      | 1847 ||| ZAPPING wand of flame (15) at 1,0 (orc warrior;
                  | open_door).
  1847 | D:6      | 1847 ||| ZAPPING wand of flame (15) at 1,0 (orc warrior;
                  | open_door).
  1847 | D:6      | 1847 ||| ZAPPING wand of flame (15) at 1,0 (orc warrior;
                  | open_door).
  1847 | D:6      | 1847 ||| ZAPPING wand of flame (15) at 1,0 (orc warrior;
                  | open_door).
  1847 | D:6      | 1847 ||| ZAPPING wand of flame (15) at 1,0 (orc warrior;
                  | open_door).
  1847 | D:6      | 1847 ||| ZAPPING wand of flame (15) at 1,0 (orc warrior;
                  | open_door).
  1847 | D:6      | 1847 ||| ZAPPING wand of flame (15) at 1,0 (orc warrior;
                  | open_door).
  1847 | D:6      | 1847 ||| ZAPPING wand of flame (15) at 1,0 (orc warrior;
                  | open_door).
  1847 | D:6      | 1847 ||| ZAPPING wand of flame (15) at 1,0 (orc warrior;
                  | open_door).
  1847 | D:6      | 1847 ||| ZAPPING wand of flame (15) at 1,0 (orc warrior;
                  | open_door).
  1847 | D:6      | 1847 ||| ZAPPING wand of flame (15) at 1,0 (orc warrior;
                  | open_door).
  1847 | D:6      | 1847 ||| ZAPPING wand of flame (15) at 1,0 (orc warrior;
                  | open_door).
  1847 | D:6      | 1847 ||| ZAPPING wand of flame (15) at 1,0 (orc warrior;
                  | open_door).
  1847 | D:6      | 1847 ||| ZAPPING wand of flame (15) at 1,0 (orc warrior;
                  | open_door).
  1847 | D:6      | 1847 ||| ZAPPING wand of flame (15) at 1,0 (orc warrior;
                  | open_door).
  1847 | D:6      | 1847 ||| ZAPPING wand of flame (15) at 1,0 (orc warrior;
                  | open_door).
  1847 | D:6      | 1847 ||| ZAPPING wand of flame (15) at 1,0 (orc warrior;
                  | open_door).
  1847 | D:6      | 1847 ||| ZAPPING wand of flame (15) at 1,0 (orc warrior;
                  | open_door).
  1847 | D:6      | 1847 ||| ZAPPING wand of flame (15) at 1,0 (orc warrior;
                  | open_door).
  1847 | D:6      | 1847 ||| ZAPPING wand of flame (15) at 1,0 (orc warrior;
                  | open_door).
  1847 | D:6      | 1847 ||| ZAPPING wand of flame (15) at 1,0 (orc warrior;
                  | open_door).
  1847 | D:6      | 1847 ||| ZAPPING wand of flame (15) at 1,0 (orc warrior;
                  | open_door).
  1847 | D:6      | 1847 ||| ZAPPING wand of flame (15) at 1,0 (orc warrior;
                  | open_door).
  1847 | D:6      | 1847 ||| ZAPPING wand of flame (15) at 1,0 (orc warrior;
                  | open_door).
  1847 | D:6      | 1847 ||| ZAPPING wand of flame (15) at 1,0 (orc warrior;
                  | open_door).
  1847 | D:6      | 1847 ||| ZAPPING wand of flame (15) at 1,0 (orc warrior;
                  | open_door).
  1847 | D:6      | 1847 ||| ZAPPING wand of flame (15) at 1,0 (orc warrior;
                  | open_door).
  1847 | D:6      | 1847 ||| ZAPPING wand of flame (15) at 1,0 (orc warrior;
                  | open_door).
  1847 | D:6      | 1847 ||| ZAPPING wand of flame (15) at 1,0 (orc warrior;
                  | open_door).
  1847 | D:6      | 1847 ||| ZAPPING wand of flame (15) at 1,0 (orc warrior;
                  | open_door).
  1847 | D:6      | 1847 ||| ZAPPING wand of flame (15) at 1,0 (orc warrior;
                  | open_door).
  1847 | D:6      | 1847 ||| ZAPPING wand of flame (15) at 1,0 (orc warrior;
                  | open_door).
  1847 | D:6      | 1847 ||| ZAPPING wand of flame (15) at 1,0 (orc warrior;
                  | open_door).
  1847 | D:6      | 1847 ||| ZAPPING wand of flame (15) at 1,0 (orc warrior;
                  | open_door).
  1847 | D:6      | 1847 ||| ZAPPING wand of flame (15) at 1,0 (orc warrior;
                  | open_door).
  1847 | D:6      | 1847 ||| ZAPPING wand of flame (15) at 1,0 (orc warrior;
                  | open_door).
  1847 | D:6      | 1847 ||| ZAPPING wand of flame (15) at 1,0 (orc warrior;
                  | open_door).
  1847 | D:6      | 1847 ||| ZAPPING wand of flame (15) at 1,0 (orc warrior;
                  | open_door).
  1847 | D:6      | 1847 ||| ZAPPING wand of flame (15) at 1,0 (orc warrior;
                  | open_door).
  1847 | D:6      | 1847 ||| ZAPPING wand of flame (15) at 1,0 (orc warrior;
                  | open_door).
  1847 | D:6      | 1847 ||| ZAPPING wand of flame (15) at 1,0 (orc warrior;
                  | open_door).
  1847 | D:6      | 1847 ||| ZAPPING wand of flame (15) at 1,0 (orc warrior;
                  | open_door).
  1847 | D:6      | 1847 ||| ZAPPING wand of flame (15) at 1,0 (orc warrior;
                  | open_door).
  1847 | D:6      | 1847 ||| ZAPPING wand of flame (15) at 1,0 (orc warrior;
                  | open_door).
  1847 | D:6      | 1847 ||| ZAPPING wand of flame (15) at 1,0 (orc warrior;
                  | open_door).
  1847 | D:6      | 1847 ||| ZAPPING wand of flame (15) at 1,0 (orc warrior;
                  | open_door).
  1847 | D:6      | 1847 ||| ZAPPING wand of flame (15) at 1,0 (orc warrior;
                  | open_door).
  1847 | D:6      | 1847 ||| ZAPPING wand of flame (15) at 1,0 (orc warrior;
                  | open_door).
  1847 | D:6      | 1847 ||| ZAPPING wand of flame (15) at 1,0 (orc warrior;
                  | open_door).
  1847 | D:6      | 1847 ||| ZAPPING wand of flame (15) at 1,0 (orc warrior;
                  | open_door).
  1847 | D:6      | 1847 ||| ZAPPING wand of flame (15) at 1,0 (orc warrior;
                  | open_door).
  1847 | D:6      | 1847 ||| ZAPPING wand of flame (15) at 1,0 (orc warrior;
                  | open_door).
  1847 | D:6      | 1847 ||| ZAPPING wand of flame (15) at 1,0 (orc warrior;
                  | open_door).
  1847 | D:6      | 1847 ||| ZAPPING wand of flame (15) at 1,0 (orc warrior;
                  | open_door).
  1847 | D:6      | 1847 ||| ZAPPING wand of flame (15) at 1,0 (orc warrior;
                  | open_door).
  1847 | D:6      | 1847 ||| ZAPPING wand of flame (15) at 1,0 (orc warrior;
                  | open_door).
  1847 | D:6      | 1847 ||| ZAPPING wand of flame (15) at 1,0 (orc warrior;
                  | open_door).
  1847 | D:6      | 1847 ||| ZAPPING wand of flame (15) at 1,0 (orc warrior;
                  | open_door).
  1847 | D:6      | 1847 ||| ZAPPING wand of flame (15) at 1,0 (orc warrior;
                  | open_door).
  1847 | D:6      | 1847 ||| ZAPPING wand of flame (15) at 1,0 (orc warrior;
                  | open_door).
  1847 | D:6      | 1847 ||| ZAPPING wand of flame (15) at 1,0 (orc warrior;
                  | open_door).
  1847 | D:6      | 1847 ||| ZAPPING wand of flame (15) at 1,0 (orc warrior;
                  | open_door).
  1847 | D:6      | 1847 ||| ZAPPING wand of flame (15) at 1,0 (orc warrior;
                  | open_door).
  1847 | D:6      | 1847 ||| ZAPPING wand of flame (15) at 1,0 (orc warrior;
                  | open_door).
  1847 | D:6      | 1847 ||| ZAPPING wand of flame (15) at 1,0 (orc warrior;
                  | open_door).
  1847 | D:6      | 1847 ||| ZAPPING wand of flame (15) at 1,0 (orc warrior;
                  | open_door).
  1847 | D:6      | 1847 ||| ZAPPING wand of flame (15) at 1,0 (orc warrior;
                  | open_door).
  1847 | D:6      | 1847 ||| ZAPPING wand of flame (15) at 1,0 (orc warrior;
                  | open_door).
  1847 | D:6      | 1847 ||| ZAPPING wand of flame (15) at 1,0 (orc warrior;
                  | open_door).
  1847 | D:6      | 1847 ||| ZAPPING wand of flame (15) at 1,0 (orc warrior;
                  | open_door).
  1847 | D:6      | 1847 ||| ZAPPING wand of flame (15) at 1,0 (orc warrior;
                  | open_door).
  1847 | D:6      | 1847 ||| ZAPPING wand of flame (15) at 1,0 (orc warrior;
                  | open_door).
  1847 | D:6      | 1847 ||| ZAPPING wand of flame (15) at 1,0 (orc warrior;
                  | open_door).
  1847 | D:6      | 1847 ||| ZAPPING wand of flame (15) at 1,0 (orc warrior;
                  | open_door).
  1847 | D:6      | 1847 ||| ZAPPING wand of flame (15) at 1,0 (orc warrior;
                  | open_door).
  1847 | D:6      | 1847 ||| ZAPPING wand of flame (15) at 1,0 (orc warrior;
                  | open_door).
  1847 | D:6      | 1847 ||| ZAPPING wand of flame (15) at 1,0 (orc warrior;
                  | open_door).
  1847 | D:6      | 1847 ||| ZAPPING wand of flame (15) at 1,0 (orc warrior;
                  | open_door).
  1847 | D:6      | 1847 ||| ZAPPING wand of flame (15) at 1,0 (orc warrior;
                  | open_door).
  1847 | D:6      | 1847 ||| ZAPPING wand of flame (15) at 1,0 (orc warrior;
                  | open_door).
  1847 | D:6      | 1847 ||| ZAPPING wand of flame (15) at 1,0 (orc warrior;
                  | open_door).
  1847 | D:6      | 1847 ||| ZAPPING wand of flame (15) at 1,0 (orc warrior;
                  | open_door).
  1847 | D:6      | 1847 ||| ZAPPING wand of flame (15) at 1,0 (orc warrior;
                  | open_door).
  1847 | D:6      | 1847 ||| ZAPPING wand of flame (15) at 1,0 (orc warrior;
                  | open_door).
  1847 | D:6      | 1847 ||| ZAPPING wand of flame (15) at 1,0 (orc warrior;
                  | open_door).
  1847 | D:6      | 1847 ||| ZAPPING wand of flame (15) at 1,0 (orc warrior;
                  | open_door).
  1847 | D:6      | 1847 ||| ZAPPING wand of flame (15) at 1,0 (orc warrior;
                  | open_door).
  1847 | D:6      | 1847 ||| ZAPPING wand of flame (15) at 1,0 (orc warrior;
                  | open_door).
  1847 | D:6      | 1847 ||| ZAPPING wand of flame (15) at 1,0 (orc warrior;
                  | open_door).
  1847 | D:6      | 1847 ||| ZAPPING wand of flame (15) at 1,0 (orc warrior;
                  | open_door).
  1847 | D:6      | 1847 ||| ZAPPING wand of flame (15) at 1,0 (orc warrior;
                  | open_door).
  1847 | D:6      | 1847 ||| ZAPPING wand of flame (15) at 1,0 (orc warrior;
                  | open_door).
  1847 | D:6      | 1847 ||| ZAPPING wand of flame (15) at 1,0 (orc warrior;
                  | open_door).
  1847 | D:6      | 1847 ||| ZAPPING wand of flame (15) at 1,0 (orc warrior;
                  | open_door).
  1847 | D:6      | 1847 ||| ZAPPING wand of flame (15) at 1,0 (orc warrior;
                  | open_door).
  1847 | D:6      | 1847 ||| ZAPPING wand of flame (15) at 1,0 (orc warrior;
                  | open_door).
  1847 | D:6      | 1847 ||| ZAPPING wand of flame (15) at 1,0 (orc warrior;
                  | open_door).
  1847 | D:6      | 1847 ||| ZAPPING wand of flame (15) at 1,0 (orc warrior;
                  | open_door).
  1847 | D:6      | 1847 ||| ZAPPING wand of flame (15) at 1,0 (orc warrior;
                  | open_door).
  1847 | D:6      | 1847 ||| ZAPPING wand of flame (15) at 1,0 (orc warrior;
                  | open_door).
  1847 | D:6      | 1847 ||| ZAPPING wand of flame (15) at 1,0 (orc warrior;
                  | open_door).
  1847 | D:6      | 1847 ||| ZAPPING wand of flame (15) at 1,0 (orc warrior;
                  | open_door).
  1847 | D:6      | 1847 ||| ZAPPING wand of flame (15) at 1,0 (orc warrior;
                  | open_door).
  1847 | D:6      | 1847 ||| ZAPPING wand of flame (15) at 1,0 (orc warrior;
                  | open_door).
  1847 | D:6      | 1847 ||| ZAPPING wand of flame (15) at 1,0 (orc warrior;
                  | open_door).
  1847 | D:6      | 1847 ||| ZAPPING wand of flame (15) at 1,0 (orc warrior;
                  | open_door).
  1847 | D:6      | 1847 ||| ZAPPING wand of flame (15) at 1,0 (orc warrior;
                  | open_door).
  1847 | D:6      | 1847 ||| ZAPPING wand of flame (15) at 1,0 (orc warrior;
                  | open_door).
  1847 | D:6      | 1847 ||| ZAPPING wand of flame (15) at 1,0 (orc warrior;
                  | open_door).
  1847 | D:6      | 1847 ||| ZAPPING wand of flame (15) at 1,0 (orc warrior;
                  | open_door).
  1847 | D:6      | 1847 ||| ZAPPING wand of flame (15) at 1,0 (orc warrior;
                  | open_door).
  1847 | D:6      | 1847 ||| ZAPPING wand of flame (15) at 1,0 (orc warrior;
                  | open_door).
  1847 | D:6      | 1847 ||| ZAPPING wand of flame (15) at 1,0 (orc warrior;
                  | open_door).
  1847 | D:6      | 1847 ||| ZAPPING wand of flame (15) at 1,0 (orc warrior;
                  | open_door).
  1847 | D:6      | 1847 ||| ZAPPING wand of flame (15) at 1,0 (orc warrior;
                  | open_door).
  1847 | D:6      | 1847 ||| ZAPPING wand of flame (15) at 1,0 (orc warrior;
                  | open_door).
  1847 | D:6      | 1847 ||| ZAPPING wand of flame (15) at 1,0 (orc warrior;
                  | open_door).
  1847 | D:6      | 1847 ||| ZAPPING wand of flame (15) at 1,0 (orc warrior;
                  | open_door).
  1847 | D:6      | 1847 ||| ZAPPING wand of flame (15) at 1,0 (orc warrior;
                  | open_door).
  1847 | D:6      | 1847 ||| ZAPPING wand of flame (15) at 1,0 (orc warrior;
                  | open_door).
  1847 | D:6      | 1847 ||| ZAPPING wand of flame (15) at 1,0 (orc warrior;
                  | open_door).
  1847 | D:6      | 1847 ||| ZAPPING wand of flame (15) at 1,0 (orc warrior;
                  | open_door).
  1847 | D:6      | 1847 ||| ZAPPING wand of flame (15) at 1,0 (orc warrior;
                  | open_door).
  1847 | D:6      | 1847 ||| ZAPPING wand of flame (15) at 1,0 (orc warrior;
                  | open_door).
  1847 | D:6      | 1847 ||| ZAPPING wand of flame (15) at 1,0 (orc warrior;
                  | open_door).
  1847 | D:6      | 1847 ||| ZAPPING wand of flame (15) at 1,0 (orc warrior;
                  | open_door).
  1847 | D:6      | 1847 ||| ZAPPING wand of flame (15) at 1,0 (orc warrior;
                  | open_door).
  1847 | D:6      | 1847 ||| ZAPPING wand of flame (15) at 1,0 (orc warrior;
                  | open_door).
  1847 | D:6      | 1847 ||| ZAPPING wand of flame (15) at 1,0 (orc warrior;
                  | open_door).
  1847 | D:6      | 1847 ||| ZAPPING wand of flame (15) at 1,0 (orc warrior;
                  | open_door).
  1847 | D:6      | 1847 ||| ZAPPING wand of flame (15) at 1,0 (orc warrior;
                  | open_door).
  1847 | D:6      | 1847 ||| ZAPPING wand of flame (15) at 1,0 (orc warrior;
                  | open_door).
  1847 | D:6      | 1847 ||| ZAPPING wand of flame (15) at 1,0 (orc warrior;
                  | open_door).
  1847 | D:6      | 1847 ||| ZAPPING wand of flame (15) at 1,0 (orc warrior;
                  | open_door).
  1847 | D:6      | 1847 ||| ZAPPING wand of flame (15) at 1,0 (orc warrior;
                  | open_door).
  1847 | D:6      | 1847 ||| ZAPPING wand of flame (15) at 1,0 (orc warrior;
                  | open_door).
  1847 | D:6      | 1847 ||| ZAPPING wand of flame (15) at 1,0 (orc warrior;
                  | open_door).
  1847 | D:6      | 1847 ||| ZAPPING wand of flame (15) at 1,0 (orc warrior;
                  | open_door).
  1847 | D:6      | 1847 ||| ZAPPING wand of flame (15) at 1,0 (orc warrior;
                  | open_door).
  1847 | D:6      | 1847 ||| ZAPPING wand of flame (15) at 1,0 (orc warrior;
                  | open_door).
  1847 | D:6      | 1847 ||| ZAPPING wand of flame (15) at 1,0 (orc warrior;
                  | open_door).
  1847 | D:6      | 1847 ||| ZAPPING wand of flame (15) at 1,0 (orc warrior;
                  | open_door).
  1847 | D:6      | 1847 ||| ZAPPING wand of flame (15) at 1,0 (orc warrior;
                  | open_door).
  1847 | D:6      | 1847 ||| ZAPPING wand of flame (15) at 1,0 (orc warrior;
                  | open_door).
  1847 | D:6      | 1847 ||| ZAPPING wand of flame (15) at 1,0 (orc warrior;
                  | open_door).
  1847 | D:6      | 1847 ||| ZAPPING wand of flame (15) at 1,0 (orc warrior;
                  | open_door).
  1847 | D:6      | 1847 ||| ZAPPING wand of flame (15) at 1,0 (orc warrior;
                  | open_door).
  1847 | D:6      | 1847 ||| ZAPPING wand of flame (15) at 1,0 (orc warrior;
                  | open_door).
  1847 | D:6      | 1847 ||| ZAPPING wand of flame (15) at 1,0 (orc warrior;
                  | open_door).
  1847 | D:6      | 1847 ||| ZAPPING wand of flame (15) at 1,0 (orc warrior;
                  | open_door).
  1847 | D:6      | 1847 ||| ZAPPING wand of flame (15) at 1,0 (orc warrior;
                  | open_door).
  1847 | D:6      | 1847 ||| ZAPPING wand of flame (15) at 1,0 (orc warrior;
                  | open_door).
  1847 | D:6      | 1847 ||| ZAPPING wand of flame (15) at 1,0 (orc warrior;
                  | open_door).
  1847 | D:6      | 1847 ||| ZAPPING wand of flame (15) at 1,0 (orc warrior;
                  | open_door).
  1847 | D:6      | 1847 ||| ZAPPING wand of flame (15) at 1,0 (orc warrior;
                  | open_door).
  1847 | D:6      | 1847 ||| ZAPPING wand of flame (15) at 1,0 (orc warrior;
                  | open_door).
  1847 | D:6      | 1847 ||| ZAPPING wand of flame (15) at 1,0 (orc warrior;
                  | open_door).
  1847 | D:6      | 1847 ||| ZAPPING wand of flame (15) at 1,0 (orc warrior;
                  | open_door).
  1847 | D:6      | 1847 ||| ZAPPING wand of flame (15) at 1,0 (orc warrior;
                  | open_door).
  1847 | D:6      | 1847 ||| ZAPPING wand of flame (15) at 1,0 (orc warrior;
                  | open_door).
  1847 | D:6      | 1847 ||| ZAPPING wand of flame (15) at 1,0 (orc warrior;
                  | open_door).
  1847 | D:6      | 1847 ||| ZAPPING wand of flame (15) at 1,0 (orc warrior;
                  | open_door).
  1847 | D:6      | 1847 ||| ZAPPING wand of flame (15) at 1,0 (orc warrior;
                  | open_door).
  1847 | D:6      | 1847 ||| ZAPPING wand of flame (15) at 1,0 (orc warrior;
                  | open_door).
  1847 | D:6      | 1847 ||| ZAPPING wand of flame (15) at 1,0 (orc warrior;
                  | open_door).
  1847 | D:6      | 1847 ||| ZAPPING wand of flame (15) at 1,0 (orc warrior;
                  | open_door).
  1847 | D:6      | 1847 ||| ZAPPING wand of flame (15) at 1,0 (orc warrior;
                  | open_door).
  1847 | D:6      | 1847 ||| ZAPPING wand of flame (15) at 1,0 (orc warrior;
                  | open_door).
  1847 | D:6      | 1847 ||| ZAPPING wand of flame (15) at 1,0 (orc warrior;
                  | open_door).
  1847 | D:6      | 1847 ||| ZAPPING wand of flame (15) at 1,0 (orc warrior;
                  | open_door).
  1847 | D:6      | 1847 ||| ZAPPING wand of flame (15) at 1,0 (orc warrior;
                  | open_door).
  1847 | D:6      | 1847 ||| ZAPPING wand of flame (15) at 1,0 (orc warrior;
                  | open_door).
  1847 | D:6      | 1847 ||| ZAPPING wand of flame (15) at 1,0 (orc warrior;
                  | open_door).
  1847 | D:6      | 1847 ||| ZAPPING wand of flame (15) at 1,0 (orc warrior;
                  | open_door).
  1847 | D:6      | 1847 ||| ZAPPING wand of flame (15) at 1,0 (orc warrior;
                  | open_door).
  1847 | D:6      | 1847 ||| ZAPPING wand of flame (15) at 1,0 (orc warrior;
                  | open_door).
  1847 | D:6      | 1847 ||| ZAPPING wand of flame (15) at 1,0 (orc warrior;
                  | open_door).
  1847 | D:6      | 1847 ||| ZAPPING wand of flame (15) at 1,0 (orc warrior;
                  | open_door).
  1847 | D:6      | 1847 ||| ZAPPING wand of flame (15) at 1,0 (orc warrior;
                  | open_door).
  1847 | D:6      | 1847 ||| ZAPPING wand of flame (15) at 1,0 (orc warrior;
                  | open_door).
  1847 | D:6      | 1847 ||| ZAPPING wand of flame (15) at 1,0 (orc warrior;
                  | open_door).
  1847 | D:6      | 1847 ||| ZAPPING wand of flame (15) at 1,0 (orc warrior;
                  | open_door).
  1847 | D:6      | 1847 ||| ZAPPING wand of flame (15) at 1,0 (orc warrior;
                  | open_door).
  1847 | D:6      | 1847 ||| ZAPPING wand of flame (15) at 1,0 (orc warrior;
                  | open_door).
  1847 | D:6      | 1847 ||| ZAPPING wand of flame (15) at 1,0 (orc warrior;
                  | open_door).
  1847 | D:6      | 1847 ||| ZAPPING wand of flame (15) at 1,0 (orc warrior;
                  | open_door).
  1847 | D:6      | 1847 ||| ZAPPING wand of flame (15) at 1,0 (orc warrior;
                  | open_door).
  1847 | D:6      | 1847 ||| ZAPPING wand of flame (15) at 1,0 (orc warrior;
                  | open_door).
  1847 | D:6      | 1847 ||| ZAPPING wand of flame (15) at 1,0 (orc warrior;
                  | open_door).
  1847 | D:6      | 1847 ||| ZAPPING wand of flame (15) at 1,0 (orc warrior;
                  | open_door).
  1847 | D:6      | 1847 ||| ZAPPING wand of flame (15) at 1,0 (orc warrior;
                  | open_door).
  1847 | D:6      | 1847 ||| ZAPPING wand of flame (15) at 1,0 (orc warrior;
                  | open_door).
  1847 | D:6      | 1847 ||| ZAPPING wand of flame (15) at 1,0 (orc warrior;
                  | open_door).
  1847 | D:6      | 1847 ||| ZAPPING wand of flame (15) at 1,0 (orc warrior;
                  | open_door).
  1847 | D:6      | 1847 ||| ZAPPING wand of flame (15) at 1,0 (orc warrior;
                  | open_door).
  1847 | D:6      | 1847 ||| ZAPPING wand of flame (15) at 1,0 (orc warrior;
                  | open_door).
  1847 | D:6      | 1847 ||| ZAPPING wand of flame (15) at 1,0 (orc warrior;
                  | open_door).
  1847 | D:6      | 1847 ||| ZAPPING wand of flame (15) at 1,0 (orc warrior;
                  | open_door).
  1847 | D:6      | 1847 ||| ZAPPING wand of flame (15) at 1,0 (orc warrior;
                  | open_door).
  1847 | D:6      | 1847 ||| ZAPPING wand of flame (15) at 1,0 (orc warrior;
                  | open_door).
  1847 | D:6      | 1847 ||| ZAPPING wand of flame (15) at 1,0 (orc warrior;
                  | open_door).
  1847 | D:6      | 1847 ||| ZAPPING wand of flame (15) at 1,0 (orc warrior;
                  | open_door).
  1847 | D:6      | 1847 ||| ZAPPING wand of flame (15) at 1,0 (orc warrior;
                  | open_door).
  1847 | D:6      | 1847 ||| ZAPPING wand of flame (15) at 1,0 (orc warrior;
                  | open_door).
  1847 | D:6      | 1847 ||| ZAPPING wand of flame (15) at 1,0 (orc warrior;
                  | open_door).
  1847 | D:6      | 1847 ||| ZAPPING wand of flame (15) at 1,0 (orc warrior;
                  | open_door).
  1847 | D:6      | 1847 ||| ZAPPING wand of flame (15) at 1,0 (orc warrior;
                  | open_door).
  1847 | D:6      | 1847 ||| ZAPPING wand of flame (15) at 1,0 (orc warrior;
                  | open_door).
  1847 | D:6      | 1847 ||| ZAPPING wand of flame (15) at 1,0 (orc warrior;
                  | open_door).
  1847 | D:6      | 1847 ||| ZAPPING wand of flame (15) at 1,0 (orc warrior;
                  | open_door).
  1847 | D:6      | 1847 ||| ZAPPING wand of flame (15) at 1,0 (orc warrior;
                  | open_door).
  1847 | D:6      | 1847 ||| ZAPPING wand of flame (15) at 1,0 (orc warrior;
                  | open_door).
  1847 | D:6      | 1847 ||| ZAPPING wand of flame (15) at 1,0 (orc warrior;
                  | open_door).
  1847 | D:6      | 1847 ||| ZAPPING wand of flame (15) at 1,0 (orc warrior;
                  | open_door).
  1847 | D:6      | 1847 ||| ZAPPING wand of flame (15) at 1,0 (orc warrior;
                  | open_door).
  1847 | D:6      | 1847 ||| ZAPPING wand of flame (15) at 1,0 (orc warrior;
                  | open_door).
  1847 | D:6      | 1847 ||| ZAPPING wand of flame (15) at 1,0 (orc warrior;
                  | open_door).
  1847 | D:6      | 1847 ||| ZAPPING wand of flame (15) at 1,0 (orc warrior;
                  | open_door).
  1847 | D:6      | 1847 ||| ZAPPING wand of flame (15) at 1,0 (orc warrior;
                  | open_door).
  1847 | D:6      | 1847 ||| ZAPPING wand of flame (15) at 1,0 (orc warrior;
                  | open_door).
  1847 | D:6      | 1847 ||| ZAPPING wand of flame (15) at 1,0 (orc warrior;
                  | open_door).
  1847 | D:6      | 1847 ||| ZAPPING wand of flame (15) at 1,0 (orc warrior;
                  | open_door).
  1847 | D:6      | 1847 ||| ZAPPING wand of flame (15) at 1,0 (orc warrior;
                  | open_door).
  1847 | D:6      | 1847 ||| ZAPPING wand of flame (15) at 1,0 (orc warrior;
                  | open_door).
  1847 | D:6      | 1847 ||| ZAPPING wand of flame (15) at 1,0 (orc warrior;
                  | open_door).
  1847 | D:6      | 1847 ||| ZAPPING wand of flame (15) at 1,0 (orc warrior;
                  | open_door).
  1847 | D:6      | 1847 ||| ZAPPING wand of flame (15) at 1,0 (orc warrior;
                  | open_door).
  1847 | D:6      | 1847 ||| ZAPPING wand of flame (15) at 1,0 (orc warrior;
                  | open_door).
  1847 | D:6      | 1847 ||| ZAPPING wand of flame (15) at 1,0 (orc warrior;
                  | open_door).
  1847 | D:6      | 1847 ||| ZAPPING wand of flame (15) at 1,0 (orc warrior;
                  | open_door).
  1847 | D:6      | 1847 ||| ZAPPING wand of flame (15) at 1,0 (orc warrior;
                  | open_door).
  1847 | D:6      | 1847 ||| ZAPPING wand of flame (15) at 1,0 (orc warrior;
                  | open_door).
  1847 | D:6      | 1847 ||| ZAPPING wand of flame (15) at 1,0 (orc warrior;
                  | open_door).
  1847 | D:6      | 1847 ||| ZAPPING wand of flame (15) at 1,0 (orc warrior;
                  | open_door).
  1847 | D:6      | 1847 ||| ZAPPING wand of flame (15) at 1,0 (orc warrior;
                  | open_door).
  1847 | D:6      | 1847 ||| ZAPPING wand of flame (15) at 1,0 (orc warrior;
                  | open_door).
  1847 | D:6      | 1847 ||| ZAPPING wand of flame (15) at 1,0 (orc warrior;
                  | open_door).
  1847 | D:6      | 1847 ||| ZAPPING wand of flame (15) at 1,0 (orc warrior;
                  | open_door).
  1847 | D:6      | 1847 ||| ZAPPING wand of flame (15) at 1,0 (orc warrior;
                  | open_door).
  1847 | D:6      | 1847 ||| ZAPPING wand of flame (15) at 1,0 (orc warrior;
                  | open_door).
  1847 | D:6      | 1847 ||| ZAPPING wand of flame (15) at 1,0 (orc warrior;
                  | open_door).
  1847 | D:6      | 1847 ||| ZAPPING wand of flame (15) at 1,0 (orc warrior;
                  | open_door).
  1847 | D:6      | 1847 ||| ZAPPING wand of flame (15) at 1,0 (orc warrior;
                  | open_door).
  1847 | D:6      | 1847 ||| ZAPPING wand of flame (15) at 1,0 (orc warrior;
                  | open_door).
  1847 | D:6      | 1847 ||| ZAPPING wand of flame (15) at 1,0 (orc warrior;
                  | open_door).
  1847 | D:6      | 1847 ||| ZAPPING wand of flame (15) at 1,0 (orc warrior;
                  | open_door).
  1847 | D:6      | 1847 ||| ZAPPING wand of flame (15) at 1,0 (orc warrior;
                  | open_door).
  1847 | D:6      | 1847 ||| ZAPPING wand of flame (15) at 1,0 (orc warrior;
                  | open_door).
  1847 | D:6      | 1847 ||| ZAPPING wand of flame (15) at 1,0 (orc warrior;
                  | open_door).
  1847 | D:6      | 1847 ||| ZAPPING wand of flame (15) at 1,0 (orc warrior;
                  | open_door).
  1847 | D:6      | 1847 ||| ZAPPING wand of flame (15) at 1,0 (orc warrior;
                  | open_door).
  1847 | D:6      | 1847 ||| ZAPPING wand of flame (15) at 1,0 (orc warrior;
                  | open_door).
  1847 | D:6      | 1847 ||| ZAPPING wand of flame (15) at 1,0 (orc warrior;
                  | open_door).
  1847 | D:6      | 1847 ||| ZAPPING wand of flame (15) at 1,0 (orc warrior;
                  | open_door).
  1847 | D:6      | 1847 ||| ZAPPING wand of flame (15) at 1,0 (orc warrior;
                  | open_door).
  1847 | D:6      | 1847 ||| ZAPPING wand of flame (15) at 1,0 (orc warrior;
                  | open_door).
  1847 | D:6      | 1847 ||| ZAPPING wand of flame (15) at 1,0 (orc warrior;
                  | open_door).
  1847 | D:6      | 1847 ||| ZAPPING wand of flame (15) at 1,0 (orc warrior;
                  | open_door).
  1847 | D:6      | 1847 ||| ZAPPING wand of flame (15) at 1,0 (orc warrior;
                  | open_door).
  1847 | D:6      | 1847 ||| ZAPPING wand of flame (15) at 1,0 (orc warrior;
                  | open_door).
  1847 | D:6      | 1847 ||| ZAPPING wand of flame (15) at 1,0 (orc warrior;
                  | open_door).
  1847 | D:6      | 1847 ||| ZAPPING wand of flame (15) at 1,0 (orc warrior;
                  | open_door).
  1847 | D:6      | 1847 ||| ZAPPING wand of flame (15) at 1,0 (orc warrior;
                  | open_door).
  1847 | D:6      | 1847 ||| ZAPPING wand of flame (15) at 1,0 (orc warrior;
                  | open_door).
  1847 | D:6      | 1847 ||| ZAPPING wand of flame (15) at 1,0 (orc warrior;
                  | open_door).
  1847 | D:6      | 1847 ||| ZAPPING wand of flame (15) at 1,0 (orc warrior;
                  | open_door).
  1847 | D:6      | 1847 ||| ZAPPING wand of flame (15) at 1,0 (orc warrior;
                  | open_door).
  1847 | D:6      | 1847 ||| ZAPPING wand of flame (15) at 1,0 (orc warrior;
                  | open_door).
  1847 | D:6      | 1847 ||| ZAPPING wand of flame (15) at 1,0 (orc warrior;
                  | open_door).
  1847 | D:6      | 1847 ||| ZAPPING wand of flame (15) at 1,0 (orc warrior;
                  | open_door).
  1847 | D:6      | 1847 ||| ZAPPING wand of flame (15) at 1,0 (orc warrior;
                  | open_door).
  1847 | D:6      | 1847 ||| ZAPPING wand of flame (15) at 1,0 (orc warrior;
                  | open_door).
  1847 | D:6      | 1847 ||| ZAPPING wand of flame (15) at 1,0 (orc warrior;
                  | open_door).
  1847 | D:6      | 1847 ||| ZAPPING wand of flame (15) at 1,0 (orc warrior;
                  | open_door).
  1847 | D:6      | 1847 ||| ZAPPING wand of flame (15) at 1,0 (orc warrior;
                  | open_door).
  1847 | D:6      | 1847 ||| ZAPPING wand of flame (15) at 1,0 (orc warrior;
                  | open_door).
  1847 | D:6      | 1847 ||| ZAPPING wand of flame (15) at 1,0 (orc warrior;
                  | open_door).
  1847 | D:6      | 1847 ||| ZAPPING wand of flame (15) at 1,0 (orc warrior;
                  | open_door).
  1847 | D:6      | 1847 ||| ZAPPING wand of flame (15) at 1,0 (orc warrior;
                  | open_door).
  1847 | D:6      | 1847 ||| ZAPPING wand of flame (15) at 1,0 (orc warrior;
                  | open_door).
  1847 | D:6      | 1847 ||| ZAPPING wand of flame (15) at 1,0 (orc warrior;
                  | open_door).
  1847 | D:6      | 1847 ||| ZAPPING wand of flame (15) at 1,0 (orc warrior;
                  | open_door).
  1847 | D:6      | 1847 ||| ZAPPING wand of flame (15) at 1,0 (orc warrior;
                  | open_door).
  1847 | D:6      | 1847 ||| ZAPPING wand of flame (15) at 1,0 (orc warrior;
                  | open_door).
  1847 | D:6      | 1847 ||| ZAPPING wand of flame (15) at 1,0 (orc warrior;
                  | open_door).
  1847 | D:6      | 1847 ||| ZAPPING wand of flame (15) at 1,0 (orc warrior;
                  | open_door).
  1847 | D:6      | 1847 ||| ZAPPING wand of flame (15) at 1,0 (orc warrior;
                  | open_door).
  1847 | D:6      | 1847 ||| ZAPPING wand of flame (15) at 1,0 (orc warrior;
                  | open_door).
  1847 | D:6      | 1847 ||| ZAPPING wand of flame (15) at 1,0 (orc warrior;
                  | open_door).
  1847 | D:6      | 1847 ||| ZAPPING wand of flame (15) at 1,0 (orc warrior;
                  | open_door).
  1847 | D:6      | 1847 ||| ZAPPING wand of flame (15) at 1,0 (orc warrior;
                  | open_door).
  1847 | D:6      | 1847 ||| ZAPPING wand of flame (15) at 1,0 (orc warrior;
                  | open_door).
  1847 | D:6      | 1847 ||| ZAPPING wand of flame (15) at 1,0 (orc warrior;
                  | open_door).
  1847 | D:6      | 1847 ||| ZAPPING wand of flame (15) at 1,0 (orc warrior;
                  | open_door).
  1847 | D:6      | 1847 ||| ZAPPING wand of flame (15) at 1,0 (orc warrior;
                  | open_door).
  1847 | D:6      | 1847 ||| ZAPPING wand of flame (15) at 1,0 (orc warrior;
                  | open_door).
  1847 | D:6      | 1847 ||| ZAPPING wand of flame (15) at 1,0 (orc warrior;
                  | open_door).
  1847 | D:6      | 1847 ||| ZAPPING wand of flame (15) at 1,0 (orc warrior;
                  | open_door).
  1847 | D:6      | 1847 ||| ZAPPING wand of flame (15) at 1,0 (orc warrior;
                  | open_door).
  1847 | D:6      | 1847 ||| ZAPPING wand of flame (15) at 1,0 (orc warrior;
                  | open_door).
  1847 | D:6      | 1847 ||| ZAPPING wand of flame (15) at 1,0 (orc warrior;
                  | open_door).
  1847 | D:6      | 1847 ||| ZAPPING wand of flame (15) at 1,0 (orc warrior;
                  | open_door).
  1847 | D:6      | 1847 ||| ZAPPING wand of flame (15) at 1,0 (orc warrior;
                  | open_door).
  1847 | D:6      | 1847 ||| ZAPPING wand of flame (15) at 1,0 (orc warrior;
                  | open_door).
  1847 | D:6      | 1847 ||| ZAPPING wand of flame (15) at 1,0 (orc warrior;
                  | open_door).
  1847 | D:6      | 1847 ||| ZAPPING wand of flame (15) at 1,0 (orc warrior;
                  | open_door).
  1847 | D:6      | 1847 ||| ZAPPING wand of flame (15) at 1,0 (orc warrior;
                  | open_door).
  1847 | D:6      | 1847 ||| ZAPPING wand of flame (15) at 1,0 (orc warrior;
                  | open_door).
  1847 | D:6      | 1847 ||| ZAPPING wand of flame (15) at 1,0 (orc warrior;
                  | open_door).
  1847 | D:6      | 1847 ||| ZAPPING wand of flame (15) at 1,0 (orc warrior;
                  | open_door).
  1847 | D:6      | 1847 ||| ZAPPING wand of flame (15) at 1,0 (orc warrior;
                  | open_door).
  1847 | D:6      | 1847 ||| ZAPPING wand of flame (15) at 1,0 (orc warrior;
                  | open_door).
  1847 | D:6      | 1847 ||| ZAPPING wand of flame (15) at 1,0 (orc warrior;
                  | open_door).
  1847 | D:6      | 1847 ||| ZAPPING wand of flame (15) at 1,0 (orc warrior;
                  | open_door).
  1847 | D:6      | 1847 ||| ZAPPING wand of flame (15) at 1,0 (orc warrior;
                  | open_door).
  1847 | D:6      | 1847 ||| ZAPPING wand of flame (15) at 1,0 (orc warrior;
                  | open_door).
  1847 | D:6      | 1847 ||| ZAPPING wand of flame (15) at 1,0 (orc warrior;
                  | open_door).
  1847 | D:6      | 1847 ||| ZAPPING wand of flame (15) at 1,0 (orc warrior;
                  | open_door).
  1847 | D:6      | 1847 ||| ZAPPING wand of flame (15) at 1,0 (orc warrior;
                  | open_door).
  1847 | D:6      | 1847 ||| ZAPPING wand of flame (15) at 1,0 (orc warrior;
                  | open_door).
  1847 | D:6      | 1847 ||| ZAPPING wand of flame (15) at 1,0 (orc warrior;
                  | open_door).
  1847 | D:6      | 1847 ||| ZAPPING wand of flame (15) at 1,0 (orc warrior;
                  | open_door).
  1847 | D:6      | 1847 ||| ZAPPING wand of flame (15) at 1,0 (orc warrior;
                  | open_door).
  1847 | D:6      | 1847 ||| ZAPPING wand of flame (15) at 1,0 (orc warrior;
                  | open_door).
  1847 | D:6      | 1847 ||| ZAPPING wand of flame (15) at 1,0 (orc warrior;
                  | open_door).
  1847 | D:6      | 1847 ||| ZAPPING wand of flame (15) at 1,0 (orc warrior;
                  | open_door).
  1847 | D:6      | 1847 ||| ZAPPING wand of flame (15) at 1,0 (orc warrior;
                  | open_door).
  1847 | D:6      | 1847 ||| ZAPPING wand of flame (15) at 1,0 (orc warrior;
                  | open_door).
  1847 | D:6      | 1847 ||| ZAPPING wand of flame (15) at 1,0 (orc warrior;
                  | open_door).
  1847 | D:6      | 1847 ||| ZAPPING wand of flame (15) at 1,0 (orc warrior;
                  | open_door).
  1847 | D:6      | 1847 ||| ZAPPING wand of flame (15) at 1,0 (orc warrior;
                  | open_door).
  1847 | D:6      | 1847 ||| ZAPPING wand of flame (15) at 1,0 (orc warrior;
                  | open_door).
  1847 | D:6      | 1847 ||| ZAPPING wand of flame (15) at 1,0 (orc warrior;
                  | open_door).
  1847 | D:6      | 1847 ||| ZAPPING wand of flame (15) at 1,0 (orc warrior;
                  | open_door).
  1847 | D:6      | 1847 ||| ZAPPING wand of flame (15) at 1,0 (orc warrior;
                  | open_door).
  1847 | D:6      | 1847 ||| ZAPPING wand of flame (15) at 1,0 (orc warrior;
                  | open_door).
  1847 | D:6      | 1847 ||| ZAPPING wand of flame (15) at 1,0 (orc warrior;
                  | open_door).
  1847 | D:6      | 1847 ||| ZAPPING wand of flame (15) at 1,0 (orc warrior;
                  | open_door).
  1847 | D:6      | 1847 ||| ZAPPING wand of flame (15) at 1,0 (orc warrior;
                  | open_door).
  1847 | D:6      | 1847 ||| ZAPPING wand of flame (15) at 1,0 (orc warrior;
                  | open_door).
  1847 | D:6      | 1847 ||| ZAPPING wand of flame (15) at 1,0 (orc warrior;
                  | open_door).
  1847 | D:6      | 1847 ||| ZAPPING wand of flame (15) at 1,0 (orc warrior;
                  | open_door).
  1847 | D:6      | 1847 ||| ZAPPING wand of flame (15) at 1,0 (orc warrior;
                  | open_door).
  1847 | D:6      | 1847 ||| ZAPPING wand of flame (15) at 1,0 (orc warrior;
                  | open_door).
  1847 | D:6      | 1847 ||| ZAPPING wand of flame (15) at 1,0 (orc warrior;
                  | open_door).
  1847 | D:6      | 1847 ||| ZAPPING wand of flame (15) at 1,0 (orc warrior;
                  | open_door).
  1847 | D:6      | 1847 ||| ZAPPING wand of flame (15) at 1,0 (orc warrior;
                  | open_door).
  1847 | D:6      | 1847 ||| ZAPPING wand of flame (15) at 1,0 (orc warrior;
                  | open_door).
  1847 | D:6      | 1847 ||| ZAPPING wand of flame (15) at 1,0 (orc warrior;
                  | open_door).
  1847 | D:6      | 1847 ||| ZAPPING wand of flame (15) at 1,0 (orc warrior;
                  | open_door).
  1847 | D:6      | 1847 ||| ZAPPING wand of flame (15) at 1,0 (orc warrior;
                  | open_door).
  1847 | D:6      | 1847 ||| ZAPPING wand of flame (15) at 1,0 (orc warrior;
                  | open_door).
  1847 | D:6      | 1847 ||| ZAPPING wand of flame (15) at 1,0 (orc warrior;
                  | open_door).
  1847 | D:6      | 1847 ||| ZAPPING wand of flame (15) at 1,0 (orc warrior;
                  | open_door).
  1847 | D:6      | 1847 ||| ZAPPING wand of flame (15) at 1,0 (orc warrior;
                  | open_door).
  1847 | D:6      | 1847 ||| ZAPPING wand of flame (15) at 1,0 (orc warrior;
                  | open_door).
  1847 | D:6      | 1847 ||| ZAPPING wand of flame (15) at 1,0 (orc warrior;
                  | open_door).
  1847 | D:6      | 1847 ||| ZAPPING wand of flame (15) at 1,0 (orc warrior;
                  | open_door).
  1847 | D:6      | 1847 ||| ZAPPING wand of flame (15) at 1,0 (orc warrior;
                  | open_door).
  1847 | D:6      | 1847 ||| ZAPPING wand of flame (15) at 1,0 (orc warrior;
                  | open_door).
  1847 | D:6      | 1847 ||| ZAPPING wand of flame (15) at 1,0 (orc warrior;
                  | open_door).
  1847 | D:6      | 1847 ||| ZAPPING wand of flame (15) at 1,0 (orc warrior;
                  | open_door).
  1847 | D:6      | 1847 ||| ZAPPING wand of flame (15) at 1,0 (orc warrior;
                  | open_door).
  1847 | D:6      | 1847 ||| ZAPPING wand of flame (15) at 1,0 (orc warrior;
                  | open_door).
  1847 | D:6      | 1847 ||| ZAPPING wand of flame (15) at 1,0 (orc warrior;
                  | open_door).
  1847 | D:6      | 1847 ||| ZAPPING wand of flame (15) at 1,0 (orc warrior;
                  | open_door).
  1847 | D:6      | 1847 ||| ZAPPING wand of flame (15) at 1,0 (orc warrior;
                  | open_door).
  1847 | D:6      | 1847 ||| ZAPPING wand of flame (15) at 1,0 (orc warrior;
                  | open_door).
  1847 | D:6      | 1847 ||| ZAPPING wand of flame (15) at 1,0 (orc warrior;
                  | open_door).
  1847 | D:6      | 1847 ||| ZAPPING wand of flame (15) at 1,0 (orc warrior;
                  | open_door).
  1847 | D:6      | 1847 ||| ZAPPING wand of flame (15) at 1,0 (orc warrior;
                  | open_door).
  1847 | D:6      | 1847 ||| ZAPPING wand of flame (15) at 1,0 (orc warrior;
                  | open_door).
  1847 | D:6      | 1847 ||| ZAPPING wand of flame (15) at 1,0 (orc warrior;
                  | open_door).
  1847 | D:6      | 1847 ||| ZAPPING wand of flame (15) at 1,0 (orc warrior;
                  | open_door).
  1847 | D:6      | 1847 ||| ZAPPING wand of flame (15) at 1,0 (orc warrior;
                  | open_door).
  1847 | D:6      | 1847 ||| ZAPPING wand of flame (15) at 1,0 (orc warrior;
                  | open_door).
  1847 | D:6      | 1847 ||| ZAPPING wand of flame (15) at 1,0 (orc warrior;
                  | open_door).
  1847 | D:6      | 1847 ||| ZAPPING wand of flame (15) at 1,0 (orc warrior;
                  | open_door).
  1847 | D:6      | 1847 ||| ZAPPING wand of flame (15) at 1,0 (orc warrior;
                  | open_door).
  1847 | D:6      | 1847 ||| ZAPPING wand of flame (15) at 1,0 (orc warrior;
                  | open_door).
  1847 | D:6      | 1847 ||| ZAPPING wand of flame (15) at 1,0 (orc warrior;
                  | open_door).
  1847 | D:6      | 1847 ||| ZAPPING wand of flame (15) at 1,0 (orc warrior;
                  | open_door).
  1847 | D:6      | 1847 ||| ZAPPING wand of flame (15) at 1,0 (orc warrior;
                  | open_door).
  1847 | D:6      | 1847 ||| ZAPPING wand of flame (15) at 1,0 (orc warrior;
                  | open_door).
  1847 | D:6      | 1847 ||| ZAPPING wand of flame (15) at 1,0 (orc warrior;
                  | open_door).
  1847 | D:6      | 1847 ||| ZAPPING wand of flame (15) at 1,0 (orc warrior;
                  | open_door).
  1847 | D:6      | 1847 ||| ZAPPING wand of flame (15) at 1,0 (orc warrior;
                  | open_door).
  1847 | D:6      | 1847 ||| ZAPPING wand of flame (15) at 1,0 (orc warrior;
                  | open_door).
  1847 | D:6      | 1847 ||| ZAPPING wand of flame (15) at 1,0 (orc warrior;
                  | open_door).
  1847 | D:6      | 1847 ||| ZAPPING wand of flame (15) at 1,0 (orc warrior;
                  | open_door).
  1847 | D:6      | 1847 ||| ZAPPING wand of flame (15) at 1,0 (orc warrior;
                  | open_door).
  1847 | D:6      | 1847 ||| ZAPPING wand of flame (15) at 1,0 (orc warrior;
                  | open_door).
  1847 | D:6      | 1847 ||| ZAPPING wand of flame (15) at 1,0 (orc warrior;
                  | open_door).
  1847 | D:6      | 1847 ||| ZAPPING wand of flame (15) at 1,0 (orc warrior;
                  | open_door).
  1847 | D:6      | 1847 ||| ZAPPING wand of flame (15) at 1,0 (orc warrior;
                  | open_door).
  1847 | D:6      | 1847 ||| ZAPPING wand of flame (15) at 1,0 (orc warrior;
                  | open_door).
  1847 | D:6      | 1847 ||| ZAPPING wand of flame (15) at 1,0 (orc warrior;
                  | open_door).
  1847 | D:6      | 1847 ||| ZAPPING wand of flame (15) at 1,0 (orc warrior;
                  | open_door).
  1847 | D:6      | 1847 ||| ZAPPING wand of flame (15) at 1,0 (orc warrior;
                  | open_door).
  1847 | D:6      | 1847 ||| ZAPPING wand of flame (15) at 1,0 (orc warrior;
                  | open_door).
  1847 | D:6      | 1847 ||| ZAPPING wand of flame (15) at 1,0 (orc warrior;
                  | open_door).
  1847 | D:6      | 1847 ||| ZAPPING wand of flame (15) at 1,0 (orc warrior;
                  | open_door).
  1847 | D:6      | 1847 ||| ZAPPING wand of flame (15) at 1,0 (orc warrior;
                  | open_door).
  1847 | D:6      | 1847 ||| ZAPPING wand of flame (15) at 1,0 (orc warrior;
                  | open_door).
  1847 | D:6      | 1847 ||| ZAPPING wand of flame (15) at 1,0 (orc warrior;
                  | open_door).
  1847 | D:6      | 1847 ||| ZAPPING wand of flame (15) at 1,0 (orc warrior;
                  | open_door).
  1847 | D:6      | 1847 ||| ZAPPING wand of flame (15) at 1,0 (orc warrior;
                  | open_door).
  1847 | D:6      | 1847 ||| ZAPPING wand of flame (15) at 1,0 (orc warrior;
                  | open_door).
  1847 | D:6      | 1847 ||| ZAPPING wand of flame (15) at 1,0 (orc warrior;
                  | open_door).
  1847 | D:6      | 1847 ||| ZAPPING wand of flame (15) at 1,0 (orc warrior;
                  | open_door).
  1847 | D:6      | 1847 ||| ZAPPING wand of flame (15) at 1,0 (orc warrior;
                  | open_door).
  1847 | D:6      | 1847 ||| ZAPPING wand of flame (15) at 1,0 (orc warrior;
                  | open_door).
  1847 | D:6      | 1847 ||| ZAPPING wand of flame (15) at 1,0 (orc warrior;
                  | open_door).
  1847 | D:6      | 1847 ||| ZAPPING wand of flame (15) at 1,0 (orc warrior;
                  | open_door).
  1847 | D:6      | 1847 ||| ZAPPING wand of flame (15) at 1,0 (orc warrior;
                  | open_door).
  1847 | D:6      | 1847 ||| ZAPPING wand of flame (15) at 1,0 (orc warrior;
                  | open_door).
  1847 | D:6      | 1847 ||| ZAPPING wand of flame (15) at 1,0 (orc warrior;
                  | open_door).
  1847 | D:6      | 1847 ||| ZAPPING wand of flame (15) at 1,0 (orc warrior;
                  | open_door).
  1847 | D:6      | 1847 ||| ZAPPING wand of flame (15) at 1,0 (orc warrior;
                  | open_door).
  1847 | D:6      | 1847 ||| ZAPPING wand of flame (15) at 1,0 (orc warrior;
                  | open_door).
  1847 | D:6      | 1847 ||| ZAPPING wand of flame (15) at 1,0 (orc warrior;
                  | open_door).
  1847 | D:6      | 1847 ||| ZAPPING wand of flame (15) at 1,0 (orc warrior;
                  | open_door).
  1847 | D:6      | 1847 ||| ZAPPING wand of flame (15) at 1,0 (orc warrior;
                  | open_door).
  1847 | D:6      | 1847 ||| ZAPPING wand of flame (15) at 1,0 (orc warrior;
                  | open_door).
  1847 | D:6      | 1847 ||| ZAPPING wand of flame (15) at 1,0 (orc warrior;
                  | open_door).
  1847 | D:6      | 1847 ||| ZAPPING wand of flame (15) at 1,0 (orc warrior;
                  | open_door).
  1847 | D:6      | 1847 ||| ZAPPING wand of flame (15) at 1,0 (orc warrior;
                  | open_door).
  1847 | D:6      | 1847 ||| ZAPPING wand of flame (15) at 1,0 (orc warrior;
                  | open_door).
  1847 | D:6      | 1847 ||| ZAPPING wand of flame (15) at 1,0 (orc warrior;
                  | open_door).
  1847 | D:6      | 1847 ||| ZAPPING wand of flame (15) at 1,0 (orc warrior;
                  | open_door).
  1847 | D:6      | 1847 ||| ZAPPING wand of flame (15) at 1,0 (orc warrior;
                  | open_door).
  1847 | D:6      | 1847 ||| ZAPPING wand of flame (15) at 1,0 (orc warrior;
                  | open_door).
  1847 | D:6      | 1847 ||| ZAPPING wand of flame (15) at 1,0 (orc warrior;
                  | open_door).
  1847 | D:6      | 1847 ||| ZAPPING wand of flame (15) at 1,0 (orc warrior;
                  | open_door).
  1847 | D:6      | 1847 ||| ZAPPING wand of flame (15) at 1,0 (orc warrior;
                  | open_door).
  1847 | D:6      | 1847 ||| ZAPPING wand of flame (15) at 1,0 (orc warrior;
                  | open_door).
  1847 | D:6      | 1847 ||| ZAPPING wand of flame (15) at 1,0 (orc warrior;
                  | open_door).
  1847 | D:6      | 1847 ||| ZAPPING wand of flame (15) at 1,0 (orc warrior;
                  | open_door).
  1847 | D:6      | 1847 ||| ZAPPING wand of flame (15) at 1,0 (orc warrior;
                  | open_door).
  1847 | D:6      | 1847 ||| ZAPPING wand of flame (15) at 1,0 (orc warrior;
                  | open_door).
  1847 | D:6      | 1847 ||| ZAPPING wand of flame (15) at 1,0 (orc warrior;
                  | open_door).
  1847 | D:6      | 1847 ||| ZAPPING wand of flame (15) at 1,0 (orc warrior;
                  | open_door).
  1847 | D:6      | 1847 ||| ZAPPING wand of flame (15) at 1,0 (orc warrior;
                  | open_door).
  1847 | D:6      | 1847 ||| ZAPPING wand of flame (15) at 1,0 (orc warrior;
                  | open_door).
  1847 | D:6      | 1847 ||| ZAPPING wand of flame (15) at 1,0 (orc warrior;
                  | open_door).
  1847 | D:6      | 1847 ||| ZAPPING wand of flame (15) at 1,0 (orc warrior;
                  | open_door).
  1847 | D:6      | 1847 ||| ZAPPING wand of flame (15) at 1,0 (orc warrior;
                  | open_door).
  1847 | D:6      | 1847 ||| ZAPPING wand of flame (15) at 1,0 (orc warrior;
                  | open_door).
  1847 | D:6      | 1847 ||| ZAPPING wand of flame (15) at 1,0 (orc warrior;
                  | open_door).
  1847 | D:6      | 1847 ||| ZAPPING wand of flame (15) at 1,0 (orc warrior;
                  | open_door).
  1847 | D:6      | 1847 ||| ZAPPING wand of flame (15) at 1,0 (orc warrior;
                  | open_door).
  1847 | D:6      | 1847 ||| ZAPPING wand of flame (15) at 1,0 (orc warrior;
                  | open_door).
  1847 | D:6      | 1847 ||| ZAPPING wand of flame (15) at 1,0 (orc warrior;
                  | open_door).
  1847 | D:6      | 1847 ||| ZAPPING wand of flame (15) at 1,0 (orc warrior;
                  | open_door).
  1847 | D:6      | 1847 ||| ZAPPING wand of flame (15) at 1,0 (orc warrior;
                  | open_door).
  1847 | D:6      | 1847 ||| ZAPPING wand of flame (15) at 1,0 (orc warrior;
                  | open_door).
  1847 | D:6      | 1847 ||| ZAPPING wand of flame (15) at 1,0 (orc warrior;
                  | open_door).
  1847 | D:6      | 1847 ||| ZAPPING wand of flame (15) at 1,0 (orc warrior;
                  | open_door).
  1847 | D:6      | 1847 ||| ZAPPING wand of flame (15) at 1,0 (orc warrior;
                  | open_door).
  1847 | D:6      | 1847 ||| ZAPPING wand of flame (15) at 1,0 (orc warrior;
                  | open_door).
  1847 | D:6      | 1847 ||| ZAPPING wand of flame (15) at 1,0 (orc warrior;
                  | open_door).
  1847 | D:6      | 1847 ||| ZAPPING wand of flame (15) at 1,0 (orc warrior;
                  | open_door).
  1847 | D:6      | 1847 ||| ZAPPING wand of flame (15) at 1,0 (orc warrior;
                  | open_door).
  1847 | D:6      | 1847 ||| ZAPPING wand of flame (15) at 1,0 (orc warrior;
                  | open_door).
  1847 | D:6      | 1847 ||| ZAPPING wand of flame (15) at 1,0 (orc warrior;
                  | open_door).
  1847 | D:6      | 1847 ||| ZAPPING wand of flame (15) at 1,0 (orc warrior;
                  | open_door).
  1847 | D:6      | 1847 ||| ZAPPING wand of flame (15) at 1,0 (orc warrior;
                  | open_door).
  1847 | D:6      | 1847 ||| ZAPPING wand of flame (15) at 1,0 (orc warrior;
                  | open_door).
  1847 | D:6      | 1847 ||| ZAPPING wand of flame (15) at 1,0 (orc warrior;
                  | open_door).
  1847 | D:6      | 1847 ||| ZAPPING wand of flame (15) at 1,0 (orc warrior;
                  | open_door).
  1847 | D:6      | 1847 ||| ZAPPING wand of flame (15) at 1,0 (orc warrior;
                  | open_door).
  1847 | D:6      | 1847 ||| ZAPPING wand of flame (15) at 1,0 (orc warrior;
                  | open_door).
  1847 | D:6      | 1847 ||| ZAPPING wand of flame (15) at 1,0 (orc warrior;
                  | open_door).
  1847 | D:6      | 1847 ||| ZAPPING wand of flame (15) at 1,0 (orc warrior;
                  | open_door).
  1847 | D:6      | 1847 ||| ZAPPING wand of flame (15) at 1,0 (orc warrior;
                  | open_door).
  1847 | D:6      | 1847 ||| ZAPPING wand of flame (15) at 1,0 (orc warrior;
                  | open_door).
  1847 | D:6      | 1847 ||| ZAPPING wand of flame (15) at 1,0 (orc warrior;
                  | open_door).
  1847 | D:6      | 1847 ||| ZAPPING wand of flame (15) at 1,0 (orc warrior;
                  | open_door).
  1847 | D:6      | 1847 ||| ZAPPING wand of flame (15) at 1,0 (orc warrior;
                  | open_door).
  1847 | D:6      | 1847 ||| ZAPPING wand of flame (15) at 1,0 (orc warrior;
                  | open_door).
  1847 | D:6      | 1847 ||| ZAPPING wand of flame (15) at 1,0 (orc warrior;
                  | open_door).
  1847 | D:6      | 1847 ||| ZAPPING wand of flame (15) at 1,0 (orc warrior;
                  | open_door).
  1847 | D:6      | 1847 ||| ZAPPING wand of flame (15) at 1,0 (orc warrior;
                  | open_door).
  1847 | D:6      | 1847 ||| ZAPPING wand of flame (15) at 1,0 (orc warrior;
                  | open_door).
  1847 | D:6      | 1847 ||| ZAPPING wand of flame (15) at 1,0 (orc warrior;
                  | open_door).
  1847 | D:6      | 1847 ||| ZAPPING wand of flame (15) at 1,0 (orc warrior;
                  | open_door).
  1847 | D:6      | 1847 ||| ZAPPING wand of flame (15) at 1,0 (orc warrior;
                  | open_door).
  1847 | D:6      | 1847 ||| ZAPPING wand of flame (15) at 1,0 (orc warrior;
                  | open_door).
  1847 | D:6      | 1847 ||| ZAPPING wand of flame (15) at 1,0 (orc warrior;
                  | open_door).
  1847 | D:6      | 1847 ||| ZAPPING wand of flame (15) at 1,0 (orc warrior;
                  | open_door).
  1847 | D:6      | 1847 ||| ZAPPING wand of flame (15) at 1,0 (orc warrior;
                  | open_door).
  1847 | D:6      | 1847 ||| ZAPPING wand of flame (15) at 1,0 (orc warrior;
                  | open_door).
  1847 | D:6      | 1847 ||| ZAPPING wand of flame (15) at 1,0 (orc warrior;
                  | open_door).
  1847 | D:6      | 1847 ||| ZAPPING wand of flame (15) at 1,0 (orc warrior;
                  | open_door).
  1847 | D:6      | 1847 ||| ZAPPING wand of flame (15) at 1,0 (orc warrior;
                  | open_door).
  1847 | D:6      | 1847 ||| ZAPPING wand of flame (15) at 1,0 (orc warrior;
                  | open_door).
  1847 | D:6      | 1847 ||| ZAPPING wand of flame (15) at 1,0 (orc warrior;
                  | open_door).
  1847 | D:6      | 1847 ||| ZAPPING wand of flame (15) at 1,0 (orc warrior;
                  | open_door).
  1847 | D:6      | 1847 ||| ZAPPING wand of flame (15) at 1,0 (orc warrior;
                  | open_door).
  1847 | D:6      | 1847 ||| ZAPPING wand of flame (15) at 1,0 (orc warrior;
                  | open_door).
  1847 | D:6      | 1847 ||| ZAPPING wand of flame (15) at 1,0 (orc warrior;
                  | open_door).
  1847 | D:6      | 1847 ||| ZAPPING wand of flame (15) at 1,0 (orc warrior;
                  | open_door).
  1847 | D:6      | 1847 ||| ZAPPING wand of flame (15) at 1,0 (orc warrior;
                  | open_door).
  1847 | D:6      | 1847 ||| ZAPPING wand of flame (15) at 1,0 (orc warrior;
                  | open_door).
  1847 | D:6      | 1847 ||| ZAPPING wand of flame (15) at 1,0 (orc warrior;
                  | open_door).
  1847 | D:6      | 1847 ||| ZAPPING wand of flame (15) at 1,0 (orc warrior;
                  | open_door).
  1847 | D:6      | 1847 ||| ZAPPING wand of flame (15) at 1,0 (orc warrior;
                  | open_door).
  1847 | D:6      | 1847 ||| ZAPPING wand of flame (15) at 1,0 (orc warrior;
                  | open_door).
  1847 | D:6      | 1847 ||| ZAPPING wand of flame (15) at 1,0 (orc warrior;
                  | open_door).
  1847 | D:6      | 1847 ||| ZAPPING wand of flame (15) at 1,0 (orc warrior;
                  | open_door).
  1847 | D:6      | 1847 ||| ZAPPING wand of flame (15) at 1,0 (orc warrior;
                  | open_door).
  1847 | D:6      | 1847 ||| ZAPPING wand of flame (15) at 1,0 (orc warrior;
                  | open_door).
  1847 | D:6      | 1847 ||| ZAPPING wand of flame (15) at 1,0 (orc warrior;
                  | open_door).
  1847 | D:6      | 1847 ||| ZAPPING wand of flame (15) at 1,0 (orc warrior;
                  | open_door).
  1847 | D:6      | 1847 ||| ZAPPING wand of flame (15) at 1,0 (orc warrior;
                  | open_door).
  1847 | D:6      | 1847 ||| ZAPPING wand of flame (15) at 1,0 (orc warrior;
                  | open_door).
  1847 | D:6      | 1847 ||| ZAPPING wand of flame (15) at 1,0 (orc warrior;
                  | open_door).
  1847 | D:6      | 1847 ||| ZAPPING wand of flame (15) at 1,0 (orc warrior;
                  | open_door).
  1847 | D:6      | 1847 ||| ZAPPING wand of flame (15) at 1,0 (orc warrior;
                  | open_door).
  1847 | D:6      | 1847 ||| ZAPPING wand of flame (15) at 1,0 (orc warrior;
                  | open_door).
  1847 | D:6      | 1847 ||| ZAPPING wand of flame (15) at 1,0 (orc warrior;
                  | open_door).
  1847 | D:6      | 1847 ||| ZAPPING wand of flame (15) at 1,0 (orc warrior;
                  | open_door).
  1847 | D:6      | 1847 ||| ZAPPING wand of flame (15) at 1,0 (orc warrior;
                  | open_door).
  1847 | D:6      | 1847 ||| ZAPPING wand of flame (15) at 1,0 (orc warrior;
                  | open_door).
  1847 | D:6      | 1847 ||| ZAPPING wand of flame (15) at 1,0 (orc warrior;
                  | open_door).
  1847 | D:6      | 1847 ||| ZAPPING wand of flame (15) at 1,0 (orc warrior;
                  | open_door).
  1847 | D:6      | 1847 ||| ZAPPING wand of flame (15) at 1,0 (orc warrior;
                  | open_door).
  1847 | D:6      | 1847 ||| ZAPPING wand of flame (15) at 1,0 (orc warrior;
                  | open_door).
  1847 | D:6      | 1847 ||| ZAPPING wand of flame (15) at 1,0 (orc warrior;
                  | open_door).
  1847 | D:6      | 1847 ||| ZAPPING wand of flame (15) at 1,0 (orc warrior;
                  | open_door).
  1847 | D:6      | 1847 ||| ZAPPING wand of flame (15) at 1,0 (orc warrior;
                  | open_door).
  1847 | D:6      | 1847 ||| ZAPPING wand of flame (15) at 1,0 (orc warrior;
                  | open_door).
  1847 | D:6      | 1847 ||| ZAPPING wand of flame (15) at 1,0 (orc warrior;
                  | open_door).
  1847 | D:6      | 1847 ||| ZAPPING wand of flame (15) at 1,0 (orc warrior;
                  | open_door).
  1847 | D:6      | 1847 ||| ZAPPING wand of flame (15) at 1,0 (orc warrior;
                  | open_door).
  1847 | D:6      | 1847 ||| ZAPPING wand of flame (15) at 1,0 (orc warrior;
                  | open_door).
  1847 | D:6      | 1847 ||| ZAPPING wand of flame (15) at 1,0 (orc warrior;
                  | open_door).
  1847 | D:6      | 1847 ||| ZAPPING wand of flame (15) at 1,0 (orc warrior;
                  | open_door).
  1847 | D:6      | 1847 ||| ZAPPING wand of flame (15) at 1,0 (orc warrior;
                  | open_door).
  1847 | D:6      | 1847 ||| ZAPPING wand of flame (15) at 1,0 (orc warrior;
                  | open_door).
  1847 | D:6      | 1847 ||| ZAPPING wand of flame (15) at 1,0 (orc warrior;
                  | open_door).
  1847 | D:6      | 1847 ||| ZAPPING wand of flame (15) at 1,0 (orc warrior;
                  | open_door).
  1847 | D:6      | 1847 ||| ZAPPING wand of flame (15) at 1,0 (orc warrior;
                  | open_door).
  1847 | D:6      | 1847 ||| ZAPPING wand of flame (15) at 1,0 (orc warrior;
                  | open_door).
  1847 | D:6      | 1847 ||| ZAPPING wand of flame (15) at 1,0 (orc warrior;
                  | open_door).
  1847 | D:6      | 1847 ||| ZAPPING wand of flame (15) at 1,0 (orc warrior;
                  | open_door).
  1847 | D:6      | 1847 ||| ZAPPING wand of flame (15) at 1,0 (orc warrior;
                  | open_door).
  1847 | D:6      | 1847 ||| ZAPPING wand of flame (15) at 1,0 (orc warrior;
                  | open_door).
  1847 | D:6      | 1847 ||| ZAPPING wand of flame (15) at 1,0 (orc warrior;
                  | open_door).
  1847 | D:6      | 1847 ||| ZAPPING wand of flame (15) at 1,0 (orc warrior;
                  | open_door).
  1847 | D:6      | 1847 ||| ZAPPING wand of flame (15) at 1,0 (orc warrior;
                  | open_door).
  1847 | D:6      | 1847 ||| ZAPPING wand of flame (15) at 1,0 (orc warrior;
                  | open_door).
  1847 | D:6      | 1847 ||| ZAPPING wand of flame (15) at 1,0 (orc warrior;
                  | open_door).
  1847 | D:6      | 1847 ||| ZAPPING wand of flame (15) at 1,0 (orc warrior;
                  | open_door).
  1847 | D:6      | 1847 ||| ZAPPING wand of flame (15) at 1,0 (orc warrior;
                  | open_door).
  1847 | D:6      | 1847 ||| ZAPPING wand of flame (15) at 1,0 (orc warrior;
                  | open_door).
  1847 | D:6      | 1847 ||| ZAPPING wand of flame (15) at 1,0 (orc warrior;
                  | open_door).
  1847 | D:6      | 1847 ||| ZAPPING wand of flame (15) at 1,0 (orc warrior;
                  | open_door).
  1847 | D:6      | 1847 ||| ZAPPING wand of flame (15) at 1,0 (orc warrior;
                  | open_door).
  1847 | D:6      | 1847 ||| ZAPPING wand of flame (15) at 1,0 (orc warrior;
                  | open_door).
  1847 | D:6      | 1847 ||| ZAPPING wand of flame (15) at 1,0 (orc warrior;
                  | open_door).
  1847 | D:6      | 1847 ||| ZAPPING wand of flame (15) at 1,0 (orc warrior;
                  | open_door).
  1847 | D:6      | 1847 ||| ZAPPING wand of flame (15) at 1,0 (orc warrior;
                  | open_door).
  1847 | D:6      | 1847 ||| ZAPPING wand of flame (15) at 1,0 (orc warrior;
                  | open_door).
  1847 | D:6      | 1847 ||| ZAPPING wand of flame (15) at 1,0 (orc warrior;
                  | open_door).
  1847 | D:6      | 1847 ||| ZAPPING wand of flame (15) at 1,0 (orc warrior;
                  | open_door).
  1847 | D:6      | 1847 ||| ZAPPING wand of flame (15) at 1,0 (orc warrior;
                  | open_door).
  1847 | D:6      | 1847 ||| ZAPPING wand of flame (15) at 1,0 (orc warrior;
                  | open_door).
  1847 | D:6      | 1847 ||| ZAPPING wand of flame (15) at 1,0 (orc warrior;
                  | open_door).
  1847 | D:6      | 1847 ||| ZAPPING wand of flame (15) at 1,0 (orc warrior;
                  | open_door).
  1847 | D:6      | 1847 ||| ZAPPING wand of flame (15) at 1,0 (orc warrior;
                  | open_door).
  1847 | D:6      | 1847 ||| ZAPPING wand of flame (15) at 1,0 (orc warrior;
                  | open_door).
  1847 | D:6      | 1847 ||| ZAPPING wand of flame (15) at 1,0 (orc warrior;
                  | open_door).
  1847 | D:6      | 1847 ||| ZAPPING wand of flame (15) at 1,0 (orc warrior;
                  | open_door).
  1847 | D:6      | 1847 ||| ZAPPING wand of flame (15) at 1,0 (orc warrior;
                  | open_door).
  1847 | D:6      | 1847 ||| ZAPPING wand of flame (15) at 1,0 (orc warrior;
                  | open_door).
  1847 | D:6      | 1847 ||| ZAPPING wand of flame (15) at 1,0 (orc warrior;
                  | open_door).
  1847 | D:6      | 1847 ||| ZAPPING wand of flame (15) at 1,0 (orc warrior;
                  | open_door).
  1847 | D:6      | 1847 ||| ZAPPING wand of flame (15) at 1,0 (orc warrior;
                  | open_door).
  1847 | D:6      | 1847 ||| ZAPPING wand of flame (15) at 1,0 (orc warrior;
                  | open_door).
  1847 | D:6      | 1847 ||| ZAPPING wand of flame (15) at 1,0 (orc warrior;
                  | open_door).
  1847 | D:6      | 1847 ||| ZAPPING wand of flame (15) at 1,0 (orc warrior;
                  | open_door).
  1847 | D:6      | 1847 ||| ZAPPING wand of flame (15) at 1,0 (orc warrior;
                  | open_door).
  1847 | D:6      | 1847 ||| ZAPPING wand of flame (15) at 1,0 (orc warrior;
                  | open_door).
  1847 | D:6      | 1847 ||| ZAPPING wand of flame (15) at 1,0 (orc warrior;
                  | open_door).
  1847 | D:6      | 1847 ||| ZAPPING wand of flame (15) at 1,0 (orc warrior;
                  | open_door).
  1847 | D:6      | 1847 ||| ZAPPING wand of flame (15) at 1,0 (orc warrior;
                  | open_door).
  1847 | D:6      | 1847 ||| ZAPPING wand of flame (15) at 1,0 (orc warrior;
                  | open_door).
  1847 | D:6      | 1847 ||| ZAPPING wand of flame (15) at 1,0 (orc warrior;
                  | open_door).
  1847 | D:6      | 1847 ||| ZAPPING wand of flame (15) at 1,0 (orc warrior;
                  | open_door).
  1847 | D:6      | 1847 ||| ZAPPING wand of flame (15) at 1,0 (orc warrior;
                  | open_door).
  1847 | D:6      | 1847 ||| ZAPPING wand of flame (15) at 1,0 (orc warrior;
                  | open_door).
  1847 | D:6      | 1847 ||| ZAPPING wand of flame (15) at 1,0 (orc warrior;
                  | open_door).
  1847 | D:6      | 1847 ||| ZAPPING wand of flame (15) at 1,0 (orc warrior;
                  | open_door).
  1847 | D:6      | 1847 ||| ZAPPING wand of flame (15) at 1,0 (orc warrior;
                  | open_door).
  1847 | D:6      | 1847 ||| ZAPPING wand of flame (15) at 1,0 (orc warrior;
                  | open_door).
  1847 | D:6      | 1847 ||| ZAPPING wand of flame (15) at 1,0 (orc warrior;
                  | open_door).
  1847 | D:6      | 1847 ||| ZAPPING wand of flame (15) at 1,0 (orc warrior;
                  | open_door).
  1847 | D:6      | 1847 ||| ZAPPING wand of flame (15) at 1,0 (orc warrior;
                  | open_door).
  1847 | D:6      | 1847 ||| ZAPPING wand of flame (15) at 1,0 (orc warrior;
                  | open_door).
  1847 | D:6      | 1847 ||| ZAPPING wand of flame (15) at 1,0 (orc warrior;
                  | open_door).
  1847 | D:6      | 1847 ||| ZAPPING wand of flame (15) at 1,0 (orc warrior;
                  | open_door).
  1847 | D:6      | 1847 ||| ZAPPING wand of flame (15) at 1,0 (orc warrior;
                  | open_door).
  1847 | D:6      | 1847 ||| ZAPPING wand of flame (15) at 1,0 (orc warrior;
                  | open_door).
  1847 | D:6      | 1847 ||| ZAPPING wand of flame (15) at 1,0 (orc warrior;
                  | open_door).
  1847 | D:6      | 1847 ||| ZAPPING wand of flame (15) at 1,0 (orc warrior;
                  | open_door).
  1847 | D:6      | 1847 ||| ZAPPING wand of flame (15) at 1,0 (orc warrior;
                  | open_door).
  1847 | D:6      | 1847 ||| ZAPPING wand of flame (15) at 1,0 (orc warrior;
                  | open_door).
  1847 | D:6      | 1847 ||| ZAPPING wand of flame (15) at 1,0 (orc warrior;
                  | open_door).
  1847 | D:6      | 1847 ||| ZAPPING wand of flame (15) at 1,0 (orc warrior;
                  | open_door).
  1847 | D:6      | 1847 ||| ZAPPING wand of flame (15) at 1,0 (orc warrior;
                  | open_door).
  1847 | D:6      | 1847 ||| ZAPPING wand of flame (15) at 1,0 (orc warrior;
                  | open_door).
  1847 | D:6      | 1847 ||| ZAPPING wand of flame (15) at 1,0 (orc warrior;
                  | open_door).
  1847 | D:6      | 1847 ||| ZAPPING wand of flame (15) at 1,0 (orc warrior;
                  | open_door).
  1847 | D:6      | 1847 ||| ZAPPING wand of flame (15) at 1,0 (orc warrior;
                  | open_door).
  1847 | D:6      | 1847 ||| ZAPPING wand of flame (15) at 1,0 (orc warrior;
                  | open_door).
  1847 | D:6      | 1847 ||| ZAPPING wand of flame (15) at 1,0 (orc warrior;
                  | open_door).
  1847 | D:6      | 1847 ||| ZAPPING wand of flame (15) at 1,0 (orc warrior;
                  | open_door).
  1847 | D:6      | 1847 ||| ZAPPING wand of flame (15) at 1,0 (orc warrior;
                  | open_door).
  1847 | D:6      | 1847 ||| ZAPPING wand of flame (15) at 1,0 (orc warrior;
                  | open_door).
  1847 | D:6      | 1847 ||| ZAPPING wand of flame (15) at 1,0 (orc warrior;
                  | open_door).
  1847 | D:6      | 1847 ||| ZAPPING wand of flame (15) at 1,0 (orc warrior;
                  | open_door).
  1847 | D:6      | 1847 ||| ZAPPING wand of flame (15) at 1,0 (orc warrior;
                  | open_door).
  1847 | D:6      | 1847 ||| ZAPPING wand of flame (15) at 1,0 (orc warrior;
                  | open_door).
  1847 | D:6      | 1847 ||| ZAPPING wand of flame (15) at 1,0 (orc warrior;
                  | open_door).
  1847 | D:6      | 1847 ||| ZAPPING wand of flame (15) at 1,0 (orc warrior;
                  | open_door).
  1847 | D:6      | 1847 ||| ZAPPING wand of flame (15) at 1,0 (orc warrior;
                  | open_door).
  1847 | D:6      | 1847 ||| ZAPPING wand of flame (15) at 1,0 (orc warrior;
                  | open_door).
  1847 | D:6      | 1847 ||| ZAPPING wand of flame (15) at 1,0 (orc warrior;
                  | open_door).
  1847 | D:6      | 1847 ||| ZAPPING wand of flame (15) at 1,0 (orc warrior;
                  | open_door).
  1847 | D:6      | 1847 ||| ZAPPING wand of flame (15) at 1,0 (orc warrior;
                  | open_door).
  1847 | D:6      | 1847 ||| ZAPPING wand of flame (15) at 1,0 (orc warrior;
                  | open_door).
  1847 | D:6      | 1847 ||| ZAPPING wand of flame (15) at 1,0 (orc warrior;
                  | open_door).
  1847 | D:6      | 1847 ||| ZAPPING wand of flame (15) at 1,0 (orc warrior;
                  | open_door).
  1847 | D:6      | 1847 ||| ZAPPING wand of flame (15) at 1,0 (orc warrior;
                  | open_door).
  1847 | D:6      | 1847 ||| ZAPPING wand of flame (15) at 1,0 (orc warrior;
                  | open_door).
  1847 | D:6      | 1847 ||| ZAPPING wand of flame (15) at 1,0 (orc warrior;
                  | open_door).
  1847 | D:6      | 1847 ||| ZAPPING wand of flame (15) at 1,0 (orc warrior;
                  | open_door).
  1847 | D:6      | 1847 ||| ZAPPING wand of flame (15) at 1,0 (orc warrior;
                  | open_door).
  1847 | D:6      | 1847 ||| ZAPPING wand of flame (15) at 1,0 (orc warrior;
                  | open_door).
  1847 | D:6      | 1847 ||| ZAPPING wand of flame (15) at 1,0 (orc warrior;
                  | open_door).
  1847 | D:6      | 1847 ||| ZAPPING wand of flame (15) at 1,0 (orc warrior;
                  | open_door).
  1847 | D:6      | 1847 ||| ZAPPING wand of flame (15) at 1,0 (orc warrior;
                  | open_door).
  1847 | D:6      | 1847 ||| ZAPPING wand of flame (15) at 1,0 (orc warrior;
                  | open_door).
  1847 | D:6      | 1847 ||| ZAPPING wand of flame (15) at 1,0 (orc warrior;
                  | open_door).
  1847 | D:6      | 1847 ||| ZAPPING wand of flame (15) at 1,0 (orc warrior;
                  | open_door).
  1847 | D:6      | 1847 ||| ZAPPING wand of flame (15) at 1,0 (orc warrior;
                  | open_door).
  1847 | D:6      | 1847 ||| ZAPPING wand of flame (15) at 1,0 (orc warrior;
                  | open_door).
  1847 | D:6      | 1847 ||| ZAPPING wand of flame (15) at 1,0 (orc warrior;
                  | open_door).
  1847 | D:6      | 1847 ||| ZAPPING wand of flame (15) at 1,0 (orc warrior;
                  | open_door).
  1847 | D:6      | 1847 ||| ZAPPING wand of flame (15) at 1,0 (orc warrior;
                  | open_door).
  1847 | D:6      | 1847 ||| ZAPPING wand of flame (15) at 1,0 (orc warrior;
                  | open_door).
  1847 | D:6      | 1847 ||| ZAPPING wand of flame (15) at 1,0 (orc warrior;
                  | open_door).
  1847 | D:6      | 1847 ||| ZAPPING wand of flame (15) at 1,0 (orc warrior;
                  | open_door).
  1847 | D:6      | 1847 ||| ZAPPING wand of flame (15) at 1,0 (orc warrior;
                  | open_door).
  1847 | D:6      | 1847 ||| ZAPPING wand of flame (15) at 1,0 (orc warrior;
                  | open_door).
  1847 | D:6      | 1847 ||| ZAPPING wand of flame (15) at 1,0 (orc warrior;
                  | open_door).
  1847 | D:6      | 1847 ||| ZAPPING wand of flame (15) at 1,0 (orc warrior;
                  | open_door).
  1847 | D:6      | 1847 ||| ZAPPING wand of flame (15) at 1,0 (orc warrior;
                  | open_door).
  1847 | D:6      | 1847 ||| ZAPPING wand of flame (15) at 1,0 (orc warrior;
                  | open_door).
  1847 | D:6      | 1847 ||| ZAPPING wand of flame (15) at 1,0 (orc warrior;
                  | open_door).
  1847 | D:6      | 1847 ||| ZAPPING wand of flame (15) at 1,0 (orc warrior;
                  | open_door).
  1847 | D:6      | 1847 ||| ZAPPING wand of flame (15) at 1,0 (orc warrior;
                  | open_door).
  1847 | D:6      | 1847 ||| ZAPPING wand of flame (15) at 1,0 (orc warrior;
                  | open_door).
  1847 | D:6      | 1847 ||| ZAPPING wand of flame (15) at 1,0 (orc warrior;
                  | open_door).
  1847 | D:6      | 1847 ||| ZAPPING wand of flame (15) at 1,0 (orc warrior;
                  | open_door).
  1847 | D:6      | 1847 ||| ZAPPING wand of flame (15) at 1,0 (orc warrior;
                  | open_door).
  1847 | D:6      | 1847 ||| ZAPPING wand of flame (15) at 1,0 (orc warrior;
                  | open_door).
  1847 | D:6      | 1847 ||| ZAPPING wand of flame (15) at 1,0 (orc warrior;
                  | open_door).
  1847 | D:6      | 1847 ||| ZAPPING wand of flame (15) at 1,0 (orc warrior;
                  | open_door).
  1847 | D:6      | 1847 ||| ZAPPING wand of flame (15) at 1,0 (orc warrior;
                  | open_door).
  1847 | D:6      | 1847 ||| ZAPPING wand of flame (15) at 1,0 (orc warrior;
                  | open_door).
  1847 | D:6      | 1847 ||| ZAPPING wand of flame (15) at 1,0 (orc warrior;
                  | open_door).
  1847 | D:6      | 1847 ||| ZAPPING wand of flame (15) at 1,0 (orc warrior;
                  | open_door).
  1847 | D:6      | 1847 ||| ZAPPING wand of flame (15) at 1,0 (orc warrior;
                  | open_door).
  1847 | D:6      | 1847 ||| ZAPPING wand of flame (15) at 1,0 (orc warrior;
                  | open_door).
  1847 | D:6      | 1847 ||| ZAPPING wand of flame (15) at 1,0 (orc warrior;
                  | open_door).
  1847 | D:6      | 1847 ||| ZAPPING wand of flame (15) at 1,0 (orc warrior;
                  | open_door).
  1847 | D:6      | 1847 ||| ZAPPING wand of flame (15) at 1,0 (orc warrior;
                  | open_door).
  1847 | D:6      | 1847 ||| ZAPPING wand of flame (15) at 1,0 (orc warrior;
                  | open_door).
  1847 | D:6      | 1847 ||| ZAPPING wand of flame (15) at 1,0 (orc warrior;
                  | open_door).
  1847 | D:6      | 1847 ||| ZAPPING wand of flame (15) at 1,0 (orc warrior;
                  | open_door).
  1847 | D:6      | 1847 ||| ZAPPING wand of flame (15) at 1,0 (orc warrior;
                  | open_door).
  1847 | D:6      | 1847 ||| ZAPPING wand of flame (15) at 1,0 (orc warrior;
                  | open_door).
  1847 | D:6      | 1847 ||| ZAPPING wand of flame (15) at 1,0 (orc warrior;
                  | open_door).
  1847 | D:6      | 1847 ||| ZAPPING wand of flame (15) at 1,0 (orc warrior;
                  | open_door).
  1847 | D:6      | 1847 ||| ZAPPING wand of flame (15) at 1,0 (orc warrior;
                  | open_door).
  1847 | D:6      | 1847 ||| ZAPPING wand of flame (15) at 1,0 (orc warrior;
                  | open_door).
  1847 | D:6      | 1847 ||| ZAPPING wand of flame (15) at 1,0 (orc warrior;
                  | open_door).
  1847 | D:6      | 1847 ||| ZAPPING wand of flame (15) at 1,0 (orc warrior;
                  | open_door).
  1847 | D:6      | 1847 ||| ZAPPING wand of flame (15) at 1,0 (orc warrior;
                  | open_door).
  1847 | D:6      | 1847 ||| ZAPPING wand of flame (15) at 1,0 (orc warrior;
                  | open_door).
  1847 | D:6      | 1847 ||| ZAPPING wand of flame (15) at 1,0 (orc warrior;
                  | open_door).
  1847 | D:6      | 1847 ||| ZAPPING wand of flame (15) at 1,0 (orc warrior;
                  | open_door).
  1847 | D:6      | 1847 ||| ZAPPING wand of flame (15) at 1,0 (orc warrior;
                  | open_door).
  1847 | D:6      | 1847 ||| ZAPPING wand of flame (15) at 1,0 (orc warrior;
                  | open_door).
  1847 | D:6      | 1847 ||| ZAPPING wand of flame (15) at 1,0 (orc warrior;
                  | open_door).
  1847 | D:6      | 1847 ||| ZAPPING wand of flame (15) at 1,0 (orc warrior;
                  | open_door).
  1847 | D:6      | 1847 ||| ZAPPING wand of flame (15) at 1,0 (orc warrior;
                  | open_door).
  1847 | D:6      | 1847 ||| qw: Version: 0.3-a-155-g5e7d8dd
  1847 | D:6      | 1847 ||| qw: Game counter: 3553
  1847 | D:6      | 1847 ||| qw: Melee chars always use a shield: true
  1847 | D:6      | 1847 ||| qw: God list: Okawaru
  1847 | D:6      | 1847 ||| qw: Allow faded altars: false
  1847 | D:6      | 1847 ||| qw: Do Orc after clearing Dungeon:15 true
  1847 | D:6      | 1847 ||| qw: Do second Lair branch before Depths: true
  1847 | D:6      | 1847 ||| qw: Lair rune preference: random
  1847 | D:6      | 1847 ||| qw: Goals: Normal
  1847 | D:6      | 1847 ||| PLANNING SEWER
  1847 | D:6      | 1847 ||| qw: Version: 0.3-a-157-g843a77d
  1847 | D:6      | 1847 ||| qw: Game counter: 3553
  1847 | D:6      | 1847 ||| qw: Melee chars always use a shield: true
  1847 | D:6      | 1847 ||| qw: God list: Okawaru
  1847 | D:6      | 1847 ||| qw: Allow faded altars: false
  1847 | D:6      | 1847 ||| qw: Do Orc after clearing Dungeon:15 true
  1847 | D:6      | 1847 ||| qw: Do second Lair branch before Depths: true
  1847 | D:6      | 1847 ||| qw: Lair rune preference: random
  1847 | D:6      | 1847 ||| qw: Goals: Normal
  1847 | D:6      | 1847 ||| PLANNING SEWER
  1847 | D:6      | 1847 ||| ZAPPING wand of flame (15) at 1,0 (orc warrior;
                  | open_door).
  1848 | D:6      | 1848 ||| ZAPPING wand of flame (14) at 0,1 (orc warrior;
                  | floor).
  1849 | D:6      | 1849 ||| RETREEEEATING.
  1850 | D:6      | 1850 ||| ZAPPING wand of flame (13) at 1,1 (orc warrior;
                  | open_door).
  1851 | D:6      | 1851 ||| ZAPPING wand of flame (12) at 1,1 (orc warrior;
                  | open_door).
  1852 | D:6      | 1852 ||| ZAPPING wand of flame (11) at 0,1 (orc warrior;
                  | floor).
  1853 | D:6      | 1853 ||| ZAPPING wand of flame (10) at 0,1 (orc warrior;
                  | floor).
  1854 | D:6      | 1854 ||| ZAPPING wand of flame (9) at 0,1 (orc warrior;
                  | floor).
  1855 | D:6      | 1855 ||| ZAPPING wand of flame (8) at 0,1 (orc warrior;
                  | floor).
  1855 | D:6      | Slain by an orc warrior

Levels and vault maps discovered:
D:1:      grunt_arrival_lava_bath, layout_loops_ring
D:2:      layout_loops_ring
D:3:      layout_loops_corners, lightli_sewer_entry_pipes
D:6:      layout_basic, mainiacjoe_overflow_24_doors,
          mainiacjoe_overflow_brackets, interstate_on_off,
          minmay_manual_monstrance

Skill      XL: |  1  2  3  4 |
---------------+-------------+-----
Ranged Weapons | 6 7 8 |  8.1
Fighting       | |  1.5
Dodging        | |  2.4
Stealth        | |  1.2

Action                     |  1- 3 |  4- 6 || total
---------------------------+-------+-------++-------
   Fire: Shortbow          |   142 |    24 ||   166
  Evoke: Wand              |       |     9 ||     9
    Use: Scroll            |     6 |       ||     6
         Potion            |     4 |       ||     4
 Armour: Leather armour    |    18 |    18 ||    36
  Dodge: Dodged            |    30 |    10 ||    40

Table legend:
 A = Non-vault XP
 B = Vault XP
 C = Vault XP percentage of total XP
 D = Non-vault monster count
 E = Vault monster count
 F = Vault count percentage of total count
                 A         B        C        D         E       F
            +---------+---------+-------+---------+---------+-------
      Total |     148 |      13 |   8.1 |      56 |       1 |   1.8
            +---------+---------+-------+---------+---------+-------
        D:1 |      45 |       0 |   0.0 |      27 |       0 |   0.0
        D:2 |      48 |       0 |   0.0 |      24 |       0 |   0.0
        D:3 |      42 |      13 |  23.6 |       4 |       1 |  20.0
        D:6 |      13 |       0 |   0.0 |       1 |       0 |   0.0
            +---------+---------+-------+---------+---------+-------
